Workbook

Sheet Содержание
A2: Содержание
A3: Кабели | C3: Адаптер | E3: Портативные аккумуляторы
A4: Многозарядные кабели | C4: Серия FH (док-станция расширения USB-HUB) | E4: Серия BJ (настоящий стандарт)
A5: Силиконовые кабели (первые в отрасли) | C5: Серия DH (док-станция расширения USB-HUB)
A6: Серия BU (качество, новаторство, индивидуальность) | C6: Серия BV (аудиоадаптер)
A7: Серия BX (высокая соотношение цены и качества) | C7: Серия BUS
A14: Портативные аккумуляторы (UN) | C14: Зарядное устройство (ЕU) | E14: Беспроводная зарядка и настольная подставка
A15: С сертификатом «Опасный багаж» | C15: EU штекер (сертификация CE и RoHS) | E15: держатель с беспроводной зарядкой (Серия BQ )
A16: Неопасные товары | C16: EU штекер（Частная модельная серия） | E16: настольная подставка (Серия BH)
C17: EU штекер | E17: подставка для прямой трансляции (BH/BY series)
A23: Автомобильный держатель | C23: Автомобильные аксессуары | E23: наушники
A24: апвтомобильный держатель с беспроводной зарядкой | C24: Автомобильные аксессуары | E24: Серия BC(Гарнитура BT для одного уха)
A25: Автомобильный держатель | C25: Автомобильное зарядное устройство | E25: Серия BE(Спортивная гарнитура BT)
E26: Серия BO(игровые наушники)
E27: Серия BO（Наушники）
E28: Проводные наушники для iP (для iP интерфейса)
E29: Проводные наушники для Type-C (интерфейс Type-C)
E30: Проводные наушники на 3,5 мм (интерфейс 3,5 мм)
A33: Гарнитура TWS | C33: BT динамик | E33: Аудио Другое
A34: Серия FQ | C34: Cерия BR (Динамики ) | E34: Микропон
A35: Серия BW | E35: Серия BL (аудиокабели)
E36: Анти-потерянное устройство
E37: Автомобильный BT-ресивер
A42: Офис&Игры | C42: Смарт часы | E42: Серия iPhone 17
A43: Серия BG | C43: Серия BD | E43: Закаленное стекло
A51: Пленка из закаленного стекла | C51: Полноэкранное закаленное стекло-пленка | E51: Elephant series закаленное стекло-пленка на заказ
A52: Серия iP 16 | C52: Закаленное стекло-пленка (для iP） | E52: Закаленное стекло-пленка (для iP, Samsung, Huawei и др.)
A53: Серия iP 15 | E53: Серия BF5
A54: Серия iP 14 | E54: Серия BF4
A55: Серия iP 12 | E55: Серия BF3
A56: Серия iP X/11
A60: магазина/Полки
A61: магазина
A62: Полки

Sheet Кабели
A2: Кабели
A3: Наименование | B3: Фото товара | C3: Упаковка | D3: Артикул / штрихкод | E3: Цвет | F3: цена | G3: Количество к заказу | H3: Сумма заказа, ₽ | I3: Вес G.W.(г) | J3: Вес большой коробки (кг) | K3: Рзмер индивидуальной упаковки (см) | L3: Кол-во в средней коробке (шт) | M3: Размер средней коробки (см) | N3: Кол-во в большой коробке (шт) | O3: Размер большой коробки (см) | P3: VOLUME (cbm) | Q3: Описание | R3: Сыллка на фото | S3: Ссылка на видео
A4: Многозарядные кабели
A5: BX72 3-в-1 зарядный кабель (iP+Type-C+Micro) | D5: 6974443384666 | E5: черный | F5: 97.86 | H5: =IF(ISBLANK(G5),"",IF(ISNUMBER(F5),ROUND(F5*G5,2),"Укажите цену")) | I5: 53 | J5: 21.2 | K5: 20.2*7*2 | L5: отсутствует | M5: нет данных | N5: 360 | O5: 63.9*44.8*46.3 | P5: 0.133 | Q5: 1. Длина: 1м (основной кабель 0.8м + суб - кабель 0.2м), вес: 37г 2. Внешний материал: нейлон 3. Материал коннекторов: алюминиевый сплав 4. Сердечник: основной кабель (34/0.1)*2+ суб - кабель (26/0.1)*2 OD3.2мм 5. Максимальный ток 2A 6. Передача данных не поддерживается. | R5: http://hoco.i234.me:8000/sharing/sNZRr3fRn | S5: -
A6: BX71 3-в-1 зарядный кабель (iP+Micro+Type-C) | D6: 6974443384543 | E6: черный | F6: 89.7 | H6: =IF(ISBLANK(G6),"",IF(ISNUMBER(F6),ROUND(F6*G6,2),"Укажите цену")) | I6: 62 | J6: 24.6 | K6: 20.2*7.1*2 | L6: отсутствует | M6: нет данных | N6: 360 | O6: 63.9*44.8*46.3 | P6: 0.133 | Q6: 1. Длина: 1м (основной кабель 0.8 + суб-кабель 0.2), вес: 42г. 2. Внешний материал: PVC. 3. Материал коннектора: PVC. 4. Сердечник: основной кабель (34/0.1)*2, суб-кабель (26/0.1)*2 OD3.5мм. 5. Ток до 2A. 6. Передача данных не поддерживается. | R6: http://hoco.i234.me:8000/sharing/lvPYWc2jK | S6: -
D7: 6974443384550 | E7: белый | F7: 89.7 | H7: =IF(ISBLANK(G7),"",IF(ISNUMBER(F7),ROUND(F7*G7,2),"Укажите цену"))
A9: Силиконовые кабели
A10: BX123 Leya PD30W силиконовый зарядный дата кабель iP | D10: 6941991124174 | E10: черный | F10: 91.33 | H10: =IF(ISBLANK(G10),"",IF(ISNUMBER(F10),ROUND(F10*G10,2),"Укажите цену")) | I10: 36 | J10: 15.2 | K10: 20.2*7.2*2.1 | L10: отсутствует | M10: нет данных | N10: 360 | O10: 63.9*44.8*46.3 | P10: 0.133 | Q10: 1. Длина: 1 м; вес: 25 г 2. Материал оплетки: силикон 3. Материал коннекторов: Силикон 4. Сердечник: (35/0.1) * 2+(10/0.1) * 3 Диаметр 3,8 мм 5. Поддерживает быструю зарядку Apple PD мощностью 30 Вт | R10: http://gofile.me/649X4/YnLPowi3z | S10: -
D11: 6941991124181 | E11: белый | F11: 91.33 | H11: =IF(ISBLANK(G11),"",IF(ISNUMBER(F11),ROUND(F11*G11,2),"Укажите цену"))
A12: BX123 Leya 60W силиконовый зарядный дата кабель C на C | D12: 6941991124235 | E12: черный | F12: 70.13 | H12: =IF(ISBLANK(G12),"",IF(ISNUMBER(F12),ROUND(F12*G12,2),"Укажите цену")) | I12: 36 | J12: 15.3 | K12: 20.2*7.2*2.1 | L12: отсутствует | M12: нет данных | N12: 360 | O12: 63.9*44.8*46.3 | P12: 0.133 | Q12: 1. Длина: 1 м; вес: 25 г 2. Материал оплетки: силикон 3. Материал коннекторов: Силикон 4. Сердечник: (35/0.1) * 2+(10/0.1) * 3 Диаметр 3,8 мм 5. Поддерживает быструю зарядку мощностью 60Вт для ноутбука и тока 3А для телефонов | R12: http://gofile.me/649X4/GpiR1G2df | S12: -
D13: 6941991124242 | E13: белый | F13: 70.13 | H13: =IF(ISBLANK(G13),"",IF(ISNUMBER(F13),ROUND(F13*G13,2),"Укажите цену"))
A14: BX123 Leya силиконовый зарядный дата кабель iP | D14: 6941991124198 | E14: черный | F14: 52.19 | H14: =IF(ISBLANK(G14),"",IF(ISNUMBER(F14),ROUND(F14*G14,2),"Укажите цену")) | I14: 37 | J14: 15.5 | K14: 20.2*7.2*2.1 | L14: отсутствует | M14: нет данных | N14: 360 | O14: 63.9*44.8*46.3 | P14: 0.133 | Q14: 1. Длина: 1 м; вес: 25 г 2. Материал оплетки: силикон 3. Материал коннекторов: Силикон 4. Сердечник: (43/0.08) * 2+(13/0.08) * 2 OD3.8mm 5. Ток до 2.4A | R14: http://gofile.me/649X4/hHleggMEF | S14: -
D15: 6941991124204 | E15: белый | F15: 52.19 | H15: =IF(ISBLANK(G15),"",IF(ISNUMBER(F15),ROUND(F15*G15,2),"Укажите цену"))
A16: BX123 Leya силиконовый зарядный дата кабель Type-C | D16: 6941991124211 | E16: черный | F16: 48.93 | H16: =IF(ISBLANK(G16),"",IF(ISNUMBER(F16),ROUND(F16*G16,2),"Укажите цену")) | I16: 37 | J16: 15.6 | K16: 20.2*7.2*2.1 | L16: отсутствует | M16: нет данных | N16: 360 | O16: 63.9*44.8*46.3 | P16: 0.133 | Q16: 1. Длина: 1 м; вес: 25 г 2. Материал оплетки: силикон 3. Материал коннекторов: Силикон 4. Сердечник: (43/0.08) * 2+(13/0.08) * 2 OD3.8mm 5. Ток до 3A | R16: http://gofile.me/649X4/3w2Zbpruf | S16: -
D17: 6941991124228 | E17: белый | F17: 48.93 | H17: =IF(ISBLANK(G17),"",IF(ISNUMBER(F17),ROUND(F17*G17,2),"Укажите цену"))
A18: BX115 Lotto PD силиконовый зарядный дата кабель iP | D18: 6941991119613 | E18: белый | F18: 110.9 | H18: =IF(ISBLANK(G18),"",IF(ISNUMBER(F18),ROUND(F18*G18,2),"Укажите цену")) | I18: 42 | J18: 17.3 | K18: 20.2*7.1*2 | L18: отсутствует | M18: нет данных | N18: 360 | O18: 63.9*44.8*46.3 | P18: 0.133 | Q18: 1. Длина: 1m; вес: 25g 2. Внешний материал: двуслойный прозрачный силикон 3. Материал коннекторов: PVC 4. Сердечник: (35/0.1) * 2+(10/0.1) * 3 OD4.2mm 5. Поддержка Apple PD 27W. | R18: http://gofile.me/649X4/mskdmNlba | S18: -
A19: BX115 Lotto 60W силиконовый зарядный дата кабель C на C | D19: 6941991119699 | E19: белый | F19: 88.07 | H19: =IF(ISBLANK(G19),"",IF(ISNUMBER(F19),ROUND(F19*G19,2),"Укажите цену")) | I19: 42 | J19: 17.4 | K19: 20.2*7.1*2 | L19: отсутствует | M19: нет данных | N19: 360 | O19: 63.9*44.8*46.3 | P19: 0.133 | Q19: 1. Длина: 1m; вес: 25g 2. Внешний материал: двуслойный прозрачный силикон 3. Материал коннекторов: PVC 4. Сердечник: (35/0.1) * 2+(10/0.1) * 3 OD4.2mm 5. Поддержка зарядки 60W для ноутбука и тока 3A для телефона | R19: http://gofile.me/649X4/Z1r8DJUvJ | S19: -
A20: BX115 Lotto силиконовый зарядный дата кабель iP | D20: 6941991119637 | E20: белый | F20: 71.76 | H20: =IF(ISBLANK(G20),"",IF(ISNUMBER(F20),ROUND(F20*G20,2),"Укажите цену")) | I20: 42 | J20: 17.5 | K20: 20.2*7.1*2 | L20: отсутствует | M20: нет данных | N20: 360 | O20: 63.9*44.8*46.3 | P20: 0.133 | Q20: 1. Длина: 1m; вес: 25g 2. Внешний материал: двуслойный прозрачный силикон 3. Материал коннекторов: PVC 4. Сердечник: (43/0.08) * 2+(13/0.08) * 2 OD4.2mm 5. Ток до 2.4А. | R20: http://gofile.me/649X4/QgGyAHsWJ | S20: -
A21: BX115 Lotto силиконовый зарядный дата кабель Micro | D21: 6941991119651 | E21: белый | F21: 65.24 | H21: =IF(ISBLANK(G21),"",IF(ISNUMBER(F21),ROUND(F21*G21,2),"Укажите цену")) | I21: 42 | J21: 17.3 | K21: 20.2*7.1*2 | L21: отсутствует | M21: нет данных | N21: 360 | O21: 63.9*44.8*46.3 | P21: 0.133 | Q21: 1. Длина: 1m; вес: 25g 2. Внешний материал: двуслойный прозрачный силикон 3. Материал коннекторов: PVC 4. Сердечник: (43/0.08) * 2+(13/0.08) * 2 OD4.2mm 5. Ток до 2.4А. | R21: http://gofile.me/649X4/KzEoCFGSK | S21: -
A22: BX115 Lotto силиконовый зарядный дата кабель Type-C | D22: 6941991119675 | E22: белый | F22: 68.5 | H22: =IF(ISBLANK(G22),"",IF(ISNUMBER(F22),ROUND(F22*G22,2),"Укажите цену")) | I22: 43 | J22: 17.4 | K22: 20.2*7.1*2 | L22: отсутствует | M22: нет данных | N22: 360 | O22: 63.9*44.8*46.3 | P22: 0.133 | Q22: 1. Длина: 1m; вес: 25g 2. Внешний материал: двуслойный прозрачный силикон 3. Материал коннекторов: PVC 4. Сердечник: (43/0.08) * 2+(13/0.08) * 2 OD4.2mm 5. Ток до 3A. | R22: http://gofile.me/649X4/TTkX61W2n | S22: -
A23: BX114 Structure PD силиконовый зарядный дата кабель iP | D23: 6941991116827 | E23: черный | F23: 106.01 | H23: =IF(ISBLANK(G23),"",IF(ISNUMBER(F23),ROUND(F23*G23,2),"Укажите цену")) | I23: 37 | J23: 15.3 | K23: 20.3*7.2*2 | L23: отсутствует | M23: нет данных | N23: 360 | O23: 63.9*44.8*46.3 | P23: 0.133 | Q23: 1. Длина: 1m; вес: 25g 2. Внешний материал: силикон 3. Материал коннекторов: силикон 4. Сердечник: (65/0.08)*2+(16/0.08)*3 OD3.8mm 5. Поддержка быстрой зарядки Apple PD 27W. | R23: http://gofile.me/649X4/uT2FPKWKU | S23: -
D24: 6941991116834 | E24: белый | F24: 106.01 | H24: =IF(ISBLANK(G24),"",IF(ISNUMBER(F24),ROUND(F24*G24,2),"Укажите цену"))
A25: BX114 Structure 60W силиконовый зарядный дата кабель C на C | D25: 6941991116902 | E25: черный | F25: 89.7 | H25: =IF(ISBLANK(G25),"",IF(ISNUMBER(F25),ROUND(F25*G25,2),"Укажите цену")) | I25: 37 | J25: 15.6 | K25: 20.3*7.2*2 | L25: отсутствует | M25: нет данных | N25: 360 | O25: 63.9*44.8*46.3 | P25: 0.133 | Q25: 1. Длина: 1m; вес: 25g 2. Внешний материал: силикон 3. Материал коннекторов: силикон 4. Сердечник: (65/0.08)*2+(16/0.08)*3 OD3.8mm 5. Поддержка зарядки 60W для ноутбука и тока 3А для телефона. | R25: http://gofile.me/649X4/VVZANAITg | S25: -
D26: 6941991116919 | E26: белый | F26: 89.7 | H26: =IF(ISBLANK(G26),"",IF(ISNUMBER(F26),ROUND(F26*G26,2),"Укажите цену"))
A27: BX114 Structure силиконовый зарядный дата кабель iP | D27: 6941991116841 | E27: черный | F27: 73.39 | H27: =IF(ISBLANK(G27),"",IF(ISNUMBER(F27),ROUND(F27*G27,2),"Укажите цену")) | I27: 37 | J27: 15.6 | K27: 20.3*7.2*2 | L27: отсутствует | M27: нет данных | N27: 360 | O27: 63.9*44.8*46.3 | P27: 0.133 | Q27: 1. Длина: 1m; вес: 25g 2. Внешний материал: силикон 3. Материал коннекторов: силикон 4. Сердечник: (50/0.08)*2+(16/0.08)*2 OD3.8mm 5. Ток до 2.4A | R27: http://gofile.me/649X4/47TpJyq79 | S27: -
D28: 6941991116858 | E28: белый | F28: 73.39 | H28: =IF(ISBLANK(G28),"",IF(ISNUMBER(F28),ROUND(F28*G28,2),"Укажите цену"))
A29: BX114 Structure силиконовый зарядный дата кабель Micro | D29: 6941991116865 | E29: черный | F29: 66.87 | H29: =IF(ISBLANK(G29),"",IF(ISNUMBER(F29),ROUND(F29*G29,2),"Укажите цену")) | I29: 37 | J29: 15.6 | K29: 20.3*7.2*2 | L29: отсутствует | M29: нет данных | N29: 360 | O29: 63.9*44.8*46.3 | P29: 0.133 | Q29: 1. Длина: 1m; вес: 25g 2. Внешний материал: силикон 3. Материал коннекторов: силикон 4. Сердечник: (50/0.08)*2+(16/0.08)*2 OD3.8mm 5. Ток до 2.4A | R29: http://gofile.me/649X4/2JmZ41xHB | S29: -
D30: 6941991116872 | E30: белый | F30: 66.87 | H30: =IF(ISBLANK(G30),"",IF(ISNUMBER(F30),ROUND(F30*G30,2),"Укажите цену"))
A31: BX114 Structure силиконовый зарядный дата кабель Type-C | D31: 6941991116889 | E31: черный | F31: 70.13 | H31: =IF(ISBLANK(G31),"",IF(ISNUMBER(F31),ROUND(F31*G31,2),"Укажите цену")) | I31: 37 | J31: 15.6 | K31: 20.3*7.2*2 | L31: отсутствует | M31: нет данных | N31: 360 | O31: 63.9*44.8*46.3 | P31: 0.133 | Q31: 1. Длина: 1m; вес: 25g 2. Внешний материал: силикон 3. Материал коннекторов: силикон 4. Сердечник: (50/0.08)*2+(16/0.08)*2 OD3.8mm 5. Ток до 3A | R31: http://gofile.me/649X4/krD6GeIhn | S31: -
D32: 6941991116896 | E32: белый | F32: 70.13 | H32: =IF(ISBLANK(G32),"",IF(ISNUMBER(F32),ROUND(F32*G32,2),"Укажите цену"))
A33: BX113 Lenny PD силиконовый зарядный дата кабель iP(L=1M) | D33: 6941991115370 | E33: черный | F33: 91.33 | H33: =IF(ISBLANK(G33),"",IF(ISNUMBER(F33),ROUND(F33*G33,2),"Укажите цену")) | I33: 36 | J33: 15.2 | K33: 20.3*7.2*2 | L33: отсутствует | M33: нет данных | N33: 360 | O33: 63.9*44.8*46.3 | P33: 0.133 | Q33: 1. Длина: 1m; Вес: 23g 2. Внешний материал: силикон 3. Материал коннекторов: силикон 4. Сердечник: (35/0.1)*2+(10/0.1)*3 OD3.8mm 5. Поддержка зарядки Apple PD 27W | R33: http://gofile.me/649X4/r8CPZvrOw | S33: -
D34: 6941991115387 | E34: белый | F34: 91.33 | H34: =IF(ISBLANK(G34),"",IF(ISNUMBER(F34),ROUND(F34*G34,2),"Укажите цену"))
A35: BX113 Lenny PD силиконовый зарядный дата кабель iP(L=2M) | D35: 6941991115479 | E35: черный | F35: 130.48 | H35: =IF(ISBLANK(G35),"",IF(ISNUMBER(F35),ROUND(F35*G35,2),"Укажите цену")) | I35: 58 | J35: 22.9 | K35: 20.3*7.2*2 | L35: отсутствует | M35: нет данных | N35: 360 | O35: 63.9*44.8*46.3 | P35: 0.133 | Q35: 1. Длина: 2m; Вес: 45g 2. Внешний материал: силикон 3. Материал коннекторов: силикон 4. Сердечник: (40/0.1)*2+(10/0.1)*3 OD3.8mm 5. Поддержка зарядки Apple PD 27W | R35: http://gofile.me/649X4/pp0RG5Udq | S35: -
A36: BX113 Lenny PD силиконовый зарядный дата кабель iP(L=3M) | D36: 6941991115523 | E36: черный | F36: 187.56 | H36: =IF(ISBLANK(G36),"",IF(ISNUMBER(F36),ROUND(F36*G36,2),"Укажите цену")) | I36: 81 | J36: 31.6 | K36: 20.3*7.2*2 | L36: отсутствует | M36: нет данных | N36: 360 | O36: 63.9*44.8*46.3 | P36: 0.133 | Q36: 1. Длина: 3m; Вес: 69g 2. Внешний материал: силикон 3. Материал коннекторов: силикон 4. Сердечник: (50/0.1)*2+(10/0.1)*3 OD3.8mm 5. Поддержка зарядки Apple PD 27W | R36: http://gofile.me/649X4/pp0RG5Udq | S36: -
A37: BX113 Lenny 60W силиконовый зарядный дата кабель C на C(L=1M) | D37: 6941991115455 | E37: черный | F37: 73.39 | H37: =IF(ISBLANK(G37),"",IF(ISNUMBER(F37),ROUND(F37*G37,2),"Укажите цену")) | I37: 36 | J37: 15.2 | K37: 20.3*7.2*2 | L37: отсутствует | M37: нет данных | N37: 360 | O37: 63.9*44.8*46.3 | P37: 0.133 | Q37: 1. Длина: 1m; Вес: 23g 2. Внешний материал: силикон 3. Материал коннекторов: силикон 4. Сердечник: (35/0.1)*2+(10/0.1)*3 OD3.8mm 5. Поддержка зарядки 60W для ноутбука и тока 3A для телефона | R37: http://gofile.me/649X4/DFnEAdxfK | S37: -
D38: 6941991115462 | E38: белый | F38: 73.39 | H38: =IF(ISBLANK(G38),"",IF(ISNUMBER(F38),ROUND(F38*G38,2),"Укажите цену"))
A39: BX113 Lenny 60W силиконовый зарядный дата кабель C на C(L=2M) | D39: 6941991115516 | E39: черный | F39: 107.64 | H39: =IF(ISBLANK(G39),"",IF(ISNUMBER(F39),ROUND(F39*G39,2),"Укажите цену")) | I39: 57 | J39: 22.3 | K39: 20.3*7.2*2 | L39: отсутствует | M39: нет данных | N39: 360 | O39: 63.9*44.8*46.3 | P39: 0.133 | Q39: 1. Длина: 2m; Вес: 45g 2. Внешний материал: силикон 3. Материал коннекторов: силикон 4. Сердечник: (40/0.1)*2+(10/0.1)*3 OD3.8mm 5. Поддержка зарядки 60W для ноутбука и тока 3A для телефона | R39: http://gofile.me/649X4/Kt4h0cLvg | S39: -
A40: BX113 Lenny 60W силиконовый зарядный дата кабель C на C(L=3M) | D40: 6941991115561 | E40: черный | F40: 163.09 | H40: =IF(ISBLANK(G40),"",IF(ISNUMBER(F40),ROUND(F40*G40,2),"Укажите цену")) | I40: 82 | J40: 37.8 | K40: 20.3*7.2*2 | L40: отсутствует | M40: нет данных | N40: 360 | O40: 63.9*44.8*46.3 | P40: 0.133 | Q40: 1. Длина: 3m; Вес: 69g 2. Внешний материал: силикон 3. Материал коннекторов: силикон 4. Сердечник: (50/0.1)*2+(10/0.1)*3 OD3.8mm 5. Поддержка зарядки 60W для ноутбука и тока 3A для телефона | R40: http://gofile.me/649X4/Kt4h0cLvg | S40: -
A41: BX113 Lenny силиконовый зарядный дата кабель iP(L=1M) | D41: 6941991115394 | E41: черный | F41: 55.45 | H41: =IF(ISBLANK(G41),"",IF(ISNUMBER(F41),ROUND(F41*G41,2),"Укажите цену")) | I41: 37 | J41: 15.3 | K41: 20.3*7.2*2 | L41: отсутствует | M41: нет данных | N41: 360 | O41: 63.9*44.8*46.3 | P41: 0.133 | Q41: 1. Длина: 1m; Вес: 23g 2. Внешний материал: силикон 3. Материал коннекторов: силикон 4. Сердечник: (43/0.08)*2+(13/0.08)*2 OD3.8mm 5. Ток до 2,4А. | R41: http://gofile.me/649X4/yh8shi7zr | S41: -
D42: 6941991115400 | E42: белый | F42: 55.45 | H42: =IF(ISBLANK(G42),"",IF(ISNUMBER(F42),ROUND(F42*G42,2),"Укажите цену"))
A43: BX113 Lenny силиконовый зарядный дата кабель iP(L=2M) | D43: 6941991115486 | E43: черный | F43: 91.33 | H43: =IF(ISBLANK(G43),"",IF(ISNUMBER(F43),ROUND(F43*G43,2),"Укажите цену")) | I43: 58 | J43: 22.9 | K43: 20.3*7.2*2 | L43: отсутствует | M43: нет данных | N43: 360 | O43: 63.9*44.8*46.3 | P43: 0.133 | Q43: 1. Длина: 2m; Вес: 45g 2. Внешний материал: силикон 3. Материал коннекторов: силикон 4. Сердечник: (40/0.1)*2+(10/0.1)*2 OD3.8mm 5. Ток до 2,4А. | R43: http://gofile.me/649X4/1bCN6yNl1 | S43: -
A44: BX113 Lenny силиконовый зарядный дата кабель iP(L=3M) | D44: 6941991115530 | E44: черный | F44: 145.15 | H44: =IF(ISBLANK(G44),"",IF(ISNUMBER(F44),ROUND(F44*G44,2),"Укажите цену")) | I44: 82 | J44: 31.7 | K44: 20.3*7.2*2 | L44: отсутствует | M44: нет данных | N44: 360 | O44: 63.9*44.8*46.3 | P44: 0.133 | Q44: 1. Длина: 3m; Вес: 69g 2. Внешний материал: силикон 3. Материал коннекторов: силикон 4. Сердечник: (50/0.1)*2+(10/0.1)*2 OD3.8mm 5. Ток до 2,4А. | R44: http://gofile.me/649X4/1bCN6yNl1 | S44: -
A45: BX113 Lenny силиконовый зарядный дата кабель Micro(L=1M) | D45: 6941991115417 | E45: черный | F45: 48.93 | H45: =IF(ISBLANK(G45),"",IF(ISNUMBER(F45),ROUND(F45*G45,2),"Укажите цену")) | I45: 37 | J45: 15.4 | K45: 20.3*7.2*2 | L45: отсутствует | M45: нет данных | N45: 360 | O45: 63.9*44.8*46.3 | P45: 0.133 | Q45: 1. Длина: 1m; Вес: 23g 2. Внешний материал: силикон 3. Материал коннекторов: силикон 4. Сердечник: (43/0.08)*2+(13/0.08)*2 OD3.8mm 5. Ток до 2,4А. | R45: http://gofile.me/649X4/SalYxwIJY | S45: -
D46: 6941991115424 | E46: белый | F46: 48.93 | H46: =IF(ISBLANK(G46),"",IF(ISNUMBER(F46),ROUND(F46*G46,2),"Укажите цену"))
A47: BX113 Lenny силиконовый зарядный дата кабель Micro(L=2M) | D47: 6941991115493 | E47: черный | F47: 86.44 | H47: =IF(ISBLANK(G47),"",IF(ISNUMBER(F47),ROUND(F47*G47,2),"Укажите цену")) | I47: 58 | J47: 23 | K47: 20.3*7.2*2 | L47: отсутствует | M47: нет данных | N47: 360 | O47: 63.9*44.8*46.3 | P47: 0.133 | Q47: 1. Длина: 2m; Вес: 45g 2. Внешний материал: силикон 3. Материал коннекторов: силикон 4. Сердечник: (40/0.1)*2+(10/0.1)*2 OD3.8mm 5. Ток до 2,4А. | R47: http://gofile.me/649X4/cjJxdF8lS | S47: -
A48: BX113 Lenny силиконовый зарядный дата кабель Micro(L=3M) | D48: 6941991115547 | E48: черный | F48: 138.63 | H48: =IF(ISBLANK(G48),"",IF(ISNUMBER(F48),ROUND(F48*G48,2),"Укажите цену")) | I48: 82 | J48: 31.7 | K48: 20.3*7.2*2 | L48: отсутствует | M48: нет данных | N48: 360 | O48: 63.9*44.8*46.3 | P48: 0.133 | Q48: 1. Длина: 3m; Вес: 69g 2. Внешний материал: силикон 3. Материал коннекторов: силикон 4. Сердечник: (50/0.1)*2+(10/0.1)*2 OD3.8mm 5. Ток до 2,4А. | R48: http://gofile.me/649X4/cjJxdF8lS | S48: -
A49: BX113 Lenny силиконовый зарядный дата кабель Type-C(L=1M) | D49: 6941991115431 | E49: чёрный | F49: 52.19 | H49: =IF(ISBLANK(G49),"",IF(ISNUMBER(F49),ROUND(F49*G49,2),"Укажите цену")) | I49: 37 | J49: 15.4 | K49: 20.3*7.2*2 | L49: отсутствует | M49: нет данных | N49: 360 | O49: 63.9*44.8*46.3 | P49: 0.133 | Q49: 1. Длина: 1m; Вес: 23g 2. Внешний материал: силикон 3. Материал коннекторов: силикон 4. Сердечник: (43/0.08)*2+(13/0.08)*2 OD3.8mm 5. Ток до 3А. | R49: http://gofile.me/649X4/pjgwiJJ4T | S49: -
D50: 6941991115448 | E50: white | F50: 52.19 | H50: =IF(ISBLANK(G50),"",IF(ISNUMBER(F50),ROUND(F50*G50,2),"Укажите цену"))
A51: BX113 Lenny силиконовый зарядный дата кабель Type-C(L=2M) | D51: 6941991115509 | E51: чёрный | F51: 89.7 | H51: =IF(ISBLANK(G51),"",IF(ISNUMBER(F51),ROUND(F51*G51,2),"Укажите цену")) | I51: 58 | J51: 23 | K51: 20.3*7.2*2 | L51: отсутствует | M51: нет данных | N51: 360 | O51: 63.9*44.8*46.3 | P51: 0.133 | Q51: 1. Длина: 2m; Вес: 45g 2. Внешний материал: силикон 3. Материал коннекторов: силикон 4. Сердечник: (40/0.1)*2+(10/0.1)*2 OD3.8mm 5. Ток до 3А. | R51: http://gofile.me/649X4/imeUDX1Ma | S51: -
A52: BX113 Lenny силиконовый зарядный дата кабель Type-C(L=3M) | D52: 6941991115554 | E52: чёрный | F52: 140.26 | H52: =IF(ISBLANK(G52),"",IF(ISNUMBER(F52),ROUND(F52*G52,2),"Укажите цену")) | I52: 83 | J52: 31.4 | K52: 20.3*7.2*2 | L52: отсутствует | M52: нет данных | N52: 360 | O52: 63.9*44.8*46.3 | P52: 0.133 | Q52: 1. Длина: 3m; Вес: 69g 2. Внешний материал: силикон 3. Материал коннекторов: силикон 4. Сердечник: (50/0.1)*2+(10/0.1)*2 OD3.8mm 5. Ток до 3А. | R52: http://gofile.me/649X4/imeUDX1Ma | S52: -
A53: BX86 Advantage силиконовый зарядный дата кабель для iP | D53: 6974443388794 | E53: белый | F53: 83.99 | H53: =IF(ISBLANK(G53),"",IF(ISNUMBER(F53),ROUND(F53*G53,2),"Укажите цену")) | I53: 37 | J53: 15.2 | K53: 20.3*7.1*2 | L53: отсутствует | M53: нет данных | N53: 360 | O53: 63.9*44.8*46.3 | P53: 0.133 | Q53: 1. Длина: 1m, вес: 24g 2. Внешний материал: силикон 3. Материал коннекторов: 4. Сердечник: (43/0.08) * 2+(16/0.08) * 2 OD3.5mm 5. Ток до 2.4A. | R53: http://gofile.me/649X4/9m1XzPnHS | S53: -
A54: BX86 Advantage силиконовый зарядный дата кабель для Micro | D54: 6974443388800 | E54: черный | F54: 70.95 | H54: =IF(ISBLANK(G54),"",IF(ISNUMBER(F54),ROUND(F54*G54,2),"Укажите цену")) | I54: 36 | J54: 15.1 | K54: 20.3*7.1*2 | L54: отсутствует | M54: нет данных | N54: 360 | O54: 63.9*44.8*46.3 | P54: 0.133 | Q54: 1. Длина: 1m, вес: 24g 2. Внешний материал: силикон 3. Материал коннекторов: 4. Сердечник: (43/0.08) * 2+(16/0.08) * 2 OD3.5mm 5. Ток до 2.4A. | R54: http://gofile.me/649X4/OVH5WY0SY | S54: -
A55: BX86 Advantage силиконовый зарядный дата кабель для Type-C | D55: 6974443388831 | E55: белый | F55: 80.73 | H55: =IF(ISBLANK(G55),"",IF(ISNUMBER(F55),ROUND(F55*G55,2),"Укажите цену")) | I55: 37 | J55: 15.3 | K55: 20.3*7.1*2 | L55: отсутствует | M55: нет данных | N55: 360 | O55: 63.9*44.8*46.3 | P55: 0.133 | Q55: 1. Длина: 1m, вес: 24g 2. Внешний материал: силикон 3. Материал коннекторов: 4. Сердечник: (43/0.08) * 2+(16/0.08) * 2 OD3.5mm 5. Ток до 3A. | R55: http://gofile.me/649X4/WbHyMIN89 | S55: -
A56: BX83 Type-C to Type-C Famous 60W силиконовый зарядный дата кабель | D56: 6974443386448 | E56: черный | F56: 154.94 | H56: =IF(ISBLANK(G56),"",IF(ISNUMBER(F56),ROUND(F56*G56,2),"Укажите цену")) | I56: 40 | J56: 16.25 | K56: 20.2*7.1*2 | L56: отсутствует | M56: нет данных | N56: 360 | O56: 63.9*44.8*46.3 | P56: 0.133 | Q56: 1. Длина: 1m. Вес: 24г. 2. Внешний материал: силикон. 3. Материал коннекторов: алюминиевый сплав. 4. Сердечник: (55/0.08)*2+(13/0.08)*3 OD3.5мм 5. Поддержка зарядки 60W (20V/3A) для ноутбуков и тока 3А для телефонов. | R56: http://hoco.i234.me:8000/sharing/NFPcCt3Gu | S56: http://gofile.me/649X4/njc0p84x0
A57: BX83 iP Famous силиконовый зарядный дата кабель | D57: 6974443386356 | E57: черный | F57: 110.9 | H57: =IF(ISBLANK(G57),"",IF(ISNUMBER(F57),ROUND(F57*G57,2),"Укажите цену")) | I57: 38 | J57: 15.6 | K57: 20.2*7.1*2 | L57: отсутствует | M57: нет данных | N57: 360 | O57: 63.9*44.8*46.3 | P57: 0.133 | Q57: 1. Длина: 1m. Вес: 24г. 2. Внешний материал: силикон. 3. Материал коннекторов: алюминиевый сплав. 4. Сердечник: (43/0.08)*2+(13/0.08)*2 OD3.5мм 5. Ток до 2.4А. | R57: http://hoco.i234.me:8000/sharing/XOJCdZIKO | S57: http://gofile.me/649X4/njc0p84x0
D58: 6974443386363 | E58: белый | F58: 110.9 | H58: =IF(ISBLANK(G58),"",IF(ISNUMBER(F58),ROUND(F58*G58,2),"Укажите цену"))
A59: BX83 Type-C Famous силиконовый зарядный дата кабель | D59: 6974443386417 | E59: черный | F59: 106.01 | H59: =IF(ISBLANK(G59),"",IF(ISNUMBER(F59),ROUND(F59*G59,2),"Укажите цену")) | I59: 37 | J59: 15.65 | K59: 20.2*7.1*2 | L59: отсутствует | M59: нет данных | N59: 360 | O59: 63.9*44.8*46.3 | P59: 0.133 | Q59: 1. Длина: 1m. Вес: 24г. 2. Внешний материал: силикон. 3. Материал коннекторов: алюминиевый сплав. 4. Сердечник: (43/0.08)*2+(13/0.08)*2 OD3.5мм 5. Ток до 3А. | R59: http://hoco.i234.me:8000/sharing/yv5KqajG3 | S59: http://gofile.me/649X4/njc0p84x0
D60: 6974443386424 | E60: белый | F60: 106.01 | H60: =IF(ISBLANK(G60),"",IF(ISNUMBER(F60),ROUND(F60*G60,2),"Укажите цену"))
A61: BX79 PD силиконовый зарядный кабель для передачи данных iP | D61: 6974443384727 | E61: черный | F61: 163.09 | H61: =IF(ISBLANK(G61),"",IF(ISNUMBER(F61),ROUND(F61*G61,2),"Укажите цену")) | I61: 39 | J61: 15.95 | K61: 20.2*7.1*2 | L61: отсутствует | M61: нет данных | N61: 360 | O61: 63.9*44.8*46.3 | P61: 0.133 | Q61: 1. Длина: 1 м; Вес: 21 г. 2. Материал внешнего одеяла: силикон. 3. Материал соединения: силикон 4. Сердечник: (55/0,08)*2+(13/0,08)*3 OD3,5 мм 5. Поддержка зарядки мобильного телефона Apple PD 20 Вт. 6. Экономичный силиконовый кабель. | R61: http://hoco.i234.me:8000/sharing/BnKscCOsO | S61: http://gofile.me/649X4/0Acdqa779
D62: 6974443384734 | E62: белый | F62: 163.09 | H62: =IF(ISBLANK(G62),"",IF(ISNUMBER(F62),ROUND(F62*G62,2),"Укажите цену"))
A63: BX79 60 Вт силиконовый кабель для зарядки и передачи данных Type-C на Type-C | D63: 6974443384802 | E63: черный | F63: 128.44 | H63: =IF(ISBLANK(G63),"",IF(ISNUMBER(F63),ROUND(F63*G63,2),"Укажите цену")) | I63: 39 | J63: 15.95 | K63: 20.2*7.1*2 | L63: отсутствует | M63: нет данных | N63: 360 | O63: 63.9*44.8*46.3 | P63: 0.133 | Q63: 1. Длина: 1 м; Вес: 21 г. 2. Материал внешнего одеяла: силикон. 3. Материал соединения: силикон 4. Сердечник: (55/0,08)*2+(13/0,08)*3 OD3,5 мм 5. Поддержка зарядки 60 Вт (20 В/3 А) для ноутбуков и зарядка 3 А для мобильных телефонов. 6. Экономичный силиконовый кабель. | R63: http://hoco.i234.me:8000/sharing/lvbojUFD8 | S63: http://gofile.me/649X4/0Acdqa779
D64: 6974443384819 | E64: белый | F64: 128.44 | H64: =IF(ISBLANK(G64),"",IF(ISNUMBER(F64),ROUND(F64*G64,2),"Укажите цену"))
A65: BX79 силиконовый зарядный кабель для передачи данных IP | D65: 6974443384741 | E65: черный | F65: 87.66 | H65: =IF(ISBLANK(G65),"",IF(ISNUMBER(F65),ROUND(F65*G65,2),"Укажите цену")) | I65: 37 | J65: 15.35 | K65: 20.2*7.1*2 | L65: отсутствует | M65: нет данных | N65: 360 | O65: 63.9*44.8*46.3 | P65: 0.133 | Q65: 1. Длина: 1 м; Вес: 21 г. 2. Материал внешнего одеяла: силикон. 3. Материал соединения: силикон 4. Сердечник: (43/0,08)*2+(13/0,08)*2 OD3,5 мм 5. Поддержка зарядки током 2,4 А. 6. Экономичный силиконовый кабель. | R65: http://hoco.i234.me:8000/sharing/xUEFQ1gZX | S65: http://gofile.me/649X4/0Acdqa779
D66: 6974443384758 | E66: белый | F66: 87.66 | H66: =IF(ISBLANK(G66),"",IF(ISNUMBER(F66),ROUND(F66*G66,2),"Укажите цену"))
A67: BX79 силиконовый зарядный кабель для передачи данных Micro | D67: 6974443384765 | E67: черный | F67: 73.39 | H67: =IF(ISBLANK(G67),"",IF(ISNUMBER(F67),ROUND(F67*G67,2),"Укажите цену")) | I67: 37 | J67: 15.3 | K67: 20.2*7.1*2 | L67: отсутствует | M67: нет данных | N67: 360 | O67: 63.9*44.8*46.3 | P67: 0.133 | Q67: 1. Длина: 1 м; Вес: 21 г. 2. Материал внешнего одеяла: силикон. 3. Материал соединения: силикон 4. Сердечник: (43/0,08)*2+(13/0,08)*2 OD3,5 мм 5. Поддержка зарядки током 2,4 А. 6. Экономичный силиконовый кабель. | R67: http://hoco.i234.me:8000/sharing/ktt9mz6t2 | S67: http://gofile.me/649X4/0Acdqa779
D68: 6974443384772 | E68: белый | F68: 73.39 | H68: =IF(ISBLANK(G68),"",IF(ISNUMBER(F68),ROUND(F68*G68,2),"Укажите цену"))
A69: BX79 силиконовый зарядный кабель для передачи данных Type-C | D69: 6974443384789 | E69: черный | F69: 83.59 | H69: =IF(ISBLANK(G69),"",IF(ISNUMBER(F69),ROUND(F69*G69,2),"Укажите цену")) | I69: 37 | J69: 15.4 | K69: 20.2*7.1*2 | L69: отсутствует | M69: нет данных | N69: 360 | O69: 63.9*44.8*46.3 | P69: 0.133 | Q69: 1. Длина: 1 м; Вес: 21 г. 2. Материал внешнего одеяла: силикон. 3. Материал соединения: силикон 4. Сердечник: (43/0,08)*2+(13/0,08)*2 OD3,5 мм 5. Поддержка зарядки током 3А 6. Экономичный силиконовый кабель. | R69: http://hoco.i234.me:8000/sharing/qapxVBVgY | S69: http://gofile.me/649X4/0Acdqa779
D70: 6974443384796 | E70: белый | F70: 83.59 | H70: =IF(ISBLANK(G70),"",IF(ISNUMBER(F70),ROUND(F70*G70,2),"Укажите цену"))
A71: BX31 Soft silicone силиконовый зарядный дата кабель для iP | D71: 6931474710352 | E71: черный | F71: 146.78 | H71: =IF(ISBLANK(G71),"",IF(ISNUMBER(F71),ROUND(F71*G71,2),"Укажите цену")) | I71: 54 | J71: 9.7 | K71: 20.5*9*2.5 | L71: 36 | M71: 56.3*23.3*16 | N71: 144 | O71: 57.7*37.5*44 | P71: 0.095 | Q71: 1. Длина 1 м, вес 22 г. 2. Поддержка зарядки и передачи данных, максимальный ток 2,4А. 3. Внешняя оплетка: силикон. 4. Коннектор: TPE. 5. Спецификация сердечника провода: 136 эмалированный провод; OD3.5mm. | R71: http://hoco.i234.me:8000/sharing/NeB1fGSd6 | S71: http://gofile.me/649X4/Fd43WmWvS
D72: 6931474710369 | E72: белый | F72: 146.78 | H72: =IF(ISBLANK(G72),"",IF(ISNUMBER(F72),ROUND(F72*G72,2),"Укажите цену"))
A73: BX31 Soft silicone силиконовый зарядный дата кабель для Micro-USB | D73: 6931474710383 | E73: белый | F73: 138.63 | H73: =IF(ISBLANK(G73),"",IF(ISNUMBER(F73),ROUND(F73*G73,2),"Укажите цену")) | I73: 54 | J73: 9.7 | K73: 20.5*9*2.5 | L73: 36 | M73: 56.3*23.3*16 | N73: 144 | O73: 57.7*37.5*44 | P73: 0.095 | Q73: 1. Длина 1 м, вес 22 г. 2. Поддержка зарядки и передачи данных, максимальный ток 2,4А. 3. Внешняя оплетка: силикон. 4. Коннектор: TPE. 5. Спецификация сердечника провода: 136 эмалированный провод; OD3.5mm. | R73: http://hoco.i234.me:8000/sharing/RFjD4e0Rl | S73: http://gofile.me/649X4/Fd43WmWvS
A74: BX31 Soft silicone силиконовый зарядный дата кабель для Type-C | D74: 6931474710390 | E74: черный | F74: 146.78 | H74: =IF(ISBLANK(G74),"",IF(ISNUMBER(F74),ROUND(F74*G74,2),"Укажите цену")) | I74: 54 | J74: 9.7 | K74: 20.5*9*2.5 | L74: 36 | M74: 56.3*23.3*16 | N74: 144 | O74: 57.7*37.5*44 | P74: 0.095 | Q74: 1. Длина 1 м, вес 22 г. 2. Поддержка зарядки и передачи данных, максимальный ток 3А. 3. Внешняя оплетка: силикон. 4. Коннектор: TPE. 5. Спецификация сердечника провода: 136 эмалированный провод; OD3.5mm. | R74: http://hoco.i234.me:8000/sharing/tgGUw9WnF | S74: http://gofile.me/649X4/Fd43WmWvS
D75: 6931474710406 | E75: белый | F75: 146.78 | H75: =IF(ISBLANK(G75),"",IF(ISNUMBER(F75),ROUND(F75*G75,2),"Укажите цену"))
A77: Серия BX
A78: BX127 iP Regalo PD30W зарядный дата кабель (20шт/банка) | D78: 6941991129766 | E78: белый | F78: 43.22 | H78: =IF(ISBLANK(G78),"",IF(ISNUMBER(F78),ROUND(F78*G78,2),"Укажите цену")) | I78: 524 | J78: 13.74 | K78: 15.8*10.1*10 | L78: отсутствует | M78: нет данных | N78: 24 | O78: 42*31.6*34.5 | P78: 0.046 | Q78: 1. Длина: 1m; вес: 26g. 2. Материал оплетки: PVC. 3. Материал коннектора: PVC. 4. Сердечник: (34/0.1)*2C+(10/0.08)*3C OD3.8mm. 5. Поддерживает быструю зарядку Apple PD 30W. 6. Подходит для выкладки в магазине, 20 штук в банке. | R78: http://gofile.me/649X4/q1kzSXuTR | S78: -
A79: BX127 C на C Regalo 60W зарядный дата кабель (20шт/банка) | D79: 6941991129803 | E79: белый | F79: 31.4 | H79: =IF(ISBLANK(G79),"",IF(ISNUMBER(F79),ROUND(F79*G79,2),"Укажите цену")) | I79: 528 | J79: 13.66 | K79: 15.8*10.1*10 | L79: отсутствует | M79: нет данных | N79: 24 | O79: 42*31.6*34.5 | P79: 0.046 | Q79: 1. Длина: 1m; вес: 26g. 2. Материал оплетки: PVC. 3. Материал коннектора: PVC. 4. Сердечник: (34/0.1)*2C+(10/0.08)*3C OD3.8mm. 5. Поддерживает зарядку ноутбуков 60W и зарядку телефонов 3A. 6. Подходит для выкладки в магазине, 20 штук в банке. | R79: http://gofile.me/649X4/oF2jYF4Cj | S79: -
A80: BX127 iP Regalo зарядный дата кабель (20шт/банка) | D80: 6941991129773 | E80: белый | F80: 31.4 | H80: =IF(ISBLANK(G80),"",IF(ISNUMBER(F80),ROUND(F80*G80,2),"Укажите цену")) | I80: 540 | J80: 14.02 | K80: 15.8*10.1*10 | L80: отсутствует | M80: нет данных | N80: 24 | O80: 42*31.6*34.5 | P80: 0.046 | Q80: 1. Длина: 1m; вес: 26g. 2. Материал оплетки: PVC. 3. Материал коннектора: PVC. 4. Сердечник: (26/0.1)*2C+(10/0.08)*2C OD3.8mm. 5. Поддерживает зарядку 2.4A. 6. Подходит для выкладки в магазине, 20 штук в банке. | R80: http://gofile.me/649X4/4pDNXIbA5 | S80: -
A81: BX127 Micro-USB Regalo зарядный дата кабель (20шт/банка) | D81: 6941991129780 | E81: белый | F81: 22.02 | H81: =IF(ISBLANK(G81),"",IF(ISNUMBER(F81),ROUND(F81*G81,2),"Укажите цену")) | I81: 547 | J81: 14.28 | K81: 15.8*10.1*10 | L81: отсутствует | M81: нет данных | N81: 24 | O81: 42*31.6*34.5 | P81: 0.046 | Q81: 1. Длина: 1m; вес: 26g. 2. Материал оплётки: PVC. 3. Материал коннектора: PVC. 4. Сердечник: (26/0.1)*2C+(10/0.08)*2C OD3.8mm. 5. Поддерживает зарядку 2.4A. 6. Подходит для выкладки в магазине, 20 штук в банке. | R81: http://gofile.me/649X4/yp8gRmj9e | S81: -
A82: BX127 Type-C Regalo зарядный дата кабель (20шт/банка) | D82: 6941991129797 | E82: белый | F82: 25.28 | H82: =IF(ISBLANK(G82),"",IF(ISNUMBER(F82),ROUND(F82*G82,2),"Укажите цену")) | I82: 549 | J82: 14.31 | K82: 15.8*10.1*10 | L82: отсутствует | M82: нет данных | N82: 24 | O82: 42*31.6*34.5 | P82: 0.046 | Q82: 1. Длина: 1m; вес: 26g. 2. Материал оплётки: PVC. 3. Материал коннектора: PVC. 4. Сердечник: (26/0.1)*2C+(10/0.08)*2C OD3.8mm. 5. Поддерживает зарядку 3A. 6. Подходит для выкладки в магазине, 20 штук в банке. | R82: http://gofile.me/649X4/DZAxm8B66 | S82: -
A83: BX126 iP Skillful PD30W зарядный дата кабель | D83: 6941991129438 | E83: черный | F83: 122.32 | H83: =IF(ISBLANK(G83),"",IF(ISNUMBER(F83),ROUND(F83*G83,2),"Укажите цену")) | I83: 42 | J83: 17.56 | K83: 20.2*7*2 | L83: отсутствует | M83: нет данных | N83: 360 | O83: 63.9*44.8*46.3 | P83: 0.133 | Q83: 1. Длина: 1м. Вес: 30г. 2. Материал внешней оболочки: плетеная нить. 3. Материал разъемов: цинковый сплав. 4. Сердечник: (34/0.1)*2+(16/0.08)*3 OD2.7*6.3мм. 5. Поддерживает быструю зарядку PD 30W для телефонов Apple. 6. Конструкция с углом 90 градусов и индикатором питания, подходит для использования в играх. | R83: http://gofile.me/649X4/4vyzUc70z | S83: -
A84: BX126 C на C Skillful 60W зарядный дата кабель | D84: 6941991129445 | E84: черный | F84: 110.9 | H84: =IF(ISBLANK(G84),"",IF(ISNUMBER(F84),ROUND(F84*G84,2),"Укажите цену")) | I84: 43 | J84: 17.57 | K84: 20.2*7*2 | L84: отсутствует | M84: нет данных | N84: 360 | O84: 63.9*44.8*46.3 | P84: 0.133 | Q84: 1. Длина: 1м. Вес: 30г. 2. Материал внешней оболочки: плетеная нить. 3. Материал разъемов: цинковый сплав. 4. Сердечник: (34/0.1)*2+(16/0.08)*3 OD2.7*6.3мм. 5. Поддерживает зарядку 60W для ноутбуков и зарядку 3A для мобильных телефонов. 6. Конструкция с углом 90 градусов и индикатором питания, подходит для использования в играх. | R84: http://gofile.me/649X4/r408q2GcF | S84: -
A85: BX125 Pacifico PD30W зарядный дата кабель iP | D85: 6941991127748 | E85: черный | F85: 163.09 | H85: =IF(ISBLANK(G85),"",IF(ISNUMBER(F85),ROUND(F85*G85,2),"Укажите цену")) | I85: 46 | J85: 19 | K85: 20.2*7.1*2 | L85: отсутствует | M85: нет данных | N85: 360 | O85: 63.9*44.8*46.3 | P85: 0.133 | Q85: 1. Длина: 1m; Вес: 40g 2. Внешний материал: нейлон 3. Материал коннекторов: цинковый сплав 4. Сердечник: (65/0.08) * 2+(16/0.08) * 3 OD3.8mm 5. Поддержка Apple PD 30W 6. Коннектор с изгибом под углом 90 градусов, который можно поворачивать и складывать для использования в качестве простого держателя | R85: http://gofile.me/649X4/Y1hAnIMQy | S85: -
A86: BX125 Pacifico 60W зарядный дата кабель C на C | D86: 6941991127755 | E86: черный | F86: 154.94 | H86: =IF(ISBLANK(G86),"",IF(ISNUMBER(F86),ROUND(F86*G86,2),"Укажите цену")) | I86: 46 | J86: 18.91 | K86: 20.2*7.1*2 | L86: отсутствует | M86: нет данных | N86: 360 | O86: 63.9*44.8*46.3 | P86: 0.133 | Q86: 1. Длина: 1m; Вес: 40g 2. Внешний материал: нейлон 3. Материал коннекторов: цинковый сплав 4. Core: (65/0.08) * 2+(16/0.08) * 3 OD3.8mm 5. Поддержка зарядки 60W для ноутбука и тока 3A для телефона 6. Коннектор с изгибом под углом 90 градусов, который можно поворачивать и складывать для использования в качестве простого держателя | R86: http://gofile.me/649X4/AZ2A7W3RN | S86: -
A87: BX124 Peace PD30W зарядный дата кабель iP | D87: 6941991127724 | E87: черный | F87: 97.86 | H87: =IF(ISBLANK(G87),"",IF(ISNUMBER(F87),ROUND(F87*G87,2),"Укажите цену")) | I87: 40 | J87: 16.6 | K87: 20.2*7.1*2.1 | L87: отсутствует | M87: нет данных | N87: 360 | O87: 63.9*44.8*46.3 | P87: 0.133 | Q87: 1. Длина: 1m; Вес: 27g 2. Внешний материал: нейлон 3. Материал коннекторов: алюминиевый сплав 4. Сердечник: (34/0.1) * 2+(16/0.08) * 3 OD7.5 * 2.3mm 5. Поддержка Apple PD 30W | R87: http://gofile.me/649X4/Gzb3NNMFW | S87: -
A88: BX124 Peace 60W зарядный дата кабель C на C | D88: 6941991127731 | E88: черный | F88: 78.29 | H88: =IF(ISBLANK(G88),"",IF(ISNUMBER(F88),ROUND(F88*G88,2),"Укажите цену")) | I88: 40 | J88: 16.5 | K88: 20.2*7.1*2.1 | L88: отсутствует | M88: нет данных | N88: 360 | O88: 63.9*44.8*46.3 | P88: 0.133 | Q88: 1. Длина: 1m; Вес: 27g 2. Внешний материал: нейлон 3. Материал коннекторов: алюминиевый сплав 4. Сердечник: (34/0.1) * 2+(16/0.08) * 3 OD7.5 * 2.3mm 5. Поддержка зарядки 60W для ноутбука и тока 3A для телефона | R88: http://gofile.me/649X4/lAtZC63b4 | S88: -
A89: BX121 Energy PD27W зарядный дата кабель iP (без упаковки) | D89: 6941991123009 | E89: черный | F89: 52.19 | H89: =IF(ISBLANK(G89),"",IF(ISNUMBER(F89),ROUND(F89*G89,2),"Укажите цену")) | I89: － | J89: 22 | K89: － | L89: отсутствует | M89: нет данных | N89: 1000 | O89: 40*30*32 | P89: 0.038 | Q89: MOQ: Один цвет, один коннектор 2000шт, заказы должны быть размещены в количестве, кратном 2000 1. Длина: 1m; Вес: 22g 2. Внешний материал: PVC 3. Материал коннекторов: PVC 4. Core: (34/0.1) * 2+(10/0.08) * 3 OD3.5mm 5. Поддержка Apple PD 27W | R89: http://gofile.me/649X4/uoR6Mr59t | S89: -
D90: 6941991123016 | E90: белый | F90: 52.19 | H90: =IF(ISBLANK(G90),"",IF(ISNUMBER(F90),ROUND(F90*G90,2),"Укажите цену"))
A91: BX121 Energy 60W зарядный дата кабель C на C (без упаковки) | D91: 6941991123085 | E91: черный | F91: 35.88 | H91: =IF(ISBLANK(G91),"",IF(ISNUMBER(F91),ROUND(F91*G91,2),"Укажите цену")) | I91: － | J91: 22 | K91: － | L91: отсутствует | M91: нет данных | N91: 1000 | O91: 40*30*32 | P91: 0.038 | Q91: MOQ: Один цвет, один коннектор 2000шт, заказы должны быть размещены в количестве, кратном 2000 1. Длина: 1m; Вес: 22g 2. Внешний материал: PVC 3. Материал коннекторов: PVC 4. Core: (34/0.1) * 2+(10/0.08) * 3 OD3.5mm 5. Зарядка 60W для ноутбука и ток 3A для телефона | R91: http://gofile.me/649X4/Zd7qurxuT | S91: -
D92: 6941991123092 | E92: белый | F92: 35.88 | H92: =IF(ISBLANK(G92),"",IF(ISNUMBER(F92),ROUND(F92*G92,2),"Укажите цену"))
A93: BX121 Energy зарядный дата кабель iP (без упаковки) | D93: 6941991123023 | E93: черный | F93: 30.99 | H93: =IF(ISBLANK(G93),"",IF(ISNUMBER(F93),ROUND(F93*G93,2),"Укажите цену")) | I93: － | J93: 20.8 | K93: － | L93: отсутствует | M93: нет данных | N93: 1000 | O93: 40*30*32 | P93: 0.038 | Q93: MOQ: Один цвет, один коннектор 2000шт, заказы должны быть размещены в количестве, кратном 2000 1. Длина: 1m; Вес: 22g 2. Внешний материал: PVC 3. Материал коннекторов: PVC 4. Core: (26/0.1) * 2+(10/0.08) * 2 OD3.2mm 5. Ток до 2,4А | R93: http://gofile.me/649X4/k2fWNFJ1s | S93: -
D94: 6941991123030 | E94: белый | F94: 30.99 | H94: =IF(ISBLANK(G94),"",IF(ISNUMBER(F94),ROUND(F94*G94,2),"Укажите цену"))
A95: BX121 Energy зарядный дата кабель Micro (без упаковки) | D95: 6941991123047 | E95: черный | F95: 22.83 | H95: =IF(ISBLANK(G95),"",IF(ISNUMBER(F95),ROUND(F95*G95,2),"Укажите цену")) | I95: － | J95: 19 | K95: － | L95: отсутствует | M95: нет данных | N95: 1000 | O95: 40*30*32 | P95: 0.038 | Q95: MOQ: Один цвет, один коннектор 2000шт, заказы должны быть размещены в количестве, кратном 2000 1. Длина: 1m; Вес: 22g 2. Внешний материал: PVC 3. Материал коннекторов: PVC 4. Core: (26/0.1) * 2+(10/0.08) * 2 OD3.2mm 5. Ток до 2,4А | R95: http://gofile.me/649X4/BTMQzFW8V | S95: -
D96: 6941991123054 | E96: белый | F96: 22.83 | H96: =IF(ISBLANK(G96),"",IF(ISNUMBER(F96),ROUND(F96*G96,2),"Укажите цену"))
A97: BX121 Energy зарядный дата кабель Type-C (без упаковки) | D97: 6941991123061 | E97: черный | F97: 28.54 | H97: =IF(ISBLANK(G97),"",IF(ISNUMBER(F97),ROUND(F97*G97,2),"Укажите цену")) | I97: － | J97: 21.9 | K97: － | L97: отсутствует | M97: нет данных | N97: 1000 | O97: 40*30*32 | P97: 0.038 | Q97: MOQ: Один цвет, один коннектор 2000шт, заказы должны быть размещены в количестве, кратном 2000 1. Длина: 1m; Вес: 22g 2. Внешний материал: PVC 3. Материал коннекторов: PVC 4. Core: (26/0.1) * 2+(10/0.08) * 2 OD3.2mm 5. Ток до 34А | R97: http://gofile.me/649X4/PCtU802Of | S97: -
D98: 6941991123078 | E98: белый | F98: 28.54 | H98: =IF(ISBLANK(G98),"",IF(ISNUMBER(F98),ROUND(F98*G98,2),"Укажите цену"))
A99: BX121 Energy PD27W зарядный дата кабель iP (в упаковке) | D99: 6941991123009 | E99: черный | F99: 56.27 | H99: =IF(ISBLANK(G99),"",IF(ISNUMBER(F99),ROUND(F99*G99,2),"Укажите цену")) | I99: 35 | J99: 14.92 | K99: 20.2*7.1*2 | L99: отсутствует | M99: нет данных | N99: 360 | O99: 63.9*44.8*46.3 | P99: 0.133 | Q99: MOQ: Один коннектор, один цвет - одна коробка, необходимо оформить заказ в соответствии с количеством коробок 1. Длина: 1m; Вес: 22g 2. Внешний материал: PVC 3. Материал коннекторов: PVC 4. Core: (34/0.1) * 2+(10/0.08) * 3 OD3.5mm 5. Поддержка Apple PD 27W | R99: http://gofile.me/649X4/uoR6Mr59t | S99: -
D100: 6941991123016 | E100: белый | F100: 56.27 | H100: =IF(ISBLANK(G100),"",IF(ISNUMBER(F100),ROUND(F100*G100,2),"Укажите цену"))
A101: BX121 Energy 60W зарядный дата кабель C на C (в упаковке) | D101: 6941991123085 | E101: черный | F101: 39.96 | H101: =IF(ISBLANK(G101),"",IF(ISNUMBER(F101),ROUND(F101*G101,2),"Укажите цену")) | I101: 35 | J101: 15 | K101: 20.2*7.1*2 | L101: отсутствует | M101: нет данных | N101: 360 | O101: 63.9*44.8*46.3 | P101: 0.133 | Q101: MOQ: Один коннектор, один цвет - одна коробка, необходимо оформить заказ в соответствии с количеством коробок 1. Длина: 1m; Вес: 22g 2. Внешний материал: PVC 3. Материал коннекторов: PVC 4. Core: (34/0.1) * 2+(10/0.08) * 3 OD3.5mm 5. Зарядка 60W для ноутбука и ток 3A для телефона | R101: http://gofile.me/649X4/Zd7qurxuT | S101: -
D102: 6941991123092 | E102: белый | F102: 39.96 | H102: =IF(ISBLANK(G102),"",IF(ISNUMBER(F102),ROUND(F102*G102,2),"Укажите цену"))
A103: BX121 Energy зарядный дата кабель iP (в упаковке) | D103: 6941991123023 | E103: черный | F103: 35.07 | H103: =IF(ISBLANK(G103),"",IF(ISNUMBER(F103),ROUND(F103*G103,2),"Укажите цену")) | I103: 34 | J103: 14.69 | K103: 20.2*7.1*2 | L103: отсутствует | M103: нет данных | N103: 360 | O103: 63.9*44.8*46.3 | P103: 0.133 | Q103: MOQ: Один коннектор, один цвет - одна коробка, необходимо оформить заказ в соответствии с количеством коробок 1. Длина: 1m; Вес: 22g 2. Внешний материал: PVC 3. Материал коннекторов: PVC 4. Core: (26/0.1) * 2+(10/0.08) * 2 OD3.2mm 5. Ток до 2,4А | R103: http://gofile.me/649X4/k2fWNFJ1s | S103: -
...

Sheet Переходники и хабы
A2: Переходники и хабы
A3: Наименование | B3: Фото товара | C3: Упаковка | D3: Артикул / штрихкод | E3: Цвет | F3: цена | G3: Количество к заказу | H3: Сумма заказа, ₽ | I3: Вес G.W.(г) | J3: Вес большой коробки (кг) | K3: Рзмер индивидуальной упаковки (см) | L3: Кол-во в средней коробке (шт) | M3: Размер средней коробки (см) | N3: Кол-во в большой коробке (шт) | O3: Размер большой коробки (см) | P3: VOLUME (cbm) | Q3: Описание | R3: Сыллка на фото | S3: Ссылка на видео
A4: Серия FH — док-станции и хабы
A5: FH1 4-в-1 конвертер (USB на USB2.0*3+USB3.0) | D5: 6941991126116 | E5: металлик | F5: 120.69 | H5: =IF(ISBLANK(G5),"",IF(ISNUMBER(F5),ROUND(F5*G5,2),"Укажите цену")) | I5: 29 | J5: 10.12 | K5: 14.2*8.6*1.7 | L5: 46 | M5: 37*23.3*12.5 | N5: 276 | O5: 48.2*38.6*40 | P5: 0.074 | Q5: 1. Материал: алюминиевый сплав 2. размер: 95 * 29 * 7.5mm; Вес: 14g 3. Интерфейс: USB на USB 2.0 * 3+USB 3.0 4. Теоретическая скорость передачи: 3.0 до 5Gbps, 2.0 до 480Mbps 5. 4 USB могут использоваться одновременно | R5: http://gofile.me/649X4/Xv5ueykaV | S5: -
A6: FH1A 4-в-1 конвертер (Type-C на USB2.0*3+USB3.0) | D6: 6941991126123 | E6: металлик | F6: 120.69 | H6: =IF(ISBLANK(G6),"",IF(ISNUMBER(F6),ROUND(F6*G6,2),"Укажите цену")) | I6: 28 | J6: 9.7 | K6: 14.2*8.6*1.7 | L6: 46 | M6: 37*23.3*12.5 | N6: 276 | O6: 48.2*38.6*40 | P6: 0.074 | Q6: 1. Материал: алюминиевый сплав 2. размер: 95 * 25 * 7.5mm; Вес: 14g 3. Интерфейс: Type-C на USB 2.0 * 3+USB 3.0 4. Теоретическая скорость передачи: 3.0 up to 5Gbps, 2.0 up to 480Mbps 5. 4 USB могут использоваться одновременно | R6: http://gofile.me/649X4/oj87vk7ss | S6: -
A8: Серия DH (док-станция расширения USB-HUB)
A9: DH8 USB BT адаптер | D9: 6941991109652 | E9: черный | F9: 171.25 | H9: =IF(ISBLANK(G9),"",IF(ISNUMBER(F9),ROUND(F9*G9,2),"Укажите цену")) | I9: 10 | J9: 4.1 | K9: 13*8*0.9 | L9: 33 | M9: 29.8*14.5*8.7 | N9: 264 | O9: 60.5*29.5*19.6 | P9: 0.035 | Q9: 1. Материал: пластик 2. Размер: 30*16*7mm; Вес: 2.5g 3. Bluetooth: V5.1 (поддержка Bluetooth 4.0, 3.0) 4. Скорость передачи: 3.0Mbps 5. Широкая подключение нескольких Bluetooth устройств одновременно. | R9: http://gofile.me/649X4/mZkbp1Lcw | S9: -
A11: Серия BV ( адаптер)
A12: BV26 iP штекер на USB гнездо USB2.0 адаптер | D12: 6941991123979 | E12: чёрный | F12: 89.7 | H12: =IF(ISBLANK(G12),"",IF(ISNUMBER(F12),ROUND(F12*G12,2),"Укажите цену")) | I12: 8 | J12: 14.15 | K12: 14.4*9.4*0.6 | L12: 250 | M12: 37*23.3*12.5 | N12: 1500 | O12: 48.2*38.6*40 | P12: 0.074 | Q12: 1. Коннектор: Lightning штекер на USB гнездо 2. Поддержка OTG для Apple телефонов, прямое чтение файло в приложении iPhone "File" 3. Зарядка не поддерживается | R12: http://gofile.me/649X4/7k5Grtsa6 | S12: -
A13: BV26A iP штекер на Type-C гнездо USB2.0 адаптер | D13: 6941991123986 | E13: чёрный | F13: 58.71 | H13: =IF(ISBLANK(G13),"",IF(ISNUMBER(F13),ROUND(F13*G13,2),"Укажите цену")) | I13: 5 | J13: 10.25 | K13: 14.4*9.4*0.6 | L13: 250 | M13: 37*23.3*12.5 | N13: 1500 | O13: 48.2*38.6*40 | P13: 0.074 | Q13: 1. Коннектор: Lightning штекер на Type-C гнездо 2. Поддержка передачи данных, не поддерживает OTG 3. Поддержка зарядки: 5V/2A USB на Type-C, 5V/2A Type-C на Type-C (нет PD функции) | R13: http://gofile.me/649X4/sbeE8JJIC | S13: -
A14: BV26B USB штекер на Type-C гнездо USB3.0 адаптер | D14: 6941991123993 | E14: чёрный | F14: 34.25 | H14: =IF(ISBLANK(G14),"",IF(ISNUMBER(F14),ROUND(F14*G14,2),"Укажите цену")) | I14: 10 | J14: 16.4 | K14: 14.4*9.4*0.6 | L14: 250 | M14: 37*23.3*12.5 | N14: 1500 | O14: 48.2*38.6*40 | P14: 0.074 | Q14: 1. Коннектор: USB штекер на Type-C гнездо 2. Поддержка передачи данных, чтение файлов на ПК с накопителя с Type-C интерфейсом 3. Поддержка зарядки: с кабелем Type-C на Lightning PD 5V/2A, с кабелем Type-C на Type-C 60W/ 3A, поддержка быстрой зарядки для Android телефонов Huawei FCP, Xiaomi, Samsung, OPPO, и др. | R14: http://gofile.me/649X4/3z0RPvqoR | S14: -
A15: BV26C Type-C штекер на USB гнездо USB3.0 адаптер | D15: 6941991123962 | E15: чёрный | F15: 26.1 | H15: =IF(ISBLANK(G15),"",IF(ISNUMBER(F15),ROUND(F15*G15,2),"Укажите цену")) | I15: 8 | J15: 14.45 | K15: 14.4*9.4*0.6 | L15: 250 | M15: 37*23.3*12.5 | N15: 1500 | O15: 48.2*38.6*40 | P15: 0.074 | Q15: 1. Коннектор: Type-C штекер на USB гнездо 2. Поддержка OTG, подключите накопитель с Type-C интерфейсом для чтения файлов 3. Поддержка зарядки. USB на Lightning 5V/1.5A (нет PD); USB на Type-C 5V/2A (не подходит для ноутбуков) | R15: http://gofile.me/649X4/gzhPtEieC | S15: -
A16: BV26D iP штекер/Type-C штекер/Micro штекер на USB гнездо USB2.0 3-в-1 адаптер | D16: 6941991124006 | E16: чёрный | F16: 138.63 | H16: =IF(ISBLANK(G16),"",IF(ISNUMBER(F16),ROUND(F16*G16,2),"Укажите цену")) | I16: 9 | J16: 15.29 | K16: 14.4*9.4*0.6 | L16: 250 | M16: 37*23.3*12.5 | N16: 1500 | O16: 48.2*38.6*40 | P16: 0.074 | Q16: 1. Коннектор: Lightning штекер/Type-C штекер /Micro штекер на USB гнездо, 3-в-1 2. Не поддерживает OTG, только чтение файлов 3. Type-C поддерживает зарядку (5V/1.5A) | R16: http://gofile.me/649X4/KEVw3Dq8c | S16: -
A17: BV18 USB штекер на Type-C гнездо USB2.0 адаптер | D17: 6941991104008 | E17: черный | F17: 68.5 | H17: =IF(ISBLANK(G17),"",IF(ISNUMBER(F17),ROUND(F17*G17,2),"Укажите цену")) | I17: 16 | J17: 8.99 | K17: 14.1*9*1.1 | L17: 70 | M17: 37*23.3*12.5 | N17: 420 | O17: 48.2*38.6*40 | P17: 0.074 | Q17: 1. Коннектор: штекер USB на гнездо Type-C. 2. Поддержка передачи данных и функции OTG. 3. С кабелем C-L можно заряжать устройства интерфейса Lightning с 5В / 2А, не поддерживает быструю зарядку PD; с помощью кабеля быстрой зарядки C-C мощностью 60 Вт поддерживает быструю зарядку током до 3А, совместим с Huawei, Xiaomi, Samsung, OPPO и другими мобильными телефонами. | R17: http://gofile.me/649X4/wbKbO64BT | S17: -
A18: BV18 Type-C штекер на USB гнездо USB3.0 адаптер | D18: 6941991104015 | E18: черный | F18: 68.5 | H18: =IF(ISBLANK(G18),"",IF(ISNUMBER(F18),ROUND(F18*G18,2),"Укажите цену")) | I18: 17 | J18: 9.49 | K18: 14.1*9.1*1.2 | L18: 70 | M18: 37*23.3*12.5 | N18: 420 | O18: 48.2*38.6*40 | P18: 0.074 | Q18: 1. Коннектор: Type-C штекер на USB гнездо. 2. Поддержка передачи данных и функции OTG. 3. С кабелем A-L можно заряжать устройства интерфейса Lightning с 5В / 2А, не поддерживает быструю зарядку PD; С кабелем A-C устройство с интерфейсом Type-C можно заряжать максимальным током 4А, поддерживает быструю зарядку для Huawei, Xiaomi и OPPO. | R18: http://gofile.me/649X4/qlJFOjCG3 | S18: -
A19: BV3 Type-C OTG адаптер | D19: 6957531090328 | E19: серебро | F19: 81.55 | H19: =IF(ISBLANK(G19),"",IF(ISNUMBER(F19),ROUND(F19*G19,2),"Укажите цену")) | I19: 17 | J19: 12.1 | K19: 19*7.5*0.5 | L19: 100 | M19: 37*23.3*12.5 | N19: 600 | O19: 48.2*38.6*40 | P19: 0.074 | Q19: 1. Материал: алюминий. 2. Функция: подключение мобильного телефона Type-C к USB накопителю / портативному жесткому диску (1 ГБ макс) или мобильному телефону iP / Type-C. 3. Поддержка зарядки подключенного мобильного телефона iP / Type-C и чтение / запись данных. 4. Размер: 3 * 1,5 * 0,7. Вес: 3 г. | R19: http://hoco.i234.me:8000/sharing/85xSLAj4n | S19: -
A21: Серия BUS
A22: BUS01 Category 6 Gigabit network cable(L=1M) | D22: 6941991103933 | E22: черный | F22: 73.39 | H22: =IF(ISBLANK(G22),"",IF(ISNUMBER(F22),ROUND(F22*G22,2),"Укажите цену")) | I22: 41 | J22: 13.5 | K22: 23.6*17.8*1.3 | L22: отсутствует | M22: нет данных | N22: 300 | O22: 57.8*33.7*49 | P22: 0.095 | Q22: 1, Материал:PVC, Длина: 1м 2. 6-cat gigabit сетевой кабель, композитный медный сердечник, стандартный 6-cat коннектор. 3, Подходит для маршрутизаторов, компьютеров, коммутаторов и другого коннекторного оборудования RJ45, используемого дома и в офисе | R22: http://gofile.me/649X4/sT4nbqkfm | S22: -
A23: BUS01 Category 6 Gigabit network cable(L=3M) | D23: 6941991103940 | E23: черный | F23: 97.86 | H23: =IF(ISBLANK(G23),"",IF(ISNUMBER(F23),ROUND(F23*G23,2),"Укажите цену")) | I23: 86 | J23: 15.58 | K23: 23.5*17.8*2.5 | L23: отсутствует | M23: нет данных | N23: 170 | O23: 57.8*33.7*49 | P23: 0.095 | Q23: 1, Материал:PVC, Длина: 3м 2. 6-cat gigabit сетевой кабель, композитный медный сердечник, стандартный 6-cat коннектор. 3, Подходит для маршрутизаторов, компьютеров, коммутаторов и другого коннекторного оборудования RJ45, используемого дома и в офисе | R23: http://gofile.me/649X4/sT4nbqkfm | S23: -
A24: BUS01 Category 6 Gigabit network cable(L=5M) | D24: 6941991103957 | E24: черный | F24: 146.78 | H24: =IF(ISBLANK(G24),"",IF(ISNUMBER(F24),ROUND(F24*G24,2),"Укажите цену")) | I24: 132 | J24: 18 | K24: 23.5*17.8*4 | L24: отсутствует | M24: нет данных | N24: 130 | O24: 57.8*33.7*49 | P24: 0.095 | Q24: 1, Материал:PVC, Длина: 5м 2. 6-cat gigabit сетевой кабель, композитный медный сердечник, стандартный 6-cat коннектор. 3, Подходит для маршрутизаторов, компьютеров, коммутаторов и другого коннекторного оборудования RJ45, используемого дома и в офисе | R24: http://gofile.me/649X4/sT4nbqkfm | S24: -
A25: BUS01 Category 6 Gigabit network cable(L=8M) | D25: 6941991103964 | E25: черный | F25: 212.02 | H25: =IF(ISBLANK(G25),"",IF(ISNUMBER(F25),ROUND(F25*G25,2),"Укажите цену")) | I25: 199 | J25: 18.85 | K25: 23.7*17.5*2.5 | L25: отсутствует | M25: нет данных | N25: 90 | O25: 57.8*33.7*49 | P25: 0.095 | Q25: 1, Материал:PVC, Длина: 8м 2. 6-cat gigabit сетевой кабель, композитный медный сердечник, стандартный 6-cat коннектор. 3, Подходит для маршрутизаторов, компьютеров, коммутаторов и другого коннекторного оборудования RJ45, используемого дома и в офисе | R25: http://gofile.me/649X4/sT4nbqkfm | S25: -
A26: BUS01 Category 6 Gigabit network cable(L=10M) | D26: 6941991103971 | E26: черный | F26: 244.64 | H26: =IF(ISBLANK(G26),"",IF(ISNUMBER(F26),ROUND(F26*G26,2),"Укажите цену")) | I26: 240 | J26: 21.65 | K26: 23*17.8*4 | L26: отсутствует | M26: нет данных | N26: 85 | O26: 57.8*33.7*49 | P26: 0.095 | Q26: 1, Материал:PVC, Длина: 10м 2. 6-cat gigabit сетевой кабель, композитный медный сердечник, стандартный 6-cat коннектор. 3, Подходит для маршрутизаторов, компьютеров, коммутаторов и другого коннекторного оборудования RJ45, используемого дома и в офисе | R26: http://gofile.me/649X4/sT4nbqkfm | S26: -
F27: Итого к оплате, ₽ | H27: =IF(COUNTIFS(H5:H26,"Укажите цену")>0,"Укажите цены",SUM(H5:H26)) -> 0

Sheet Внешние аккумуляторы
A2: Внешние аккумуляторы
A3: Наименование | B3: Фото товара | C3: Упаковка | D3: Артикул / штрихкод | E3: Цвет | F3: цена | G3: Количество к заказу | H3: Сумма заказа, ₽ | I3: Вес G.W.(г) | J3: Вес большой коробки (кг) | K3: Рзмер индивидуальной упаковки (см) | L3: Кол-во в средней коробке (шт) | M3: Размер средней коробки (см) | N3: Кол-во в большой коробке (шт) | O3: Размер большой коробки (см) | P3: VOLUME (cbm) | Q3: Описание | R3: Сыллка на фото | S3: Ссылка на видео
A4: Модели с сертификацией CCC
A5: BJ94 Origium PD20W магнитный пауэрбанк (10000mAh)(CCC) | D5: 6941991130007 | E5: белый | F5: 1060.11 | H5: =IF(ISBLANK(G5),"",IF(ISNUMBER(F5),ROUND(F5*G5,2),"Укажите цену")) | I5: 234 | J5: 14.41 | K5: 19.1*8.5*2.2 | L5: отсутствует | M5: нет данных | N5: 60 | O5: 36*26*27 | P5: 0.025 | Q5: 1. Емкость: 10000mAh 38.5Wh. Номинальная емкость: 5300mAh. 2. Вход: Type-C: 18W. 3. Выход: Type-C: 20W (PD/QC/FCP/AFC). Выход беспроводной зарядки: 5W/7.5W/10W/15W. Общий выход: 5V/3A. 4. Отображение: светодиодный индикатор уровня заряда. 5. Материал: трудновоспламеняемый корпус ABS+PC + литий-полимерный элемент. 6. Размеры: 101*65*19 мм. Вес: 190 г. | R5: http://gofile.me/649X4/kcwEK02GS | S5: -
A6: BJ93 Skillux PD20W пауэрбанк с кабелем (10000mAh)(CCC) 「Неопасные товары」 | D6: 6941991129995 | E6: серебро | F6: 1092.73 | H6: =IF(ISBLANK(G6),"",IF(ISNUMBER(F6),ROUND(F6*G6,2),"Укажите цену")) | I6: 213 | J6: 12.03 | K6: 19.2*8.6*2.6 | L6: отсутствует | M6: нет данных | N6: 54 | O6: 36*26*27 | P6: 0.025 | Q6: 1. Емкость: 10000mAh 38.5Wh. Номинальная емкость: 6000mAh. 2. Вход: Type-C: 18W. 3. Выход: Type-C/кабель Type-C: 20W (PD/QC/FCP/AFC). Кабель Lightning: 5V/2.4A. Общий выход: 5V/3A. 4. Материал: корпус из ABS+PC с защитой от возгорания + литий-полимерный аккумулятор. 5. Размер: 70*64*26 мм. Вес: 175 г. | R6: http://gofile.me/649X4/LCkeTSSOK | S6: -
A7: BJ90 Pasar пауэрбанк (10000mAh)(CCC) | D7: 6941991129292 | E7: чёрный | F7: 497.44 | H7: =IF(ISBLANK(G7),"",IF(ISNUMBER(F7),ROUND(F7*G7,2),"Укажите цену")) | I7: 262 | J7: 16.18 | K7: 19.4*8.7*2.5 | L7: отсутствует | M7: нет данных | N7: 60 | O7: 36*26*27 | P7: 0.025 | Q7: 1. Ёмкость: 10000 мА·ч 37 Вт·ч; Номинальная ёмкость: 5300 мА·ч 2. Вход: Micro/Type-C: 5 В/2,1 А 3. Выход: USB1/USB2: 5 В/2,1 А; Общий выход: 5 В/2,1 А 4. Индикация: светодиодный индикатор уровня заряда 5. Материал: ABS+PC+литий-полимерный аккумуляторный элемент 6. Размер: 140 × 67,5 × 16 мм; Вес: 220 г | R7: http://gofile.me/649X4/ZjsiyKRJo | S7: -
A8: BJ90A Pasar пауэрбанк (20000mAh)(CCC) 「Неопасные товары」 | D8: 6941991129308 | E8: чёрный | F8: 782.85 | H8: =IF(ISBLANK(G8),"",IF(ISNUMBER(F8),ROUND(F8*G8,2),"Укажите цену")) | I8: 455 | J8: 19.6 | K8: 19.5*8.7*3.5 | L8: отсутствует | M8: нет данных | N8: 42 | O8: 36*26*27 | P8: 0.025 | Q8: 1. Ёмкость: 20000 мА·ч 74 Вт·ч; Номинальная ёмкость: 10600 мА·ч 2. Вход: Micro/Type-C: 5 В/2,1 А 3. Выход: USB1/USB2: 5 В/2,1 А; Общий выход: 5 В/2,1 А 4. Индикация: светодиодный индикатор уровня заряда 5. Материал: ABS+PC+литий-полимерный аккумуляторный элемент 6. Размер: 142 × 68 × 28,5 мм; Вес: 400 г | R8: http://gofile.me/649X4/KKGN7LgGw | S8: -
A10: Серия BJ (настоящий стандарт)
A11: BJ91 Alba 22.5W+PD20W 4-cable+lighting power bank(40000mAh) | D11: 6941991129759 | E11: чёрный | F11: 2152.84 | H11: =IF(ISBLANK(G11),"",IF(ISNUMBER(F11),ROUND(F11*G11,2),"Укажите цену")) | I11: 863 | J11: 13.59 | K11: 17.8*11.5*10.3 | L11: отсутствует | M11: нет данных | N11: 15 | O11: 53.5*36*19.8 | P11: 0.038 | Q11: 1. Емкость: 40000mAh 128Wh. Номинальная мощность: 20000mAh. 2. Вход: Тип-C1: 18W. Кабель типа C2/USB-A: 5В/2А. 3. Выход: Тип-C1: 20 Вт (PD/QC/FCP/AFC). USB-A: 22,5 Вт (QC/FCP/SCP/AFC). USB-A2/Micro кабель/Type-C кабель/iP кабель: 5V/2A. Общая мощность: 5В / 2А. 4. Дисплей: светодиодный цифровой индикатор уровня батареи. 5. Материал: негорючий корпус ABS+PC. Аккумулятор LiFePO₄. 6. Размеры: 81*66*145мм. Вес: 860г. | R11: http://gofile.me/649X4/iHJZ2RAP9 | S11: -
A12: BJ91A Alba 22.5W+PD20W 4-cable+lighting power bank(60000mAh) | D12: 6941991129896 | E12: чёрный | F12: 2739.98 | H12: =IF(ISBLANK(G12),"",IF(ISNUMBER(F12),ROUND(F12*G12,2),"Укажите цену")) | I12: 1191 | J12: 15 | K12: 17.8*12.9*11.5 | L12: отсутствует | M12: нет данных | N12: 12 | O12: 53.5*36*19.8 | P12: 0.038 | Q12: 1. Емкость: 60000mAh 192Wh; Номинальная мощность: 30000mAh 2. Вход: Тип-C1: 18W; Кабель типа C2/USB-A: 5В/2А 3. Выход: Тип-C1: 20W (PD/QC/FCC/AFC); USB-A: 22,5 Вт (QC/FCP/SCP/AFC); USB-A2/Micro кабель/Type-C кабель/IP кабель: 5V/2A; Общая мощность: 5V / 2A 4. Дисплей: светодиодный цифровой дисплей уровня батареи 5. Материал: негорючий корпус ABS+PC. Аккумулятор LiFePO₄. 6. Size: 81 * 91 * 145mm; Вес: 1150г | R12: http://gofile.me/649X4/G5VY1TDUh | S12: -
A13: BJ89 Salte PD20W портативный аккумулятор с лампой и 2 кабелями (10000mAh) | D13: 6941991128448 | E13: чёрный | F13: 1035.65 | H13: =IF(ISBLANK(G13),"",IF(ISNUMBER(F13),ROUND(F13*G13,2),"Укажите цену")) | I13: 227 | J13: 10.04 | K13: 18.3*8.7*3.5 | L13: отсутствует | M13: нет данных | N13: 42 | O13: 36*26*27 | P13: 0.025 | Q13: 1. Емкость: 10000mAh 38.5Wh; Номинальная емкость: 6000mAh 2. Вход: USB-C: 18W 3. Выход: USB-C/USB-C кабель: 20W (PD/QC/FCC/AFC); IP кабель: 5V/2.4A; Общий выход: 5V/2A 4. Индикация: LED цифровой дисплей уровня заряда 5. Материал: PC+ABS огнеупорный+литий-полимерный аккумулятор 6. Размер: 98 * 50 * 30mm; вес: 185g“ | R13: http://gofile.me/649X4/byd1hUzdy | S13: -
A14: BJ87 Star портативный аккумулятор с фонариком и кабелем (5000mAh) 「Неопасные товары」 | D14: 6941991126901 | E14: чёрный и серый | F14: 546.37 | H14: =IF(ISBLANK(G14),"",IF(ISNUMBER(F14),ROUND(F14*G14,2),"Укажите цену")) | I14: 135 | J14: 8.93 | K14: 15.7*8.6*3.2 | L14: отсутствует | M14: нет данных | N14: 62 | O14: 36*26*27 | P14: 0.025 | Q14: 1. Емкость: 5000mAh 18.5Wh номинальная емкость 2. Вход: USB-C: 5V/2A 3. Выход: USB-C: 5V/2A; Общий Выход: 5V/2A 4. Индикация: LED индикатор уровня заряда 5. Материал: PC+ABSогнеупорный корпус+21700 батарея 6. Размер: 108 * 31 * 29mm; вес: 105g | R14: http://gofile.me/649X4/iac1Hwuh5 | S14: -
A15: BJ85 Myriad портативный аккумулятор 22.5W+PD20W+лампа (100000mAh) | D15: 6941991125560 | E15: чёрный | F15: 3800.09 | H15: =IF(ISBLANK(G15),"",IF(ISNUMBER(F15),ROUND(F15*G15,2),"Укажите цену")) | I15: 1963 | J15: 16.41 | K15: 18.5*16.6*10 | L15: отсутствует | M15: нет данных | N15: 8 | O15: 42*34.8*20.2 | P15: 0.03 | Q15: 1. Емкость: 100000mAh 370Wh Номинальная емкость: 55000mAh 2. Вход: USB-C/Micro/IP: 18W 3. Выход: USB-C: 20W (PD/QC/FCC/AFC); USB-A1/A3：22.5W（QC/FCP/SCP/AFC）； USB-A2/A4：5V/3A； Общий Выход: 5V/2A 4. Дисплей: LED цифровой уровня заряда 5. Материал: ABS+PC+литий-полимерный аккумулятор 6. Размер: 151 * 132 * 66mm; Вес: 1950g | R15: http://gofile.me/649X4/CT2JL9Hyj | S15: -
A16: BJ84 Smooth портативный аккумулятор с 4 кабелями (10000mAh) | D16: 6941991126161 | E16: чёрный | F16: 521.9 | H16: =IF(ISBLANK(G16),"",IF(ISNUMBER(F16),ROUND(F16*G16,2),"Укажите цену")) | I16: 281 | J16: 12.82 | K16: 20*9.8*2.6 | L16: отсутствует | M16: нет данных | N16: 44 | O16: 36*26*27 | P16: 0.025 | Q16: 1. Ёмкость: 10000mAh 37Wh Номинальная ёмкость: 5500mAh 2. Вход: USB-C/USB-A кабель: 5V/2A 3. Выход: USB-A: 5V/2A; Micro USB кабель/USB-C кабель/IP кабель: 5V/2A; Общий выход: 5V/2A 4. Индикация: LED индикатор 5. Материал: ABS+PC+литий-полимерная батарея 6. Размер: 147 * 68 * 22mm; Вес: 248g | R16: http://gofile.me/649X4/fgDOPziu6 | S16: -
A17: BJ84A Smooth портативный аккумулятор с 4 кабелями (20000mAh)「Неопасные товары」 | D17: 6941991126178 | E17: чёрный | F17: 815.47 | H17: =IF(ISBLANK(G17),"",IF(ISNUMBER(F17),ROUND(F17*G17,2),"Укажите цену")) | I17: 461 | J17: 14.8 | K17: 19.6*9.7*3.7 | L17: отсутствует | M17: нет данных | N17: 31 | O17: 36*26*27 | P17: 0.025 | Q17: 1. Ёмкость: 20000mAh 74Wh Номинальная ёмкость: 11000mAh 2. Вход: USB-C/USB-A кабель: 5V/2A 3. Выход: USB-A: 5V/2A; Micro USB кабель/USB-C кабель/IP кабель: 5V/2A; общий выход: 5V/2A 4. Индикация: LED индикатор 5. Материал: ABS+PC+литий-полимерная батарея 6. Размер: 147 * 68 * 33mm; Вес: 420g | R17: http://gofile.me/649X4/OyZX1CmkY | S17: -
A18: BJ82 Dawn магнитный портативный аккумулятор (5000mAh) 「Неопасные товары」 | D18: 6941991124792 | E18: чёрный | F18: 685 | H18: =IF(ISBLANK(G18),"",IF(ISNUMBER(F18),ROUND(F18*G18,2),"Укажите цену")) | I18: 169 | J18: 12.6 | K18: 19.3*8.7*2 | L18: отсутствует | M18: нет данных | N18: 72 | O18: 36*26*27 | P18: 0.025 | Q18: 1. Емкость: 5000mAh 18.5Wh Номинальная емкость: 2600mAh 2. Вход: USB-C: 5V/2A 3. Выход: USB-A: 5V/2A; Беспроводная зарядка: 5W; общий выход: 5V/2A 4. Дисплей: LED индикатор 5. Материал: ABS+PC+литий-полимерная батарея 6. Размер: 100 * 64 * 16mm; Вес: 140g | R18: http://gofile.me/649X4/t5Rd6rSam | S18: -
A19: BJ82A Dawn PD20W магнитный портативный аккумулятор (10000mAh) | D19: 6941991124808 | E19: чёрный | F19: 1019.34 | H19: =IF(ISBLANK(G19),"",IF(ISNUMBER(F19),ROUND(F19*G19,2),"Укажите цену")) | I19: 236 | J19: 16.07 | K19: 19.3*8.7*2.4 | L19: отсутствует | M19: нет данных | N19: 60 | O19: 36*26*27 | P19: 0.025 | Q19: 1. Емкость: 10000mAh 38.5Wh Номинальная емкость: 5500mAh 2. Вход: USB-C: 18W 3. Выход: USB-C: 20W (PD/QC/FCC/AFC); Беспроводная зарядка: 5W/7.5W/10W/15W (MagSafe 7.5W); общий выход: 5V/2A 4. Дисплей: LED индикатор 5. Материал: ABS+PC+литий-полимерная батарея 6. Размер: 100 * 69 * 18mm; Вес: 200g | R19: http://gofile.me/649X4/aRs6r4tmy | S19: -
A20: BJ80 Clever 22.5W+PD20W универсальный портативный аккумулятор (10000mAh) | D20: 6941991121593 | E20: чёрный | F20: 660.53 | H20: =IF(ISBLANK(G20),"",IF(ISNUMBER(F20),ROUND(F20*G20,2),"Укажите цену")) | I20: 262 | J20: 17.7 | K20: 19.4*8.8*2.2 | L20: отсутствует | M20: нет данных | N20: 66 | O20: 36*26*27 | P20: 0.025 | Q20: 1. Емкость: 10000mAh 37Wh Номинальная емкость: 5500mAh 2. Вход: USB-C/Micro-USB: 18W 3. Выход: USB-A1/A2: 22.5W (QC/FCP/SCP/AFC). USB-C: 20W (PD/QC/FCP/AFC). Общий выход: 5V/2A 4. Индикация: LED индикатор уровня заряда. 5. Материал: ABS+PC+литий-полимерная батарея 6. Размер: 146 * 68 * 17mm; Вес: 230g | R20: http://gofile.me/649X4/nlNOMAaQp | S20: http://gofile.me/649X4/wxc79O3Gn
D21: 6941991121609 | E21: белый | F21: 660.53 | H21: =IF(ISBLANK(G21),"",IF(ISNUMBER(F21),ROUND(F21*G21,2),"Укажите цену"))
A22: BJ80A Clever 22.5W+PD20W универсальный портативный аккумулятор (20000mAh) 「Неопасные товары」 | D22: 6941991121616 | E22: чёрный | F22: 962.26 | H22: =IF(ISBLANK(G22),"",IF(ISNUMBER(F22),ROUND(F22*G22,2),"Укажите цену")) | I22: 450 | J22: 19.36 | K22: 19.3*8.7*3.3 | L22: отсутствует | M22: нет данных | N22: 42 | O22: 36*26*27 | P22: 0.025 | Q22: 1. Емкость: 20000mAh 74Wh Номинальная емкость: 11000mAh 2. Вход: USB-C/Micro-USB: 18W 3. Выход: USB-A1/A2: 22.5W (QC/FCP/SCP/AFC). USB-C: 20W (PD/QC/FCP/AFC). Общий выход: 5V/2A 4. Индикация: LED индикатор уровня заряда. 5. Материал: ABS+PC+литий-полимерная батарея 6. Размер: 147 * 70 * 66mm; Вес: 965g | R22: http://gofile.me/649X4/iZ74EgV0j | S22: http://gofile.me/649X4/wxc79O3Gn
D23: 6941991121623 | E23: белый | F23: 962.26 | H23: =IF(ISBLANK(G23),"",IF(ISNUMBER(F23),ROUND(F23*G23,2),"Укажите цену"))
A24: BJ80B Clever 22.5W+PD20W универсальный портативный аккумулятор (30000mAh) | D24: 6941991121630 | E24: чёрный | F24: 1280.29 | H24: =IF(ISBLANK(G24),"",IF(ISNUMBER(F24),ROUND(F24*G24,2),"Укажите цену")) | I24: 653 | J24: 20 | K24: 17*8.8*4.7 | L24: отсутствует | M24: нет данных | N24: 30 | O24: 36*26*27 | P24: 0.025 | Q24: 1. Емкость: 30000mAh 111Wh Номинальная емкость: 16500mAh 2. Вход: USB-C/Micro USB: 18W 3. Выход: USB-A1/A2:22.5W (QC/FCP/SCP/AFC). USB-C: 20W (PD/QC/FCP/AFC). Общий выход: 5V/2A. 4. Индикация: LED индикатор уровня заряда. 5. Материал: ABS+PC+polymer electronics 6. Размер: 147 * 70 * 66mm Вес: 965г | R24: http://gofile.me/649X4/lkYSknVYS | S24: http://gofile.me/649X4/wxc79O3Gn
A25: BJ80C Clever 22.5W+PD20W универсальный портативный аккумулятор (50000mAh) | D25: 6941991121654 | E25: чёрный | F25: 1891.89 | H25: =IF(ISBLANK(G25),"",IF(ISNUMBER(F25),ROUND(F25*G25,2),"Укажите цену")) | I25: 1016 | J25: 18.7 | K25: 17*8.7*7.2 | L25: отсутствует | M25: нет данных | N25: 18 | O25: 36*26*27 | P25: 0.025 | Q25: 1. Емкость: 50000mAh 185Wh Номинальная емкость: 27500mAh 2. Вход: USB-C/Micro-USB: 18W 3. Выход: USB-A1/A2: 22.5W (QC/FCP/SCP/AFC). USB-C: 20W (PD/QC/FCP/AFC). Общий выход: 5V/2A 4. Индикация: LED индикатор уровня заряда. 5. Материал: ABS+PC+литий-полимерная батарея 6. Размер: 147 * 70 * 66mm; Вес: 965g | R25: http://gofile.me/649X4/f5dbYGHaV | S25: http://gofile.me/649X4/wxc79O3Gn
A26: BJ79 Clever портативный аккумулятор с 3 кабелями (10000mAh) | D26: 6941991121531 | E26: чёрный | F26: 570.83 | H26: =IF(ISBLANK(G26),"",IF(ISNUMBER(F26),ROUND(F26*G26,2),"Укажите цену")) | I26: 263 | J26: 17.86 | K26: 19.2*8.7*2.2 | L26: отсутствует | M26: нет данных | N26: 66 | O26: 36*26*27 | P26: 0.025 | Q26: 1. Емкость: 10000mAh 37Wh Номинальная емкость: 5500mAh 2. Вход: USB-C/USB-A кабель: 5V/2A 3. Выход: USB-A: 5V/2A. USB-C/IP кабель: 5V/2A. Общий выход: 5V/2A 4. Индикация: LED индикатор уровня заряда. 5. Материал: ABS+PC+литий-полимерная батарея 6. Размер: 146 * 68 * 17mm; Вес: 230g | R26: http://gofile.me/649X4/wJX0lxyt9 | S26: http://gofile.me/649X4/DacVpjEhO
D27: 6941991121548 | E27: белый | F27: 570.83 | H27: =IF(ISBLANK(G27),"",IF(ISNUMBER(F27),ROUND(F27*G27,2),"Укажите цену"))
A28: BJ79A Clever портативный аккумулятор с 3 кабелями (20000mAh) 「Неопасные товары」 | D28: 6941991121555 | E28: чёрный | F28: 888.86 | H28: =IF(ISBLANK(G28),"",IF(ISNUMBER(F28),ROUND(F28*G28,2),"Укажите цену")) | I28: 455 | J28: 19.56 | K28: 19.7*8.7*2.3 | L28: отсутствует | M28: нет данных | N28: 42 | O28: 36*26*27 | P28: 0.025 | Q28: 1. Емкость: 20000mAh 74Wh Номинальная емкость: 11000mAh 2. Вход: USB-C/USB-A кабель: 5V/2A 3. Выход: USB-A: 5V/2A. USB-C/IP кабель: 5V/2A. Общий выход: 5V/2A. 4. Индикация: LED индикатор уровня заряда. 5. Материал: ABS+PC+литий-полимерная батарея 6. Размер: 146 * 69 * 29mm; Вес: 410g | R28: http://gofile.me/649X4/UonFozAof | S28: http://gofile.me/649X4/DacVpjEhO
D29: 6941991121562 | E29: белый | F29: 888.86 | H29: =IF(ISBLANK(G29),"",IF(ISNUMBER(F29),ROUND(F29*G29,2),"Укажите цену"))
A30: BJ79B Clever портативный аккумулятор с 3 кабелями (30000mAh) | D30: 6941991121579 | E30: чёрный | F30: 1198.74 | H30: =IF(ISBLANK(G30),"",IF(ISNUMBER(F30),ROUND(F30*G30,2),"Укажите цену")) | I30: 661 | J30: 20.16 | K30: 17*8.7*4.7 | L30: отсутствует | M30: нет данных | N30: 30 | O30: 36*26*27 | P30: 0.025 | Q30: 1. Емкость: 30000mAh 111Wh Номинальная емкость: 16500mAh 2. Вход: USB-C/USB-A кабель: 5V/2A 3. Выход: USB-A: 5V/2A. USB-C/IP кабель: 5V/2A. Общий выход: 5V/2A. 4. Индикация: LED индикатор уровня заряда. 5. Материал: ABS+PC+литий-полимерная батарея 6. Размер: 146 * 69 * 40mm; Вес: 605g | R30: http://gofile.me/649X4/aTSK1eKWB | S30: http://gofile.me/649X4/DacVpjEhO
A31: BJ79C Clever портативный аккумулятор с 3 кабелями (50000mAh) | D31: 6941991121586 | E31: чёрный | F31: 1859.27 | H31: =IF(ISBLANK(G31),"",IF(ISNUMBER(F31),ROUND(F31*G31,2),"Укажите цену")) | I31: 1033 | J31: 19.1 | K31: 17*8.7*7.2 | L31: отсутствует | M31: нет данных | N31: 18 | O31: 36*26*27 | P31: 0.025 | Q31: 1. Емкость: 50000mAh 185Wh Номинальная емкость: 27500mAh 2. Вход: USB-C/USB-A кабель: 5V/2A 3. Выход: USB-A: 5V/2A. USB-C/IP кабель: 5V/2A. Общий выход: 5V/2A. 4. Индикация: LED индикатор уровня заряда. 5. Материал: ABS+PC+литий-полимерная батарея 6. Размер: 147 * 70 * 66mm; Вес: 965g | R31: http://gofile.me/649X4/WmyrDIAtG | S31: http://gofile.me/649X4/DacVpjEhO
A32: BJ78 Clever портативный аккумулятор (10000mAh) | D32: 6941991121470 | E32: чёрный | F32: 513.75 | H32: =IF(ISBLANK(G32),"",IF(ISNUMBER(F32),ROUND(F32*G32,2),"Укажите цену")) | I32: 261 | J32: 17.63 | K32: 19.4*8.8*2.2 | L32: отсутствует | M32: нет данных | N32: 66 | O32: 36*26*27 | P32: 0.025 | Q32: 1. Емкость: 10000mAh 37Wh Номинальная емкость: 5500mAh 2. Вход: USB-C/Micro-USB: 5V/2A 3. Выход: USB-A1/A2: 5V/2A; Общий выход: 5V/2A 4. Индикация: LED индикатор уровня заряда. 5. Материал: ABS+PC+ литий-полимерная батарея 6. Размер: 146*68*17mm; Вес: 225g | R32: http://gofile.me/649X4/Ceifx4n6C | S32: http://gofile.me/649X4/7qhv5fb30
D33: 6941991121487 | E33: белый | F33: 513.75 | H33: =IF(ISBLANK(G33),"",IF(ISNUMBER(F33),ROUND(F33*G33,2),"Укажите цену"))
A34: BJ78A Clever портативный аккумулятор (20000mAh) 「Неопасные товары」 | D34: 6941991121494 | E34: чёрный | F34: 823.63 | H34: =IF(ISBLANK(G34),"",IF(ISNUMBER(F34),ROUND(F34*G34,2),"Укажите цену")) | I34: 451 | J34: 19.38 | K34: 19.3*8.7*3.3 | L34: отсутствует | M34: нет данных | N34: 42 | O34: 36*26*27 | P34: 0.025 | Q34: 1. Емкость: 20000mAh 74Wh Номинальная емкость: 11000mAh 2. Вход: USB-C/Micro-USB: 5V/2A 3. Выход: USB-A1/A2: 5V/2A. Общий выход: 5V/2A 4. Индикация: LED индикатор уровня заряда. 5. Материал: ABS+PC+литий-полимерная батарея 6. Размер: 146 * 69 * 40mm; Вес: 600g | R34: http://gofile.me/649X4/PlppZ7E1s | S34: http://gofile.me/649X4/7qhv5fb30
D35: 6941991121500 | E35: белый | F35: 823.63 | H35: =IF(ISBLANK(G35),"",IF(ISNUMBER(F35),ROUND(F35*G35,2),"Укажите цену"))
A36: BJ76 Smart портативный аккумулятор с 4 кабелями (10000mAh) | D36: 6941991120046 | E36: чёрный | F36: 627.91 | H36: =IF(ISBLANK(G36),"",IF(ISNUMBER(F36),ROUND(F36*G36,2),"Укажите цену")) | I36: 296 | J36: 18.3 | K36: 19.2*8.7*2.5 | L36: отсутствует | M36: нет данных | N36: 60 | O36: 36*26*27 | P36: 0.025 | Q36: 1. Емкость: 10000mAh 37Wh Номинальная емкость: 5500mAh 2. Вход: Type-C/Micro/USB-A кабель: 5V/2A 3. Выход: Type-C кабель/Micro кабель/USB-A1/USB-A2/Lightning кабель: 5V/2A; общий выход: 5V/2A 4. Индикация: LED индикатор уровня заряда. 5. Материал: ABS+PC огнеупорный+литий-полимерная батарея 6. Размер: 147 * 70 * 20mm; вес: 260g | R36: http://gofile.me/649X4/IUa8fABMB | S36: http://gofile.me/649X4/i3FuILOgM
A37: BJ76A Smart портативный аккумулятор с 4 кабелями (20000mAh) 「Неопасные товары」 | D37: 6941991120053 | E37: чёрный | F37: 945.95 | H37: =IF(ISBLANK(G37),"",IF(ISNUMBER(F37),ROUND(F37*G37,2),"Укажите цену")) | I37: 498 | J37: 19.9 | K37: 19*8.7*3.9 | L37: отсутствует | M37: нет данных | N37: 39 | O37: 36*26*27 | P37: 0.025 | Q37: 1. Емкость: 20000mAh 74Wh Номинальная емкость: 11000mAh 2. Вход: Type-C/Micro/USB-A кабель: 5V/2A 3. Выход: Type-C кабель/Micro кабель/USB-A1/USB-A2/Lightning кабель: 5V/2A; общий выход: 5V/2A 4. Индикация: LED индикатор уровня заряда. 5. Материал: ABS+PC огнеупорный+литий-полимерная батарея 6. Размер: 147 * 70 * 32.5mm; вес: 445g | R37: http://gofile.me/649X4/amyG1ADS9 | S37: http://gofile.me/649X4/i3FuILOgM
A38: BJ66 Magnifico 22.5W+PD20W универсальный портативный аккумулятор(40000mAh) | D38: 6941991115141 | E38: чёрный | F38: 2161 | H38: =IF(ISBLANK(G38),"",IF(ISNUMBER(F38),ROUND(F38*G38,2),"Укажите цену")) | I38: 893 | J38: 14 | K38: 18.1*9.8*9.2 | L38: отсутствует | M38: нет данных | N38: 15 | O38: 31*48*19.8 | P38: 0.029 | Q38: 1. Ёмкость: 40000mAh 148Wh. Номинальная ёмкость: 22000mAh 2. Вход: USB-C: 18W 3. Выход: USB-C: 20W (PD/QC/FCP/AFC). USB-A1/A2: 22.5W（QC/FCP/SFC/AFC). Общий выход: 5V/3A 4. Дисплей: LED цифровой дисплей уровня заряда 5. Материал: ABS+PC+литий-полимерная батарея 6. Размер: 147*76.5*55mm. Вес: 830g | R38: http://gofile.me/649X4/rFp4J8E1r | S38: -
A39: BJ66A Magnifico 22.5W+PD20W универсальный портативный аккумулятор(50000mAh) | D39: 6941991115158 | E39: чёрный | F39: 2527.96 | H39: =IF(ISBLANK(G39),"",IF(ISNUMBER(F39),ROUND(F39*G39,2),"Укажите цену")) | I39: 1083 | J39: 13.6 | K39: 18*9.8*10.3 | L39: отсутствует | M39: нет данных | N39: 12 | O39: 31*42.8*19.8 | P39: 0.026 | Q39: 1. Ёмкость: 50000mAh 185Wh. Номинальная ёмкость: 27500mAh 2. Вход: USB-C: 18W 3. Выход: USB-C: 20W (PD/QC/FCP/AFC). USB-A1/A2: 22.5W（QC/FCP/SFC/AFC). Общий выход: 5V/3A 4. Дисплей: LED цифровой дисплей уровня заряда 5. Материал: ABS+PC+литий-полимерная батарея 6. Размер: 147*77*66mm. Вес: 1020g | R39: http://gofile.me/649X4/W80McUULn | S39: http://gofile.me/649X4/wWD0E43u8
A40: BJ66B Magnifico 22.5W+PD20W универсальный портативный аккумулятор(60000mAh) | D40: 6941991115165 | E40: чёрный | F40: 2894.92 | H40: =IF(ISBLANK(G40),"",IF(ISNUMBER(F40),ROUND(F40*G40,2),"Укажите цену")) | I40: 1284 | J40: 14.7 | K40: 18*12.4*9.8 | L40: отсутствует | M40: нет данных | N40: 11 | O40: 31*48*19.8 | P40: 0.029 | Q40: 1. Ёмкость: 60000mAh 222Wh. Номинальная ёмкость: 33000mAh 2. Вход: USB-C: 18W 3. Выход: USB-C: 20W (PD/QC/FCP/AFC). USB-A1/A2: 22.5W（QC/FCP/SFC/AFC). Общий выход: 5V/3A 4. Дисплей: LED цифровой дисплей уровня заряда 5. Материал: ABS+PC+литий-полимерная батарея 6. Размер: 147*78*68mm. Вес: 1192g | R40: http://gofile.me/649X4/WZVfzcyrk | S40: -
A41: BJ65 High 22.5W+PD20W+4 кабеля портативный аккумулятор (30000mAh) | D41: 6941991122033 | E41: чёрный | F41: 1622.79 | H41: =IF(ISBLANK(G41),"",IF(ISNUMBER(F41),ROUND(F41*G41,2),"Укажите цену")) | I41: 737 | J41: 12.2 | K41: 17.8*10*7.5 | L41: отсутствует | M41: нет данных | N41: 16 | O41: 41.6*31.5*19.5 | P41: 0.026 | Q41: 1. Емкость: 30000mAh 111Wh Номинальная емкость: 18000mAh 2. Вход: USB-C/iP：18W； USB-A кабель: 5V/2A 3. Выход: USB-C：20W（PD/QC/FCP/AFC）； USB-C кабель: 22.5W (QC/SCP/FCC/AFC); USB-A1：22.5W（QC/SCP/FCP/AFC）； USB-A2/IP кабель/Micro кабель: 5V/2A; Общий выход: 5V/2A 4. LED индикатор уровня заряда 5. Материал: ABS+PC огнеупорный корпус+литий-полимерная батарея 6. Размер: 70 * 46 * 152mm; Вес: 670g | R41: http://gofile.me/649X4/DyTriMZTj | S41: http://gofile.me/649X4/mL1kBAxdC
A42: BJ65A High 22.5W+PD20W+4 кабеля портативный аккумулятор (50000mAh) | D42: 6941991122040 | E42: чёрный | F42: 2209.93 | H42: =IF(ISBLANK(G42),"",IF(ISNUMBER(F42),ROUND(F42*G42,2),"Укажите цену")) | I42: 1099 | J42: 14 | K42: 17.8*9.9*9.9 | L42: отсутствует | M42: нет данных | N42: 12 | O42: 41.6*31.5*19.5 | P42: 0.026 | Q42: 1. Емкость: 50000mAh 185Wh Номинальная емкость: 30000mAh 2. Вход: USB-C/iP：18W； USB-A кабель: 5V/2A 3. Выход: USB-C：20W（PD/QC/FCP/AFC）； USB-C кабель: 22.5W (QC/SCP/FCC/AFC); USB-A1：22.5W（QC/SCP/FCP/AFC）； USB-A2/IP кабель/Micro кабель: 5V/2A; Общий выход: 5V/2A 4. LED индикатор уровня заряда 5. Материал: ABS+PC огнеупорный корпус+литий-полимерная батарея 6. Размер: 70 * 70 * 152mm; Вес: 1070g | R42: http://gofile.me/649X4/jygKrfvkA | S42: http://gofile.me/649X4/mL1kBAxdC
A43: BJ65B High 22.5W+PD20W+4 кабеля портативный аккумулятор (80000mAh) | D43: 6941991122057 | E43: чёрный | F43: 3416.82 | H43: =IF(ISBLANK(G43),"",IF(ISNUMBER(F43),ROUND(F43*G43,2),"Укажите цену")) | I43: 1836 | J43: 17.09 | K43: 19.6*11.6*11.5 | L43: отсутствует | M43: нет данных | N43: 9 | O43: 41.6*31.5*19.5 | P43: 0.026 | Q43: 1. Емкость: 80000mAh 296Wh Номинальная емкость: 48000mAh 2. Вход: USB-C/iP：18W； USB-A кабель: 5V/2A 3. Выход: USB-C：20W（PD/QC/FCP/AFC）； USB-C кабель: 22.5W (QC/SCP/FCC/AFC); USB-A1：22.5W（QC/SCP/FCP/AFC）； USB-A2/IP кабель/Micro кабель: 5V/2A; Общий выход: 5V/2A 4. LED индикатор уровня заряда 5. Материал: ABS+PC огнеупорный корпус+литий-полимерная батарея 6. Размер: 174 * 85 * 85mm; Вес: 1750g | R43: http://gofile.me/649X4/IGVmA6o3R | S43: http://gofile.me/649X4/mL1kBAxdC
A44: BJ57 Graceful 22.5W+PD20W универсальный портативный аккумулятор с кабелем (10000mAh) | D44: 6941991111846 | E44: черный | F44: 791.01 | H44: =IF(ISBLANK(G44),"",IF(ISNUMBER(F44),ROUND(F44*G44,2),"Укажите цену")) | I44: 282 | J44: 19.1 | K44: 19.8*8.7*2.2 | L44: отсутствует | M44: нет данных | N44: 66 | O44: 36*26*27 | P44: 0.025 | Q44: 1, Емкость: 10000mAh 37Wh Номинальная емкость: 5500mAh 2. Вход Type-C/Micro: 18W 3. Выход: USB1/ 2:22.5W (QC/FCP/SCP/AFC); Type-C/Type-C кабель: 20W (PD/QC/FCP/AFC); Lightning кабель: 5V/2.4A; общий выход: 5V/2A 4. Индикатор: LED индикатор 5. Материал: ABS+PC+ литий-полимерный аккумулятор 6. Размеры: 138*68*20mm; Вес: 241g | R44: http://gofile.me/649X4/xqO0a2W9u | S44: -
A45: BJ57B Graceful 22.5W+PD20W универсальный портативный аккумулятор с кабелем (30000mAh) | D45: 6941991116469 | E45: чёрный | F45: 1386.3 | H45: =IF(ISBLANK(G45),"",IF(ISNUMBER(F45),ROUND(F45*G45,2),"Укажите цену")) | I45: 676 | J45: 16.8 | K45: 17.6*9.8*4.9 | L45: отсутствует | M45: нет данных | N45: 24 | O45: 36*26*27 | P45: 0.025 | Q45: 1, Ёмкость: 30000mAh 111Wh, номинальная ёмкость: 16500mAh 2. Вход: Type-C/Micro-USB: 18W 3. Выход: USB-A 1/2: 22.5W (QC/FCP/SCP/AFC). Type-C/Type-C кабель: 20W (PD/QC/FCP/AFC). Lightning кабель: 5V/2.4A. Общий выход: 5V/2A 4. Индикация: LED индикатор уровня заряда 5. Материал: ABS+PC огнеупорный корпус+литий-полимерная батарея 6. Размер: 143*68*42.5mm. Вес: 605g | R45: http://gofile.me/649X4/RpgGZBonR | S45: -
A46: BJ56 Graceful 22.5W+PD20W универсальный портативный аккумулятор(10000mAh) | D46: 6941991111808 | E46: черный | F46: 685 | H46: =IF(ISBLANK(G46),"",IF(ISNUMBER(F46),ROUND(F46*G46,2),"Укажите цену")) | I46: 266 | J46: 18 | K46: 19.5*8.7*2.2 | L46: отсутствует | M46: нет данных | N46: 66 | O46: 36*26*27 | P46: 0.025 | Q46: 1, Емкость: 10000mAh 37Wh Номинальная емкость: 5500mAh 2. Вход: Type-C/Micro: 18W 3. выход: USB1/ 2:22.5W (QC/FCP/SCP/AFC); Type-C: 20W (PD/QC/FCP/AFC); Общий выход: 5V/2A 4. Индикатор: LED индикатор 5. Материал: ABS+PC+ литий-полимерный аккумулятор 6. Размеры: 138*68*16mm; Вес: 226g | R46: http://gofile.me/649X4/VKd5G0SHb | S46: -
D47: 6941991111815 | E47: белый | F47: 685 | H47: =IF(ISBLANK(G47),"",IF(ISNUMBER(F47),ROUND(F47*G47,2),"Укажите цену"))
A48: BJ56A Graceful 22.5W+PD20W универсальный портативный аккумулятор(20000mAh) 「Неопасные товары」 | D48: 6941991111822 | E48: черный | F48: 986.72 | H48: =IF(ISBLANK(G48),"",IF(ISNUMBER(F48),ROUND(F48*G48,2),"Укажите цену")) | I48: 465 | J48: 20 | K48: 19.5*8.8*3.5 | L48: отсутствует | M48: нет данных | N48: 42 | O48: 36*26*27 | P48: 0.025 | Q48: 1, Емкость: 20000mAh 74Wh Номинальная емкость: 11000mAh 2. Вход: Type-C/Micro: 18W 3. Выход: USB1/ 2:22.5W (QC/FCP/SCP/AFC); Type-C: 20W (PD/QC/FCP/AFC); Общий выход: 5V/2A 4, Индикатор: LED индикатор 5, Материал: ABS+PC+ литий-полимерный аккумулятор 6, Размеры: 139*68*28mm; Вес: 408g | R48: http://gofile.me/649X4/8drOwbc7t | S48: -
A49: BJ56B Graceful 22.5W+PD20W универсальный портативный аккумулятор (30000mAh) | D49: 6941991116445 | E49: чёрный | F49: 1296.6 | H49: =IF(ISBLANK(G49),"",IF(ISNUMBER(F49),ROUND(F49*G49,2),"Укажите цену")) | I49: 663 | J49: 16.4 | K49: 17.5*9.7*5 | L49: отсутствует | M49: нет данных | N49: 24 | O49: 36*26*27 | P49: 0.025 | Q49: 1, Ёмкость: 30000mAh 111Wh, номинальная ёмкость: 16500mAh 2. Вход: Type-C/Micro-USB: 18W 3. Выход: USB-A 1/2: 22.5W (QC/FCP/SCP/AFC). Type-C: 20W (PD/QC/FCP/AFC). Общий выход: 5V/2A 4. Индикация: LED индикатор уровня заряда 5. Материал: ABS+PC огнеупорный корпус+литий-полимерная батарея 6. Размер: 139*68*40mm. Вес: 595g | R49: http://gofile.me/649X4/4Qqj8gDVX | S49: -
A50: BJ55 Graceful портативный аккумулятор (10000mAh) | D50: 6941991111761 | E50: черный | F50: 538.21 | H50: =IF(ISBLANK(G50),"",IF(ISNUMBER(F50),ROUND(F50*G50,2),"Укажите цену")) | I50: 263 | J50: 17.8 | K50: 19.6*8.7*2.2 | L50: отсутствует | M50: нет данных | N50: 66 | O50: 36*26*27 | P50: 0.025 | Q50: 1, Емкость: 10000mAh 37Wh Номинальная емкость: 5500mAh 2, Вход: USB-C/Micro: 5V/2A 3, Выход: USB1/ 2:5V /2A; Общий выход: 5V/2A 4. Индикатор: LED индикатор 5. Материал: ABS+PC+ литий-полимерный аккумулятор 6. Размеры: 38*68*16mm; Вес: 224g | R50: http://gofile.me/649X4/BsgJZUVvB | S50: http://gofile.me/649X4/AwOU6bMTD
D51: 6941991111778 | E51: белый | F51: 538.21 | H51: =IF(ISBLANK(G51),"",IF(ISNUMBER(F51),ROUND(F51*G51,2),"Укажите цену"))
A52: BJ55A Graceful портативный аккумулятор (20000mAh) 「Неопасные товары」 | D52: 6941991111785 | E52: черный | F52: 848.09 | H52: =IF(ISBLANK(G52),"",IF(ISNUMBER(F52),ROUND(F52*G52,2),"Укажите цену")) | I52: 455 | J52: 19.6 | K52: 19.7*8.8*3.3 | L52: отсутствует | M52: нет данных | N52: 42 | O52: 36*26*27 | P52: 0.025 | Q52: 1, Емкость: 20000mAh 74Wh Номинальная емкость: 11000mAh 2. Вход: USB-C/Micro: 5V/2A 3. выход: USB1/ 2:5V /2A; Общий выход: 5V/2A 4. Индикатор: LED индикатор 5. Материал: ABS+PC+ литий-полимерный аккумулятор 6. Размеры: 139*68*28mm; Вес: 405g | R52: http://gofile.me/649X4/JYOb7XlPN | S52: -
F53: Итого к оплате, ₽ | H53: =IF(COUNTIFS(H5:H52,"Укажите цену")>0,"Укажите цены",SUM(H5:H52)) -> 0

Sheet Аккумуляторы — перевозка
A2: Аккумуляторы — перевозка
A3: Наименование | B3: Фото товара | C3: Упаковка | D3: Артикул / штрихкод | E3: Цвет | F3: цена | G3: Количество к заказу | H3: Сумма заказа, ₽ | I3: Вес G.W.(г) | J3: Вес большой коробки (кг) | K3: Рзмер индивидуальной упаковки (см) | L3: Кол-во в средней коробке (шт) | M3: Размер средней коробки (см) | N3: Кол-во в большой коробке (шт) | O3: Размер большой коробки (см) | P3: VOLUME (cbm) | Q3: Описание | R3: Сыллка на фото | S3: Ссылка на видео
A4: С сертификатом перевозки опасных грузов
A5: BJ94 Origium PD20W магнитный пауэрбанк (10000mAh)(CCC)(UN) | D5: 6941991130007 | E5: белый | F5: 1070.31 | H5: =IF(ISBLANK(G5),"",IF(ISNUMBER(F5),ROUND(F5*G5,2),"Укажите цену")) | I5: 234 | J5: 14.41 | K5: 19.1*8.5*2.2 | L5: отсутствует | M5: нет данных | N5: 60 | O5: 36*26*27 | P5: 0.025 | Q5: MOQ: один sku 200 шт 1. Емкость: 10000mAh 38.5Wh. Номинальная емкость: 5300mAh. 2. Вход: Type-C: 18W. 3. Выход: Type-C: 20W (PD/QC/FCP/AFC). Выход беспроводной зарядки: 5W/7.5W/10W/15W. Общий выход: 5V/3A. 4. Отображение: светодиодный индикатор уровня заряда. 5. Материал: трудновоспламеняемый корпус ABS+PC + литий-полимерный элемент. 6. Размеры: 101*65*19 мм. Вес: 190 г. | R5: http://gofile.me/649X4/kcwEK02GS | S5: -
A6: BJ91 Alba 22.5W+PD20W 4-cable+lighting power bank(40000mAh)（UN） | D6: 6941991129759 | E6: black | F6: 2163.04 | H6: =IF(ISBLANK(G6),"",IF(ISNUMBER(F6),ROUND(F6*G6,2),"Укажите цену")) | I6: 863 | J6: 13.59 | K6: 17.8*11.5*10.3 | L6: отсутствует | M6: нет данных | N6: 15 | O6: 53.5*36*19.8 | P6: 0.038 | Q6: MOQ: один sku 200 шт 1. Емкость: 40000mAh 128Wh. Номинальная мощность: 20000mAh. 2. Вход: Тип-C1: 18W. Кабель типа C2/USB-A: 5В/2А. 3. Выход: Тип-C1: 20 Вт (PD/QC/FCP/AFC). USB-A: 22,5 Вт (QC/FCP/SCP/AFC). USB-A2/Micro кабель/Type-C кабель/iP кабель: 5V/2A. Общая мощность: 5В / 2А. 4. Дисплей: светодиодный цифровой индикатор уровня батареи. 5. Материал: негорючий корпус ABS+PC. Аккумулятор LiFePO₄. 6. Размеры: 81*66*145мм. Вес: 860г. | R6: http://gofile.me/649X4/iHJZ2RAP9 | S6: -
A7: BJ91A Alba 22.5W+PD20W 4-cable+lighting power bank(60000mAh)（UN） | D7: 6941991129896 | E7: black | F7: 2750.17 | H7: =IF(ISBLANK(G7),"",IF(ISNUMBER(F7),ROUND(F7*G7,2),"Укажите цену")) | I7: 1191 | J7: 15 | K7: 17.8*12.9*11.5 | L7: отсутствует | M7: нет данных | N7: 12 | O7: 53.5*36*19.8 | P7: 0.038 | Q7: MOQ: один sku 200 шт 1. Емкость: 60000mAh 192Wh; Номинальная мощность: 30000mAh 2. Вход: Тип-C1: 18W; Кабель типа C2/USB-A: 5В/2А 3. Выход: Тип-C1: 20W (PD/QC/FCC/AFC); USB-A: 22,5 Вт (QC/FCP/SCP/AFC); USB-A2/Micro кабель/Type-C кабель/IP кабель: 5V/2A; Общая мощность: 5V / 2A 4. Дисплей: светодиодный цифровой дисплей уровня батареи 5. Материал: негорючий корпус ABS+PC. Аккумулятор LiFePO₄. 6. Size: 81 * 91 * 145mm; Вес: 1150г | R7: http://gofile.me/649X4/G5VY1TDUh | S7: -
A8: BJ90 Pasar пауэрбанк (10000mAh)(CCC)（UN） | D8: 6941991129292 | E8: чёрный | F8: 507.63 | H8: =IF(ISBLANK(G8),"",IF(ISNUMBER(F8),ROUND(F8*G8,2),"Укажите цену")) | I8: обновление | J8: обновление | K8: обновление | L8: отсутствует | M8: нет данных | N8: 60 | O8: 36*26*27 | P8: 0.025 | Q8: MOQ: один sku 200 шт 1. Ёмкость: 10000 мА·ч 37 Вт·ч; Номинальная ёмкость: 5300 мА·ч 2. Вход: Micro/Type-C: 5 В/2,1 А 3. Выход: USB1/USB2: 5 В/2,1 А; Общий выход: 5 В/2,1 А 4. Индикация: светодиодный индикатор уровня заряда 5. Материал: ABS+PC+литий-полимерный аккумуляторный элемент 6. Размер: 140 × 67,5 × 16 мм; Вес: 220 г | R8: http://gofile.me/649X4/ZjsiyKRJo | S8: -
A9: BJ89 Salte PD20W портативный аккумулятор с лампой и 2 кабелями (10000mAh)（UN） | D9: 6941991128448 | E9: чёрный | F9: 1045.84 | H9: =IF(ISBLANK(G9),"",IF(ISNUMBER(F9),ROUND(F9*G9,2),"Укажите цену")) | I9: 227 | J9: 10.04 | K9: 18.3*8.7*3.5 | L9: отсутствует | M9: нет данных | N9: 42 | O9: 36*26*27 | P9: 0.025 | Q9: MOQ: один sku 1000 шт 1. Емкость: 10000mAh 38.5Wh; Номинальная емкость: 6000mAh 2. Вход: USB-C: 18W 3. Выход: USB-C/USB-C кабель: 20W (PD/QC/FCC/AFC); IP кабель: 5V/2.4A; Общий выход: 5V/2A 4. Индикация: LED цифровой дисплей уровня заряда 5. Материал: PC+ABS огнеупорный+литий-полимерный аккумулятор 6. Размер: 98 * 50 * 30mm; вес: 185g“ | R9: http://gofile.me/649X4/byd1hUzdy | S9: -
A10: BJ85 Myriad портативный аккумулятор 22.5W+PD20W+лампа (100000mAh)（UN） | D10: 6941991125560 | E10: чёрный | F10: 3810.29 | H10: =IF(ISBLANK(G10),"",IF(ISNUMBER(F10),ROUND(F10*G10,2),"Укажите цену")) | I10: 1963 | J10: 16.41 | K10: 18.5*16.6*10 | L10: отсутствует | M10: нет данных | N10: 8 | O10: 42*34.8*20.2 | P10: 0.03 | Q10: MOQ: один sku 200 шт 1. Емкость: 100000mAh 370Wh Номинальная емкость: 55000mAh 2. Вход: USB-C/Micro/IP: 18W 3. Выход: USB-C: 20W (PD/QC/FCC/AFC); USB-A1/A3：22.5W（QC/FCP/SCP/AFC）； USB-A2/A4：5V/3A； Общий Выход: 5V/2A 4. Дисплей: LED цифровой уровня заряда 5. Материал: ABS+PC+литий-полимерный аккумулятор 6. Размер: 151 * 132 * 66mm; Вес: 1950g | R10: http://gofile.me/649X4/CT2JL9Hyj | S10: -
A11: BJ84 Smooth портативный аккумулятор с 4 кабелями (10000mAh)（UN） | D11: 6941991126161 | E11: чёрный | F11: 532.09 | H11: =IF(ISBLANK(G11),"",IF(ISNUMBER(F11),ROUND(F11*G11,2),"Укажите цену")) | I11: 281 | J11: 12.82 | K11: 20*9.8*2.6 | L11: отсутствует | M11: нет данных | N11: 44 | O11: 36*26*27 | P11: 0.025 | Q11: MOQ: один sku 200 шт 1. Ёмкость: 10000mAh 37Wh Номинальная ёмкость: 5500mAh 2. Вход: USB-C/USB-A кабель: 5V/2A 3. Выход: USB-A: 5V/2A; Micro USB кабель/USB-C кабель/IP кабель: 5V/2A; Общий выход: 5V/2A 4. Индикация: LED индикатор 5. Материал: ABS+PC+литий-полимерная батарея 6. Размер: 147 * 68 * 22mm; Вес: 248g | R11: http://gofile.me/649X4/fgDOPziu6 | S11: -
A12: BJ82A Dawn PD20W магнитный портативный аккумулятор (10000mAh)（UN） | D12: 6941991124808 | E12: чёрный | F12: 1029.53 | H12: =IF(ISBLANK(G12),"",IF(ISNUMBER(F12),ROUND(F12*G12,2),"Укажите цену")) | I12: 236 | J12: 16.07 | K12: 19.3*8.7*2.4 | L12: отсутствует | M12: нет данных | N12: 60 | O12: 36*26*27 | P12: 0.025 | Q12: MOQ: один sku 200 шт 1. Емкость: 10000mAh 38.5Wh Номинальная емкость: 5500mAh 2. Вход: USB-C: 18W 3. Выход: USB-C: 20W (PD/QC/FCC/AFC); Беспроводная зарядка: 5W/7.5W/10W/15W (MagSafe 7.5W); общий выход: 5V/2A 4. Дисплей: LED индикатор 5. Материал: ABS+PC+литий-полимерная батарея 6. Размер: 100 * 69 * 18mm; Вес: 200g | R12: http://gofile.me/649X4/aRs6r4tmy | S12: -
A13: BJ80 Clever 22.5W+PD20W универсальный портативный аккумулятор (10000mAh)（UN） | D13: 6941991121593 | E13: чёрный | F13: 670.72 | H13: =IF(ISBLANK(G13),"",IF(ISNUMBER(F13),ROUND(F13*G13,2),"Укажите цену")) | I13: 262 | J13: 17.7 | K13: 19.4*8.8*2.2 | L13: отсутствует | M13: нет данных | N13: 66 | O13: 36*26*27 | P13: 0.025 | Q13: MOQ: один sku 200 шт 1. Емкость: 10000mAh 37Wh Номинальная емкость: 5500mAh 2. Вход: USB-C/Micro-USB: 18W 3. Выход: USB-A1/A2: 22.5W (QC/FCP/SCP/AFC). USB-C: 20W (PD/QC/FCP/AFC). Общий выход: 5V/2A 4. Индикация: LED индикатор уровня заряда. 5. Материал: ABS+PC+литий-полимерная батарея 6. Размер: 146 * 68 * 17mm; Вес: 230g | R13: http://gofile.me/649X4/nlNOMAaQp | S13: http://gofile.me/649X4/wxc79O3Gn
D14: 6941991121609 | E14: белый | F14: 670.72 | H14: =IF(ISBLANK(G14),"",IF(ISNUMBER(F14),ROUND(F14*G14,2),"Укажите цену"))
A15: BJ80B Clever 22.5W+PD20W универсальный портативный аккумулятор (30000mAh)（UN） | D15: 6941991121630 | E15: чёрный | F15: 1290.48 | H15: =IF(ISBLANK(G15),"",IF(ISNUMBER(F15),ROUND(F15*G15,2),"Укажите цену")) | I15: 653 | J15: 20 | K15: 17*8.8*4.7 | L15: отсутствует | M15: нет данных | N15: 29 | O15: 36*26*27 | P15: 0.025 | Q15: MOQ: один sku 200 шт 1. Емкость: 30000mAh 111Wh Номинальная емкость: 16500mAh 2. Вход: USB-C/Micro USB: 18W 3. Выход: USB-A1/A2:22.5W (QC/FCP/SCP/AFC). USB-C: 20W (PD/QC/FCP/AFC). Общий выход: 5V/2A. 4. Индикация: LED индикатор уровня заряда. 5. Материал: ABS+PC+polymer electronics 6. Размер: 147 * 70 * 66mm Вес: 965г | R15: http://gofile.me/649X4/lkYSknVYS | S15: http://gofile.me/649X4/wxc79O3Gn
A16: BJ80C Clever 22.5W+PD20W универсальный портативный аккумулятор (50000mAh)（UN） | D16: 6941991121654 | E16: чёрный | F16: 1902.08 | H16: =IF(ISBLANK(G16),"",IF(ISNUMBER(F16),ROUND(F16*G16,2),"Укажите цену")) | I16: 1016 | J16: 18.7 | K16: 17*8.7*7.2 | L16: отсутствует | M16: нет данных | N16: 18 | O16: 36*26*27 | P16: 0.025 | Q16: MOQ: один sku 200 шт 1. Емкость: 50000mAh 185Wh Номинальная емкость: 27500mAh 2. Вход: USB-C/Micro-USB: 18W 3. Выход: USB-A1/A2: 22.5W (QC/FCP/SCP/AFC). USB-C: 20W (PD/QC/FCP/AFC). Общий выход: 5V/2A 4. Индикация: LED индикатор уровня заряда. 5. Материал: ABS+PC+литий-полимерная батарея 6. Размер: 147 * 70 * 66mm; Вес: 965g | R16: http://gofile.me/649X4/f5dbYGHaV | S16: http://gofile.me/649X4/wxc79O3Gn
A17: BJ79 Clever портативный аккумулятор с 3 кабелями (10000mAh)（UN） | D17: 6941991121531 | E17: чёрный | F17: 581.02 | H17: =IF(ISBLANK(G17),"",IF(ISNUMBER(F17),ROUND(F17*G17,2),"Укажите цену")) | I17: 263 | J17: 17.86 | K17: 19.2*8.7*2.2 | L17: отсутствует | M17: нет данных | N17: 66 | O17: 36*26*27 | P17: 0.025 | Q17: MOQ: один sku 200 шт 1. Емкость: 10000mAh 37Wh Номинальная емкость: 5500mAh 2. Вход: USB-C/USB-A кабель: 5V/2A 3. Выход: USB-A: 5V/2A. USB-C/IP кабель: 5V/2A. Общий выход: 5V/2A 4. Индикация: LED индикатор уровня заряда. 5. Материал: ABS+PC+литий-полимерная батарея 6. Размер: 146 * 68 * 17mm; Вес: 230g | R17: http://gofile.me/649X4/wJX0lxyt9 | S17: http://gofile.me/649X4/DacVpjEhO
D18: 6941991121548 | E18: белый | F18: 581.02 | H18: =IF(ISBLANK(G18),"",IF(ISNUMBER(F18),ROUND(F18*G18,2),"Укажите цену"))
A19: BJ79B Clever портативный аккумулятор с 3 кабелями (30000mAh)（UN） | D19: 6941991121579 | E19: чёрный | F19: 1208.94 | H19: =IF(ISBLANK(G19),"",IF(ISNUMBER(F19),ROUND(F19*G19,2),"Укажите цену")) | I19: 661 | J19: 20.16 | K19: 17*8.7*4.7 | L19: отсутствует | M19: нет данных | N19: 29 | O19: 36*26*27 | P19: 0.025 | Q19: MOQ: один sku 200 шт 1. Емкость: 30000mAh 111Wh Номинальная емкость: 16500mAh 2. Вход: USB-C/USB-A кабель: 5V/2A 3. Выход: USB-A: 5V/2A. USB-C/IP кабель: 5V/2A. Общий выход: 5V/2A. 4. Индикация: LED индикатор уровня заряда. 5. Материал: ABS+PC+литий-полимерная батарея 6. Размер: 146 * 69 * 40mm; Вес: 605g | R19: http://gofile.me/649X4/aTSK1eKWB | S19: http://gofile.me/649X4/DacVpjEhO
A20: BJ79C Clever портативный аккумулятор с 3 кабелями (50000mAh)（UN） | D20: 6941991121586 | E20: чёрный | F20: 1869.47 | H20: =IF(ISBLANK(G20),"",IF(ISNUMBER(F20),ROUND(F20*G20,2),"Укажите цену")) | I20: 1033 | J20: 19.1 | K20: 17*8.7*7.2 | L20: отсутствует | M20: нет данных | N20: 18 | O20: 36*26*27 | P20: 0.025 | Q20: MOQ: один sku 200 шт 1. Емкость: 50000mAh 185Wh Номинальная емкость: 27500mAh 2. Вход: USB-C/USB-A кабель: 5V/2A 3. Выход: USB-A: 5V/2A. USB-C/IP кабель: 5V/2A. Общий выход: 5V/2A. 4. Индикация: LED индикатор уровня заряда. 5. Материал: ABS+PC+литий-полимерная батарея 6. Размер: 147 * 70 * 66mm; Вес: 965g | R20: http://gofile.me/649X4/WmyrDIAtG | S20: http://gofile.me/649X4/DacVpjEhO
A21: BJ78 Clever портативный аккумулятор (10000mAh)（UN） | D21: 6941991121470 | E21: чёрный | F21: 523.94 | H21: =IF(ISBLANK(G21),"",IF(ISNUMBER(F21),ROUND(F21*G21,2),"Укажите цену")) | I21: 261 | J21: 17.63 | K21: 19.4*8.8*2.2 | L21: отсутствует | M21: нет данных | N21: 66 | O21: 36*26*27 | P21: 0.025 | Q21: MOQ: один sku 200 шт 1. Емкость: 10000mAh 37Wh Номинальная емкость: 5500mAh 2. Вход: USB-C/Micro-USB: 5V/2A 3. Выход: USB-A1/A2: 5V/2A; Общий выход: 5V/2A 4. Индикация: LED индикатор уровня заряда. 5. Материал: ABS+PC+ литий-полимерная батарея 6. Размер: 146*68*17mm; Вес: 225g | R21: http://gofile.me/649X4/Ceifx4n6C | S21: http://gofile.me/649X4/7qhv5fb30
D22: 6941991121487 | E22: белый | F22: 523.94 | H22: =IF(ISBLANK(G22),"",IF(ISNUMBER(F22),ROUND(F22*G22,2),"Укажите цену"))
A23: BJ76 Smart портативный аккумулятор с 4 кабелями (10000mAh)（UN） | D23: 6941991120046 | E23: чёрный | F23: 638.11 | H23: =IF(ISBLANK(G23),"",IF(ISNUMBER(F23),ROUND(F23*G23,2),"Укажите цену")) | I23: 296 | J23: 18.3 | K23: 19.2*8.7*2.5 | L23: отсутствует | M23: нет данных | N23: 60 | O23: 36*26*27 | P23: 0.025 | Q23: MOQ: один sku 200 шт 1. Емкость: 10000mAh 37Wh Номинальная емкость: 5500mAh 2. Вход: Type-C/Micro/USB-A кабель: 5V/2A 3. Выход: Type-C кабель/Micro кабель/USB-A1/USB-A2/Lightning кабель: 5V/2A; общий выход: 5V/2A 4. Индикация: LED индикатор уровня заряда. 5. Материал: ABS+PC огнеупорный+литий-полимерная батарея 6. Размер: 147 * 70 * 20mm; вес: 260g | R23: http://gofile.me/649X4/IUa8fABMB | S23: http://gofile.me/649X4/i3FuILOgM
A24: BJ66 Magnifico 22.5W+PD20W универсальный портативный аккумулятор(40000mAh)（UN） | D24: 6941991115141 | E24: чёрный | F24: 2171.19 | H24: =IF(ISBLANK(G24),"",IF(ISNUMBER(F24),ROUND(F24*G24,2),"Укажите цену")) | I24: 893 | J24: 14 | K24: 18.1*9.8*9.2 | L24: отсутствует | M24: нет данных | N24: 15 | O24: 31*48*19.8 | P24: 0.029 | Q24: MOQ: один sku 200 шт 1. Ёмкость: 40000mAh 148Wh. Номинальная ёмкость: 22000mAh 2. Вход: USB-C: 18W 3. Выход: USB-C: 20W (PD/QC/FCP/AFC). USB-A1/A2: 22.5W（QC/FCP/SFC/AFC). Общий выход: 5V/3A 4. Дисплей: LED цифровой дисплей уровня заряда 5. Материал: ABS+PC+литий-полимерная батарея 6. Размер: 147*76.5*55mm. Вес: 830g | R24: http://gofile.me/649X4/rFp4J8E1r | S24: -
A25: BJ66A Magnifico 22.5W+PD20W универсальный портативный аккумулятор(50000mAh)（UN） | D25: 6941991115158 | E25: чёрный | F25: 2538.15 | H25: =IF(ISBLANK(G25),"",IF(ISNUMBER(F25),ROUND(F25*G25,2),"Укажите цену")) | I25: 1083 | J25: 13.6 | K25: 18*9.8*10.3 | L25: отсутствует | M25: нет данных | N25: 12 | O25: 31*42.8*19.8 | P25: 0.026 | Q25: MOQ: один sku 200 шт 1. Ёмкость: 50000mAh 185Wh. Номинальная ёмкость: 27500mAh 2. Вход: USB-C: 18W 3. Выход: USB-C: 20W (PD/QC/FCP/AFC). USB-A1/A2: 22.5W（QC/FCP/SFC/AFC). Общий выход: 5V/3A 4. Дисплей: LED цифровой дисплей уровня заряда 5. Материал: ABS+PC+литий-полимерная батарея 6. Размер: 147*77*66mm. Вес: 1020g | R25: http://gofile.me/649X4/W80McUULn | S25: http://gofile.me/649X4/wWD0E43u8
A26: BJ66B Magnifico 22.5W+PD20W универсальный портативный аккумулятор(60000mAh)（UN） | D26: 6941991115165 | E26: чёрный | F26: 2905.11 | H26: =IF(ISBLANK(G26),"",IF(ISNUMBER(F26),ROUND(F26*G26,2),"Укажите цену")) | I26: 1284 | J26: 14.7 | K26: 18*12.4*9.8 | L26: отсутствует | M26: нет данных | N26: 11 | O26: 31*48*19.8 | P26: 0.029 | Q26: MOQ: один sku 200 шт 1. Ёмкость: 60000mAh 222Wh. Номинальная ёмкость: 33000mAh 2. Вход: USB-C: 18W 3. Выход: USB-C: 20W (PD/QC/FCP/AFC). USB-A1/A2: 22.5W（QC/FCP/SFC/AFC). Общий выход: 5V/3A 4. Дисплей: LED цифровой дисплей уровня заряда 5. Материал: ABS+PC+литий-полимерная батарея 6. Размер: 147*78*68mm. Вес: 1192g | R26: http://gofile.me/649X4/WZVfzcyrk | S26: -
A27: BJ65 High 22.5W+PD20W+4 кабеля портативный аккумулятор (30000mAh)（UN） | D27: 6941991122033 | E27: чёрный | F27: 1632.98 | H27: =IF(ISBLANK(G27),"",IF(ISNUMBER(F27),ROUND(F27*G27,2),"Укажите цену")) | I27: 737 | J27: 12.2 | K27: 17.8*10*7.5 | L27: отсутствует | M27: нет данных | N27: 16 | O27: 41.6*31.5*19.5 | P27: 0.026 | Q27: MOQ: один sku 200 шт 1. Емкость: 30000mAh 111Wh Номинальная емкость: 18000mAh 2. Вход: USB-C/iP：18W； USB-A кабель: 5V/2A 3. Выход: USB-C：20W（PD/QC/FCP/AFC）； USB-C кабель: 22.5W (QC/SCP/FCC/AFC); USB-A1：22.5W（QC/SCP/FCP/AFC）； USB-A2/IP кабель/Micro кабель: 5V/2A; Общий выход: 5V/2A 4. LED индикатор уровня заряда 5. Материал: ABS+PC огнеупорный корпус+литий-полимерная батарея 6. Размер: 70 * 46 * 152mm; Вес: 670g | R27: http://gofile.me/649X4/DyTriMZTj | S27: http://gofile.me/649X4/mL1kBAxdC
A28: BJ65A High 22.5W+PD20W+4 кабеля портативный аккумулятор (50000mAh)（UN） | D28: 6941991122040 | E28: чёрный | F28: 2220.12 | H28: =IF(ISBLANK(G28),"",IF(ISNUMBER(F28),ROUND(F28*G28,2),"Укажите цену")) | I28: 1099 | J28: 14 | K28: 17.8*9.9*9.9 | L28: отсутствует | M28: нет данных | N28: 12 | O28: 41.6*31.5*19.5 | P28: 0.026 | Q28: MOQ: один sku 200 шт 1. Емкость: 50000mAh 185Wh Номинальная емкость: 30000mAh 2. Вход: USB-C/iP：18W； USB-A кабель: 5V/2A 3. Выход: USB-C：20W（PD/QC/FCP/AFC）； USB-C кабель: 22.5W (QC/SCP/FCC/AFC); USB-A1：22.5W（QC/SCP/FCP/AFC）； USB-A2/IP кабель/Micro кабель: 5V/2A; Общий выход: 5V/2A 4. LED индикатор уровня заряда 5. Материал: ABS+PC огнеупорный корпус+литий-полимерная батарея 6. Размер: 70 * 70 * 152mm; Вес: 1070g | R28: http://gofile.me/649X4/jygKrfvkA | S28: http://gofile.me/649X4/mL1kBAxdC
A29: BJ65B High 22.5W+PD20W+4 кабеля портативный аккумулятор (80000mAh)（UN） | D29: 6941991122057 | E29: чёрный | F29: 3427.01 | H29: =IF(ISBLANK(G29),"",IF(ISNUMBER(F29),ROUND(F29*G29,2),"Укажите цену")) | I29: 1836 | J29: 17.09 | K29: 19.6*11.6*11.5 | L29: отсутствует | M29: нет данных | N29: 9 | O29: 41.6*31.5*19.5 | P29: 0.026 | Q29: MOQ: один sku 200 шт 1. Емкость: 80000mAh 296Wh Номинальная емкость: 48000mAh 2. Вход: USB-C/iP：18W； USB-A кабель: 5V/2A 3. Выход: USB-C：20W（PD/QC/FCP/AFC）； USB-C кабель: 22.5W (QC/SCP/FCC/AFC); USB-A1：22.5W（QC/SCP/FCP/AFC）； USB-A2/IP кабель/Micro кабель: 5V/2A; Общий выход: 5V/2A 4. LED индикатор уровня заряда 5. Материал: ABS+PC огнеупорный корпус+литий-полимерная батарея 6. Размер: 174 * 85 * 85mm; Вес: 1750g | R29: http://gofile.me/649X4/IGVmA6o3R | S29: http://gofile.me/649X4/mL1kBAxdC
A30: BJ57 Graceful 22.5W+PD20W универсальный портативный аккумулятор с кабелем (10000mAh)（UN） | D30: 6941991111846 | E30: черный | F30: 801.2 | H30: =IF(ISBLANK(G30),"",IF(ISNUMBER(F30),ROUND(F30*G30,2),"Укажите цену")) | I30: 282 | J30: 19.1 | K30: 19.8*8.7*2.2 | L30: отсутствует | M30: нет данных | N30: 66 | O30: 36*26*27 | P30: 0.025 | Q30: MOQ: один sku 200 шт 1, Емкость: 10000mAh 37Wh Номинальная емкость: 5500mAh 2. Вход Type-C/Micro: 18W 3. Выход: USB1/ 2:22.5W (QC/FCP/SCP/AFC); Type-C/Type-C кабель: 20W (PD/QC/FCP/AFC); Lightning кабель: 5V/2.4A; общий выход: 5V/2A 4. Индикатор: LED индикатор 5. Материал: ABS+PC+ литий-полимерный аккумулятор 6. Размеры: 138*68*20mm; Вес: 241g | R30: http://gofile.me/649X4/xqO0a2W9u | S30: -
A31: BJ57B Graceful 22.5W+PD20W универсальный портативный аккумулятор с кабелем (30000mAh)（UN） | D31: 6941991116469 | E31: чёрный | F31: 1396.49 | H31: =IF(ISBLANK(G31),"",IF(ISNUMBER(F31),ROUND(F31*G31,2),"Укажите цену")) | I31: 676 | J31: 16.8 | K31: 17.6*9.8*4.9 | L31: отсутствует | M31: нет данных | N31: 24 | O31: 36*26*27 | P31: 0.025 | Q31: MOQ: один sku 200 шт 1, Ёмкость: 30000mAh 111Wh, номинальная ёмкость: 16500mAh 2. Вход: Type-C/Micro-USB: 18W 3. Выход: USB-A 1/2: 22.5W (QC/FCP/SCP/AFC). Type-C/Type-C кабель: 20W (PD/QC/FCP/AFC). Lightning кабель: 5V/2.4A. Общий выход: 5V/2A 4. Индикация: LED индикатор уровня заряда 5. Материал: ABS+PC огнеупорный корпус+литий-полимерная батарея 6. Размер: 143*68*42.5mm. Вес: 605g | R31: http://gofile.me/649X4/RpgGZBonR | S31: -
A32: BJ56 Graceful 22.5W+PD20W универсальный портативный аккумулятор(10000mAh)（UN） | D32: 6941991111808 | E32: черный | F32: 695.19 | H32: =IF(ISBLANK(G32),"",IF(ISNUMBER(F32),ROUND(F32*G32,2),"Укажите цену")) | I32: 266 | J32: 18 | K32: 19.5*8.7*2.2 | L32: отсутствует | M32: нет данных | N32: 66 | O32: 36*26*27 | P32: 0.025 | Q32: MOQ: один sku 200 шт 1, Емкость: 10000mAh 37Wh Номинальная емкость: 5500mAh 2. Вход: Type-C/Micro: 18W 3. выход: USB1/ 2:22.5W (QC/FCP/SCP/AFC); Type-C: 20W (PD/QC/FCP/AFC); Общий выход: 5V/2A 4. Индикатор: LED индикатор 5. Материал: ABS+PC+ литий-полимерный аккумулятор 6. Размеры: 138*68*16mm; Вес: 226g | R32: http://gofile.me/649X4/VKd5G0SHb | S32: -
D33: 6941991111815 | E33: белый | F33: 695.19 | H33: =IF(ISBLANK(G33),"",IF(ISNUMBER(F33),ROUND(F33*G33,2),"Укажите цену"))
A34: BJ56B Graceful 22.5W+PD20W универсальный портативный аккумулятор (30000mAh)（UN） | D34: 6941991116445 | E34: чёрный | F34: 1306.79 | H34: =IF(ISBLANK(G34),"",IF(ISNUMBER(F34),ROUND(F34*G34,2),"Укажите цену")) | I34: 663 | J34: 16.4 | K34: 17.5*9.7*5 | L34: отсутствует | M34: нет данных | N34: 21 | O34: 36*26*27 | P34: 0.025 | Q34: MOQ: один sku 200 шт 1, Ёмкость: 30000mAh 111Wh, номинальная ёмкость: 16500mAh 2. Вход: Type-C/Micro-USB: 18W 3. Выход: USB-A 1/2: 22.5W (QC/FCP/SCP/AFC). Type-C: 20W (PD/QC/FCP/AFC). Общий выход: 5V/2A 4. Индикация: LED индикатор уровня заряда 5. Материал: ABS+PC огнеупорный корпус+литий-полимерная батарея 6. Размер: 139*68*40mm. Вес: 595g | R34: http://gofile.me/649X4/4Qqj8gDVX | S34: -
A35: BJ55 Graceful портативный аккумулятор (10000mAh)（UN） | D35: 6941991111761 | E35: черный | F35: 548.4 | H35: =IF(ISBLANK(G35),"",IF(ISNUMBER(F35),ROUND(F35*G35,2),"Укажите цену")) | I35: 263 | J35: 17.8 | K35: 19.6*8.7*2.2 | L35: отсутствует | M35: нет данных | N35: 66 | O35: 36*26*27 | P35: 0.025 | Q35: MOQ: один sku 200 шт 1, Емкость: 10000mAh 37Wh Номинальная емкость: 5500mAh 2, Вход: USB-C/Micro: 5V/2A 3, Выход: USB1/ 2:5V /2A; Общий выход: 5V/2A 4. Индикатор: LED индикатор 5. Материал: ABS+PC+ литий-полимерный аккумулятор 6. Размеры: 38*68*16mm; Вес: 224g | R35: http://gofile.me/649X4/BsgJZUVvB | S35: -
D36: 6941991111778 | E36: белый | F36: 548.4 | H36: =IF(ISBLANK(G36),"",IF(ISNUMBER(F36),ROUND(F36*G36,2),"Укажите цену"))
A38: Неопасные товары
A39: BJ93 Skillux PD20W пауэрбанк с кабелем (10000mAh)(CCC) 「Неопасные товары」 | D39: 6941991129995 | E39: серебро | F39: 1092.73 | H39: =IF(ISBLANK(G39),"",IF(ISNUMBER(F39),ROUND(F39*G39,2),"Укажите цену")) | I39: 213 | J39: 12.03 | K39: 19.2*8.6*2.6 | L39: отсутствует | M39: нет данных | N39: 54 | O39: 36*26*27 | P39: 0.025 | Q39: 1. Емкость: 10000mAh 38.5Wh. Номинальная емкость: 6000mAh. 2. Вход: Type-C: 18W. 3. Выход: Type-C/кабель Type-C: 20W (PD/QC/FCP/AFC). Кабель Lightning: 5V/2.4A. Общий выход: 5V/3A. 4. Материал: корпус из ABS+PC с защитой от возгорания + литий-полимерный аккумулятор. 5. Размер: 70*64*26 мм. Вес: 175 г. | R39: http://gofile.me/649X4/LCkeTSSOK | S39: -
A40: BJ90A Pasar пауэрбанк (20000mAh)(CCC) 「Неопасные товары」 | D40: 6941991129308 | E40: чёрный | F40: 782.85 | H40: =IF(ISBLANK(G40),"",IF(ISNUMBER(F40),ROUND(F40*G40,2),"Укажите цену")) | I40: 455 | J40: 19.6 | K40: 19.5*8.7*3.5 | L40: отсутствует | M40: нет данных | N40: 42 | O40: 36*26*27 | P40: 0.025 | Q40: 1. Ёмкость: 20000 мА·ч 74 Вт·ч; Номинальная ёмкость: 10600 мА·ч 2. Вход: Micro/Type-C: 5 В/2,1 А 3. Выход: USB1/USB2: 5 В/2,1 А; Общий выход: 5 В/2,1 А 4. Индикация: светодиодный индикатор уровня заряда 5. Материал: ABS+PC+литий-полимерный аккумуляторный элемент 6. Размер: 142 × 68 × 28,5 мм; Вес: 400 г | R40: http://gofile.me/649X4/KKGN7LgGw | S40: -
A41: BJ87 Star портативный аккумулятор с фонариком и кабелем (5000mAh) 「Неопасные товары」 | D41: 6941991126901 | E41: чёрный и серый | F41: 546.37 | H41: =IF(ISBLANK(G41),"",IF(ISNUMBER(F41),ROUND(F41*G41,2),"Укажите цену")) | I41: 135 | J41: 8.93 | K41: 15.7*8.6*3.2 | L41: отсутствует | M41: нет данных | N41: 62 | O41: 36*26*27 | P41: 0.025 | Q41: 1. Емкость: 5000mAh 18.5Wh номинальная емкость 2. Вход: USB-C: 5V/2A 3. Выход: USB-C: 5V/2A; Общий Выход: 5V/2A 4. Индикация: LED индикатор уровня заряда 5. Материал: PC+ABSогнеупорный корпус+21700 батарея 6. Размер: 108 * 31 * 29mm; вес: 105g | R41: http://gofile.me/649X4/iac1Hwuh5 | S41: -
A42: BJ84A Smooth портативный аккумулятор с 4 кабелями (20000mAh)「Неопасные товары」 | D42: 6941991126178 | E42: чёрный | F42: 815.47 | H42: =IF(ISBLANK(G42),"",IF(ISNUMBER(F42),ROUND(F42*G42,2),"Укажите цену")) | I42: 461 | J42: 14.8 | K42: 19.6*9.7*3.7 | L42: отсутствует | M42: нет данных | N42: 31 | O42: 36*26*27 | P42: 0.025 | Q42: 1. Ёмкость: 20000mAh 74Wh Номинальная ёмкость: 11000mAh 2. Вход: USB-C/USB-A кабель: 5V/2A 3. Выход: USB-A: 5V/2A; Micro USB кабель/USB-C кабель/IP кабель: 5V/2A; общий выход: 5V/2A 4. Индикация: LED индикатор 5. Материал: ABS+PC+литий-полимерная батарея 6. Размер: 147 * 68 * 33mm; Вес: 420g | R42: http://gofile.me/649X4/OyZX1CmkY | S42: -
A43: BJ82 Dawn магнитный портативный аккумулятор (5000mAh) 「Неопасные товары」 | D43: 6941991124792 | E43: чёрный | F43: 685 | H43: =IF(ISBLANK(G43),"",IF(ISNUMBER(F43),ROUND(F43*G43,2),"Укажите цену")) | I43: 169 | J43: 12.6 | K43: 19.3*8.7*2 | L43: отсутствует | M43: нет данных | N43: 72 | O43: 36*26*27 | P43: 0.025 | Q43: 1. Емкость: 5000mAh 18.5Wh Номинальная емкость: 2600mAh 2. Вход: USB-C: 5V/2A 3. Выход: USB-A: 5V/2A; Беспроводная зарядка: 5W; общий выход: 5V/2A 4. Дисплей: LED индикатор 5. Материал: ABS+PC+литий-полимерная батарея 6. Размер: 100 * 64 * 16mm; Вес: 140g | R43: http://gofile.me/649X4/t5Rd6rSam | S43: -
A44: BJ80A Clever 22.5W+PD20W универсальный портативный аккумулятор (20000mAh) 「Неопасные товары」 | D44: 6941991121616 | E44: чёрный | F44: 962.26 | H44: =IF(ISBLANK(G44),"",IF(ISNUMBER(F44),ROUND(F44*G44,2),"Укажите цену")) | I44: 450 | J44: 19.36 | K44: 19.3*8.7*3.3 | L44: отсутствует | M44: нет данных | N44: 42 | O44: 36*26*27 | P44: 0.025 | Q44: 1. Емкость: 20000mAh 74Wh Номинальная емкость: 11000mAh 2. Вход: USB-C/Micro-USB: 18W 3. Выход: USB-A1/A2: 22.5W (QC/FCP/SCP/AFC). USB-C: 20W (PD/QC/FCP/AFC). Общий выход: 5V/2A 4. Индикация: LED индикатор уровня заряда. 5. Материал: ABS+PC+литий-полимерная батарея 6. Размер: 147 * 70 * 66mm; Вес: 965g | R44: http://gofile.me/649X4/iZ74EgV0j | S44: http://gofile.me/649X4/wxc79O3Gn
D45: 6941991121623 | E45: белый | F45: 962.26 | H45: =IF(ISBLANK(G45),"",IF(ISNUMBER(F45),ROUND(F45*G45,2),"Укажите цену"))
A46: BJ79A Clever портативный аккумулятор с 3 кабелями (20000mAh) 「Неопасные товары」 | D46: 6941991121555 | E46: чёрный | F46: 888.86 | H46: =IF(ISBLANK(G46),"",IF(ISNUMBER(F46),ROUND(F46*G46,2),"Укажите цену")) | I46: 455 | J46: 19.56 | K46: 19.7*8.7*2.3 | L46: отсутствует | M46: нет данных | N46: 42 | O46: 36*26*27 | P46: 0.025 | Q46: 1. Емкость: 20000mAh 74Wh Номинальная емкость: 11000mAh 2. Вход: USB-C/USB-A кабель: 5V/2A 3. Выход: USB-A: 5V/2A. USB-C/IP кабель: 5V/2A. Общий выход: 5V/2A. 4. Индикация: LED индикатор уровня заряда. 5. Материал: ABS+PC+литий-полимерная батарея 6. Размер: 146 * 69 * 29mm; Вес: 410g | R46: http://gofile.me/649X4/UonFozAof | S46: http://gofile.me/649X4/DacVpjEhO
D47: 6941991121562 | E47: белый | F47: 888.86 | H47: =IF(ISBLANK(G47),"",IF(ISNUMBER(F47),ROUND(F47*G47,2),"Укажите цену"))
A48: BJ78A Clever портативный аккумулятор (20000mAh) 「Неопасные товары」 | D48: 6941991121494 | E48: чёрный | F48: 823.63 | H48: =IF(ISBLANK(G48),"",IF(ISNUMBER(F48),ROUND(F48*G48,2),"Укажите цену")) | I48: 451 | J48: 19.38 | K48: 19.3*8.7*3.3 | L48: отсутствует | M48: нет данных | N48: 42 | O48: 36*26*27 | P48: 0.025 | Q48: 1. Емкость: 20000mAh 74Wh Номинальная емкость: 11000mAh 2. Вход: USB-C/Micro-USB: 5V/2A 3. Выход: USB-A1/A2: 5V/2A. Общий выход: 5V/2A 4. Индикация: LED индикатор уровня заряда. 5. Материал: ABS+PC+литий-полимерная батарея 6. Размер: 146 * 69 * 40mm; Вес: 600g | R48: http://gofile.me/649X4/PlppZ7E1s | S48: http://gofile.me/649X4/7qhv5fb30
D49: 6941991121500 | E49: белый | F49: 823.63 | H49: =IF(ISBLANK(G49),"",IF(ISNUMBER(F49),ROUND(F49*G49,2),"Укажите цену"))
A50: BJ76A Smart портативный аккумулятор с 4 кабелями (20000mAh) 「Неопасные товары」 | D50: 6941991120053 | E50: чёрный | F50: 945.95 | H50: =IF(ISBLANK(G50),"",IF(ISNUMBER(F50),ROUND(F50*G50,2),"Укажите цену")) | I50: 498 | J50: 19.9 | K50: 19*8.7*3.9 | L50: отсутствует | M50: нет данных | N50: 39 | O50: 36*26*27 | P50: 0.025 | Q50: 1. Емкость: 20000mAh 74Wh Номинальная емкость: 11000mAh 2. Вход: Type-C/Micro/USB-A кабель: 5V/2A 3. Выход: Type-C кабель/Micro кабель/USB-A1/USB-A2/Lightning кабель: 5V/2A; общий выход: 5V/2A 4. Индикация: LED индикатор уровня заряда. 5. Материал: ABS+PC огнеупорный+литий-полимерная батарея 6. Размер: 147 * 70 * 32.5mm; вес: 445g | R50: http://gofile.me/649X4/amyG1ADS9 | S50: http://gofile.me/649X4/i3FuILOgM
A51: BJ56A Graceful 22.5W+PD20W универсальный портативный аккумулятор(20000mAh) 「Неопасные товары」 | D51: 6941991111822 | E51: черный | F51: 986.72 | H51: =IF(ISBLANK(G51),"",IF(ISNUMBER(F51),ROUND(F51*G51,2),"Укажите цену")) | I51: 465 | J51: 20 | K51: 19.5*8.8*3.5 | L51: отсутствует | M51: нет данных | N51: 42 | O51: 36*26*27 | P51: 0.025 | Q51: 1, Емкость: 20000mAh 74Wh Номинальная емкость: 11000mAh 2. Вход: Type-C/Micro: 18W 3. Выход: USB1/ 2:22.5W (QC/FCP/SCP/AFC); Type-C: 20W (PD/QC/FCP/AFC); Общий выход: 5V/2A 4, Индикатор: LED индикатор 5, Материал: ABS+PC+ литий-полимерный аккумулятор 6, Размеры: 139*68*28mm; Вес: 408g | R51: http://gofile.me/649X4/8drOwbc7t | S51: -
A52: BJ55A Graceful портативный аккумулятор (20000mAh) 「Неопасные товары」 | D52: 6941991111785 | E52: черный | F52: 848.09 | H52: =IF(ISBLANK(G52),"",IF(ISNUMBER(F52),ROUND(F52*G52,2),"Укажите цену")) | I52: 455 | J52: 19.6 | K52: 19.7*8.8*3.3 | L52: отсутствует | M52: нет данных | N52: 42 | O52: 36*26*27 | P52: 0.025 | Q52: 1, Емкость: 20000mAh 74Wh Номинальная емкость: 11000mAh 2. Вход: USB-C/Micro: 5V/2A 3. выход: USB1/ 2:5V /2A; Общий выход: 5V/2A 4. Индикатор: LED индикатор 5. Материал: ABS+PC+ литий-полимерный аккумулятор 6. Размеры: 139*68*28mm; Вес: 405g | R52: http://gofile.me/649X4/JYOb7XlPN | S52: -
F53: Итого к оплате, ₽ | H53: =IF(COUNTIFS(H5:H52,"Укажите цену")>0,"Укажите цены",SUM(H5:H52)) -> 0

Sheet Зарядные устройства EU
A2: Зарядные устройства EU
A3: Наименование | B3: Фото товара | C3: Упаковка | D3: Артикул / штрихкод | E3: Цвет | F3: цена | G3: Количество к заказу | H3: Сумма заказа, ₽ | I3: Вес G.W.(г) | J3: Вес большой коробки (кг) | K3: Рзмер индивидуальной упаковки (см) | L3: Кол-во в средней коробке (шт) | M3: Размер средней коробки (см) | N3: Кол-во в большой коробке (шт) | O3: Размер большой коробки (см) | P3: VOLUME (cbm) | Q3: Описание | R3: Сыллка на фото | S3: Ссылка на видео
A4: EU штекер (сертификация CE и RoHS)
A5: BN35 Mini PD30W+QC3.0 зарядное устройство(EU) | D5: 6941991128363 | E5: белый | F5: 358.81 | H5: =IF(ISBLANK(G5),"",IF(ISNUMBER(F5),ROUND(F5*G5,2),"Укажите цену")) | I5: 92 | J5: 14.4 | K5: 18.3*9.1*3.4 | L5: 32 | M5: 56.3*23.3*16 | N5: 128 | O5: 57.8*33.7*49 | P5: 0.095 | Q5: 1. Материал: PC огнеупорный корпус 2. Выход: USB-C: 30W (PD/QC/FCC/AFC); USB-A：18W（QC/FCP/AFC）； USB-C+USB-A：5V/3A 3. Штекер EU 4. Размер: 76.5 * 36 * 33mm; Вес: 55g | R5: http://gofile.me/649X4/GxqSyKx5O | S5: -
A6: BN35 Mini PD30W+QC3.0 зарядное устройство набор (C to C)(EU) | D6: 6941991128370 | E6: белый | F6: 407.74 | H6: =IF(ISBLANK(G6),"",IF(ISNUMBER(F6),ROUND(F6*G6,2),"Укажите цену")) | I6: 119 | J6: 17.7 | K6: 18.3*9.1*3.4 | L6: 32 | M6: 56.3*23.3*16 | N6: 128 | O6: 57.8*33.7*49 | P6: 0.095 | Q6: 1. Материал: PC огнеупорный корпус 2. Выход: USB-C: 30W (PD/QC/FCC/AFC); USB-A：18W（QC/FCP/AFC）； USB-C+USB-A：5V/3A 3. Штекер EU 4. Размер: 76.5 * 36 * 33mm; Общий Вес: 75g 5. Набор с кабелем 1m C на C 60W | R6: http://gofile.me/649X4/YAMTA7PlP | S6: -
A7: BN34 Mini single port PD30W зарядное устройство(EU) | D7: 6941991128349 | E7: белый | F7: 326.19 | H7: =IF(ISBLANK(G7),"",IF(ISNUMBER(F7),ROUND(F7*G7,2),"Укажите цену")) | I7: 93 | J7: 14.1 | K7: 18.3*9.1*3.4 | L7: 32 | M7: 56.3*23.3*16 | N7: 128 | O7: 57.8*33.7*49 | P7: 0.095 | Q7: 1. Материал: PC огнеупорный корпус 2. Выход: USB-C: 30W (PD/QC/FCC/AFC) 3. Штекер EU 4. Размер: 76.5 * 36 * 33mm; Вес: 52g | R7: http://gofile.me/649X4/yflxbb65k | S7: -
A8: BN34 Mini single port PD30W зарядное устройство набор (C to C)(EU) | D8: 6941991128356 | E8: белый | F8: 375.12 | H8: =IF(ISBLANK(G8),"",IF(ISNUMBER(F8),ROUND(F8*G8,2),"Укажите цену")) | I8: 119 | J8: 17.5 | K8: 18.3*9.1*3.4 | L8: 32 | M8: 56.3*23.3*16 | N8: 128 | O8: 57.8*33.7*49 | P8: 0.095 | Q8: 1. Материал: PC огнеупорный корпус 2. Выход: USB-C: 30W (PD/QC/FCC/AFC) 3. Штекер EU 4. Размер: 76.5 * 36 * 33mm; Общий Вес: 72g 5. Набор с кабелем 1m C на C 60W | R8: http://gofile.me/649X4/gFQucowI7 | S8: -
A9: BN33 Fuente зарядное устройство с одним выходом PD40W (EU) | D9: 6941991127113 | E9: белый | F9: 489.28 | H9: =IF(ISBLANK(G9),"",IF(ISNUMBER(F9),ROUND(F9*G9,2),"Укажите цену")) | I9: 111 | J9: 16.38 | K9: 18.3*9.1*3.4 | L9: 32 | M9: 56.3*23.3*16 | N9: 128 | O9: 57.8*33.7*49 | P9: 0.095 | Q9: 1. Материал: PC огнеупорный корпус 2. Выход: USB-C: 40W (поддержка PD3.2, AVS 9-20V/2A (DPS 3A), PPS: 5-21V/2A); Выход до 60W 3. EU штекер 4. Размер: 83 * 45 * 31mm; Вес: 76g | R9: http://gofile.me/649X4/wADtslEz1 | S9: -
A10: BN33 Fuente зарядное устройство с одним выходом PD40W набор (C на C)(EU) | D10: 6941991127120 | E10: белый | F10: 538.21 | H10: =IF(ISBLANK(G10),"",IF(ISNUMBER(F10),ROUND(F10*G10,2),"Укажите цену")) | I10: 139 | J10: 19.89 | K10: 18.3*9.1*3.4 | L10: 32 | M10: 56.3*23.3*16 | N10: 128 | O10: 57.8*33.7*49 | P10: 0.095 | Q10: 1. Материал: PC огнеупорный корпус 2. Выход: USB-C: 40W (поддержка PD3.2, AVS 9-20V/2A (DPS 3A), PPS: 5-21V/2A); Выход до 60W 3. EU штекер 4. Размер: 83 * 45 * 31mm; Общий Вес: 96g 5. Набор с кабелем 1m C на C 60W | R10: http://gofile.me/649X4/uXCKJU42X | S10: -
A11: BN32 Cargador PD65W (2C1A) зарядное устройство (EU) | D11: 6941991124716 | E11: белый | F11: 701.3 | H11: =IF(ISBLANK(G11),"",IF(ISNUMBER(F11),ROUND(F11*G11,2),"Укажите цену")) | I11: 146 | J11: 20.82 | K11: 18.3*9.1*3.4 | L11: 32 | M11: 56.3*23.3*16 | N11: 128 | O11: 57.8*33.7*49 | P11: 0.095 | Q11: 1. Материал: PC огнеупорный корпус 2. Выход: USB-C1:65W (PD/QC/FCC/AFC); USB-C2：20W（PD/QC/FCP/AFC）； USB-A：18W（QC/FCP/AFC）； USB-C1+USB-C2：65W； USB-C1+USB-A：63W； USB-C1+(USB-C2+USB-A)：45W+15W 3. EU штекер 4. Размер: 89 * 45 * 31mm; Вес: 137g | R11: http://gofile.me/649X4/6qB91T5Jk | S11: -
A12: BN31 Cargador PD45W(2C) зарядное устройство (EU) | D12: 6941991124693 | E12: белый | F12: 570.83 | H12: =IF(ISBLANK(G12),"",IF(ISNUMBER(F12),ROUND(F12*G12,2),"Укажите цену")) | I12: 120 | J12: 17.56 | K12: 18.3*9.1*3.3 | L12: 32 | M12: 56.3*23.3*16 | N12: 128 | O12: 57.8*33.7*49 | P12: 0.095 | Q12: 1. Материал: PC огнеупорный корпус 2. Выход: USB-C1/C2:45W (PD/QC/FCC/AFC); USB-C1+USB-C2：25W+20W 3. EU штекер 4. Размер: 83 * 45 * 31mm; Вес: 125g | R12: http://gofile.me/649X4/PN8BV2nP7 | S12: -
A13: BN30 Cargador PD45W (1C1A) зарядное устройство (EU) | D13: 6941991124679 | E13: белый | F13: 546.37 | H13: =IF(ISBLANK(G13),"",IF(ISNUMBER(F13),ROUND(F13*G13,2),"Укажите цену")) | I13: 120 | J13: 17.43 | K13: 18.3*9.1*3.3 | L13: 32 | M13: 56.3*23.3*16 | N13: 128 | O13: 57.8*33.7*49 | P13: 0.095 | Q13: 1. Материал: PC огнеупорный корпус 2. Выход: USB-C1/C2:45W (PD/QC/FCC/AFC); USB-C1+USB-C2：25W+20W 3. EU штекер 4. Размер: 83 * 45 * 31mm; Total Вес: 145g 5. Набор с кабелем 1м C на C 60W | R13: http://gofile.me/649X4/q8lSlxWbf | S13: -
A14: BN29 Fuente PD30W+QC3.0 зарядное устройство (EU) | D14: 6941991120329 | E14: белый | F14: 318.03 | H14: =IF(ISBLANK(G14),"",IF(ISNUMBER(F14),ROUND(F14*G14,2),"Укажите цену")) | I14: 95 | J14: 14.5 | K14: 18.2*9.2*3.4 | L14: 32 | M14: 56.3*23.3*16 | N14: 128 | O14: 57.8*33.7*49 | P14: 0.095 | Q14: 1. Материал: PC огнеупорный 2. Выход: USB-C: 30W (PD/QC/FCC/AFC); USB-A：18W（QC/FCP/AFC）； USB-C+USB-A=5V/3A 3. EU штекер 4. Размер: 80.5 * 40 * 28mm; вес: 54g | R14: http://gofile.me/649X4/fWDDqscvl | S14: http://gofile.me/649X4/Gw0lKFe6n
A15: BN28 Fuente зарядное устройство с одним портом PD30W (EU) | D15: 6941991120299 | E15: белый | F15: 293.57 | H15: =IF(ISBLANK(G15),"",IF(ISNUMBER(F15),ROUND(F15*G15,2),"Укажите цену")) | I15: 91 | J15: 13.6 | K15: 18.3*9*3.4 | L15: 32 | M15: 56.3*23.3*16 | N15: 128 | O15: 57.8*33.7*49 | P15: 0.095 | Q15: 1. Материал: PC огнеупорный 2. Выход: USB-C: 30W (PD/QC/FCC/AFC) 3. EU штекер 4. Размер: 80.5 * 40 * 28mm; вес: 54g | R15: http://gofile.me/649X4/sZo8OAizC | S15: http://gofile.me/649X4/ygxmII6pw
A16: BN27 Fuente PD20W+QC3.0 зарядное устройство (EU) | D16: 6941991120268 | E16: белый | F16: 277.26 | H16: =IF(ISBLANK(G16),"",IF(ISNUMBER(F16),ROUND(F16*G16,2),"Укажите цену")) | I16: 87 | J16: 13.31 | K16: 18.4*9.1*3.4 | L16: 32 | M16: 56.3*23.3*16 | N16: 128 | O16: 57.8*33.7*49 | P16: 0.095 | Q16: 1. Материал: PC огнеупорный 2. Выход: USB-C: 20W (PD/QC/FCC/AFC); USB-A：18W（QC/FCP/AFC）； USB-C+USB-A=5V/3A 3. EU штекер 4. Размер: 80.5 * 40 * 28mm; вес: 51g | R16: http://gofile.me/649X4/uJPFCIYmp | S16: http://gofile.me/649X4/E8ky9Qq0f
... A21: BN9 Reacher PD35W зарядное устройство с двумя портами (2C) набор (Type-C на Type-C)(EU) | D21: 6974443388183 | E21: белый | F21: 668.69 | H21: =IF(ISBLANK(G21),"",IF(ISNUMBER(F21),ROUND(F21*G21,2),"Укажите цену")) | I21: 137 | J21: 21.5 | K21: 18.5*9*3.3 | L21: 35 | M21: 56.3*23.3*16 | N21: 140 | O21: 57.8*33.7*49 | P21: 0.095 | Q21: 1. Материал: огнеупорный PC. 2. Выход: Type-C 1/2:35W (PD/PPS/QC/AFC/FCP); Type-C1+Type-C2=17.5W+17.5W 3. EU штекер. 4. Размер: 85 * 40 * 31мм, Общий Вес: 89г 5. Набор с кабелем 1м C на C. | R21: http://gofile.me/649X4/0UMaRiI5y | S21: -
A23: EU штекер（Частная модельная серия）
A24: BAS93A Cloud PD30W+QC3.0 зарядное устройство (EU) | D24: 6941991129209 | E24: белый | F24: 195.71 | H24: =IF(ISBLANK(G24),"",IF(ISNUMBER(F24),ROUND(F24*G24,2),"Укажите цену")) | I24: 55 | J24: 8.68 | K24: 15.2*10.1*4 | L24: 20 | M24: 37*23.3*12.5 | N24: 120 | O24: 48.2*38.6*40 | P24: 0.074 | Q24: 1. Материал: ABS 2. Выход: USB-C - 30 Вт (PD/QC/FCC/AFC); USB-A - 18 Вт (QC/FCP/AFC); USB-C + USB-A - 5В/3А 3. Европейская вилка 4. Размер: 83 × 38,5 × 21мм; Вес: 37г | R24: http://gofile.me/649X4/vXMSp8Zjg | S24: -
A25: BAS93A Cloud PD30W+QC3.0 зарядное устройство набор (C на C)(EU) | D25: 6941991129216 | E25: белый | F25: 236.49 | H25: =IF(ISBLANK(G25),"",IF(ISNUMBER(F25),ROUND(F25*G25,2),"Укажите цену")) | I25: 82 | J25: 11.72 | K25: 15.2*10.1*4 | L25: 20 | M25: 37*23.3*12.5 | N25: 120 | O25: 48.2*38.6*40 | P25: 0.074 | Q25: 1. Материал: ABS 2. Выход: USB-C - 30 Вт (PD/QC/FCC/AFC); USB-A - 18 Вт (QC/FCP/AFC); USB-C + USB-A одновременно - 5В/3А 3. Европейская вилка 4. Размер: 83 × 38,5 × 21мм; Общий вес: 62г 5. Набор с кабелем USB-C - USB-C длиной 1 м, поддерживает быструю зарядку до 60 Вт | R25: http://gofile.me/649X4/Tmt7eokZN | S25: -
A26: BAS92A Cloud PD25W зарядное устройство (EU) | D26: 6941991129186 | E26: белый | F26: 171.25 | H26: =IF(ISBLANK(G26),"",IF(ISNUMBER(F26),ROUND(F26*G26,2),"Укажите цену")) | I26: 55 | J26: 8.7 | K26: 15.2*10.1*4 | L26: 20 | M26: 37*23.3*12.5 | N26: 120 | O26: 48.2*38.6*40 | P26: 0.074 | Q26: 1. Материал: ABS 2. Выход: USB-C - 25Вт (PD/QC/FCC/AFC) 3. Европейская вилка 4. Размер: 83 × 38,5 × 21мм; Вес: 36г | R26: http://gofile.me/649X4/V69DxRmnz | S26: -
A27: BAS92A Cloud PD25W зарядное устройство набор (C на C)(EU) | D27: 6941991129193 | E27: белый | F27: 208.76 | H27: =IF(ISBLANK(G27),"",IF(ISNUMBER(F27),ROUND(F27*G27,2),"Укажите цену")) | I27: 81 | J27: 11.73 | K27: 15.2*10.1*4 | L27: 20 | M27: 37*23.3*12.5 | N27: 120 | O27: 48.2*38.6*40 | P27: 0.074 | Q27: 1. Материал: ABS 2. Выход: USB-C - 25Вт (PD/QC/FCC/AFC) 3. Европейская вилка 4. Размер: 83 × 38,5 × 21мм; Общий вес: 61г 5. Набор с кабелем USB-C - USB-C длиной 1 м, поддерживает быструю зарядку до 60 Вт | R27: http://gofile.me/649X4/L2evwGiQX | S27: -
A28: BAS91A Cloud 22.5W зарядное устройство (EU) | D28: 6941991129162 | E28: белый | F28: 143.52 | H28: =IF(ISBLANK(G28),"",IF(ISNUMBER(F28),ROUND(F28*G28,2),"Укажите цену")) | I28: 54 | J28: 8.5 | K28: 15.2*10.1*4 | L28: 20 | M28: 37*23.3*12.5 | N28: 120 | O28: 48.2*38.6*40 | P28: 0.074 | Q28: 1. Материал: ABS 2. Выход: USB-A - 22,5Вт (QC/FCP/SCP/AFC) 3. Европейская вилка 4. Размер: 83 × 38,5 × 21мм; Вес: 35г | R28: http://gofile.me/649X4/frBBxw5C4 | S28: -
A29: BAS91A Cloud 22.5W зарядное устройство набор (Type-C)(EU) | D29: 6941991129179 | E29: белый | F29: 171.25 | H29: =IF(ISBLANK(G29),"",IF(ISNUMBER(F29),ROUND(F29*G29,2),"Укажите цену")) | I29: 80 | J29: 11.57 | K29: 15.2*10.1*4 | L29: 20 | M29: 37*23.3*12.5 | N29: 120 | O29: 48.2*38.6*40 | P29: 0.074 | Q29: 1. Материал: ABS 2. Выход: USB-A - 22,5Вт (QC/FCP/SCP/AFC) 3. Европейская вилка 4. Размер: 83 × 38,5 × 21мм; Общий вес: 60г 5. Набор с кабелем Type-C длиной 1 м для зарядки | R29: http://gofile.me/649X4/bzncuDkUi | S29: -
A30: BAS86A Star PD40W зарядное устройство (EU) | D30: 6941991131004 | E30: черный | F30: 309.88 | H30: =IF(ISBLANK(G30),"",IF(ISNUMBER(F30),ROUND(F30*G30,2),"Укажите цену")) | I30: обновление | J30: обновление | K30: обновление | L30: 20 | M30: 37*23.3*12.5 | N30: 120 | O30: 48.2*38.6*40 | P30: 0.074 | Q30: 1. Материал: ABS. 2. Выход: USB-C: 40W (PD/PPS/QC/FCP/AFC). 3. Штекер EU. 4. Размеры: 81*36.5*33 мм. Вес: 59 г. | R30: http://gofile.me/649X4/p7Y73rsLA | S30: -
A31: BAS86A Star PD40W зарядное устройство набор (C на C)(EU) | D31: 6941991131011 | E31: черный | F31: 350.65 | H31: =IF(ISBLANK(G31),"",IF(ISNUMBER(F31),ROUND(F31*G31,2),"Укажите цену")) | I31: обновление | J31: обновление | K31: обновление | L31: 20 | M31: 37*23.3*12.5 | N31: 120 | O31: 48.2*38.6*40 | P31: 0.074 | Q31: 1. Материал: ABS. 2. Выход: USB-C: 40W (PD/PPS/QC/FCP/AFC). 3. Штекер EU. 4. Размеры: 81*36.5*33 мм. Общий вес: 84 г. 5. В комплекте кабель C to C 60W быстрой зарядки длиной 1 м. | R31: http://gofile.me/649X4/NDV5LbtCh | S31: -
A32: BAS85A Star PD30W+QC3.0 зарядное устройство (EU) | D32: 6941991126840 | E32: черный | F32: 195.71 | H32: =IF(ISBLANK(G32),"",IF(ISNUMBER(F32),ROUND(F32*G32,2),"Укажите цену")) | I32: 58 | J32: 8.96 | K32: 15.2*10.1*4 | L32: 20 | M32: 37*23.3*12.5 | N32: 120 | O32: 48.2*38.6*40 | P32: 0.074 | Q32: 1. Материал: ABS 2. Выход: USB-C: 30W (PD/QC/FCC/AFC); USB-A：18W（QC/FCP/AFC）； USB-C+USB-A：5V/3A 3. EU штекер 4. Размер: 81 * 36.5 * 33mm, Вес: 51g | R32: http://gofile.me/649X4/EPrQLfsas | S32: -
A33: BAS84A Star single port PD25W зарядное устройство (EU) | D33: 6941991126826 | E33: черный | F33: 174.51 | H33: =IF(ISBLANK(G33),"",IF(ISNUMBER(F33),ROUND(F33*G33,2),"Укажите цену")) | I33: 57 | J33: 8.83 | K33: 15.2*10.1*4 | L33: 20 | M33: 37*23.3*12.5 | N33: 120 | O33: 48.2*38.6*40 | P33: 0.074 | Q33: 1. Материал: ABS 2. Выход: USB-C: 25W (PD/QC/FCC/AFC) 3. EU штекер 4. Размер: 81 * 36.5 * 33mm, Вес: 57g | R33: http://gofile.me/649X4/uKjM3067K | S33: -
A34: BAS83A Star PD20W+QC3.0 зарядное устройство (EU) | D34: 6941991126765 | E34: черный | F34: 153.31 | H34: =IF(ISBLANK(G34),"",IF(ISNUMBER(F34),ROUND(F34*G34,2),"Укажите цену")) | I34: 56 | J34: 8.66 | K34: 15.2*10.1*4 | L34: 20 | M34: 37*23.3*12.5 | N34: 120 | O34: 48.2*38.6*40 | P34: 0.074 | Q34: 1. Материал: ABS 2. Выход: USB-C: 20W (PD/QC/FCC/AFC); USB-A：18W（QC/FCP/AFC）； USB-C+USB-A：5V/3A 3. EU штекер 4. Размер: 81 * 36.5 * 33mm, Вес: 40g | R34: http://gofile.me/649X4/cyDy0hrFW | S34: -
D35: 6941991126772 | E35: белый | F35: 153.31 | H35: =IF(ISBLANK(G35),"",IF(ISNUMBER(F35),ROUND(F35*G35,2),"Укажите цену"))
A36: BAS81A Star зарядное устройство набор (iP)(EU) | D36: 6941991126642 | E36: черный | F36: 120.69 | H36: =IF(ISBLANK(G36),"",IF(ISNUMBER(F36),ROUND(F36*G36,2),"Укажите цену")) | I36: 78 | J36: 11.43 | K36: 15.2*10.1*4 | L36: 20 | M36: 37*23.3*12.5 | N36: 120 | O36: 48.2*38.6*40 | P36: 0.074 | Q36: 1. Материал: ABS 2. Выход: USB-A1/A2:5V/2.1A; Общий выход: 5V/2.1A 3. EU штекер 4. Размер: 81 * 36.5 * 33mm, total Вес: 62g 5. Набор с кабелем 1м iP | R36: http://gofile.me/649X4/RMfsiVxZC | S36: -
D37: 6941991126659 | E37: белый | F37: 120.69 | H37: =IF(ISBLANK(G37),"",IF(ISNUMBER(F37),ROUND(F37*G37,2),"Укажите цену"))
A38: BAS76A Source PD30W+QC3.0 зарядное устройство (EU) | D38: 6941991122873 | E38: черный | F38: 181.03 | H38: =IF(ISBLANK(G38),"",IF(ISNUMBER(F38),ROUND(F38*G38,2),"Укажите цену")) | I38: 65 | J38: 9.7 | K38: 15.1*10.1*3.9 | L38: 20 | M38: 37*23.3*12.5 | N38: 120 | O38: 48.2*38.6*40 | P38: 0.074 | Q38: 1. Материал: ABS 2. Выход: USB-C: 30W (PD/QC/FCP/AFC). USB-A: 18W (QC/FCP/AFC). USB-C+USB-A=5V/3A 3. EU штекер 4. Размер: 88 * 41.5 * 26mm, вес: 46g | R38: http://gofile.me/649X4/QoG9FIXFk | S38: http://gofile.me/649X4/3HMcoD5vc
D39: 6941991122880 | E39: белый | F39: 181.03 | H39: =IF(ISBLANK(G39),"",IF(ISNUMBER(F39),ROUND(F39*G39,2),"Укажите цену"))
A40: BAS76A Source PD30W+QC3.0 зарядное устройство набор (C на iP)(EU) | D40: 6941991122897 | E40: черный | F40: 241.38 | H40: =IF(ISBLANK(G40),"",IF(ISNUMBER(F40),ROUND(F40*G40,2),"Укажите цену")) | I40: 91 | J40: 12.9 | K40: 15.1*10.1*3.9 | L40: 20 | M40: 37*23.3*12.5 | N40: 120 | O40: 48.2*38.6*40 | P40: 0.074 | Q40: 1. Материал: ABS 2. Выход: USB-C: 30W (PD/QC/FCP/AFC). USB-A: 18W (QC/FCP/AFC). USB-C+USB-A=5V/3A 3. EU штекер 4. Размер: 88 * 41.5 * 26mm, общий вес: 71g 5. Набор с кабелем 1м C на iP | R40: http://gofile.me/649X4/iCmfP6gJc | S40: http://gofile.me/649X4/3HMcoD5vc
D41: 6941991122903 | E41: белый | F41: 241.38 | H41: =IF(ISBLANK(G41),"",IF(ISNUMBER(F41),ROUND(F41*G41,2),"Укажите цену"))
A42: BAS76A Source PD30W+QC3.0 зарядное устройство набор (C на C)(EU) | D42: 6941991122910 | E42: черный | F42: 220.18 | H42: =IF(ISBLANK(G42),"",IF(ISNUMBER(F42),ROUND(F42*G42,2),"Укажите цену")) | I42: 91 | J42: 12.8 | K42: 15.1*10.1*3.9 | L42: 20 | M42: 37*23.3*12.5 | N42: 120 | O42: 48.2*38.6*40 | P42: 0.074 | Q42: 1. Материал: ABS 2. Выход: USB-C: 30W (PD/QC/FCP/AFC). USB-A: 18W (QC/FCP/AFC). USB-C+USB-A=5V/3A 3. EU штекер 4. Размер: 88 * 41.5 * 26mm, общий вес: 71g 5. Набор с кабелем 1м C на C 60W | R42: http://gofile.me/649X4/5VkobJrzs | S42: http://gofile.me/649X4/3HMcoD5vc
D43: 6941991122927 | E43: белый | F43: 220.18 | H43: =IF(ISBLANK(G43),"",IF(ISNUMBER(F43),ROUND(F43*G43,2),"Укажите цену"))
A44: BAS75A Source PD30W зарядное устройство (EU) | D44: 6941991122811 | E44: черный | F44: 146.78 | H44: =IF(ISBLANK(G44),"",IF(ISNUMBER(F44),ROUND(F44*G44,2),"Укажите цену")) | I44: 64 | J44: 9.7 | K44: 15.1*10.1*3.9 | L44: 20 | M44: 37*23.3*12.5 | N44: 120 | O44: 48.2*38.6*40 | P44: 0.074 | Q44: 1. Материал: ABS 2. Выход: USB-C: 30W (PD/QC/FCP/AFC） 3. EU штекер 4. Размер: 88 * 41.5 * 26mm, вес: 45g | R44: http://gofile.me/649X4/OuTwSOFS3 | S44: http://gofile.me/649X4/VdAZM0ZgM
D45: 6941991122828 | E45: белый | F45: 146.78 | H45: =IF(ISBLANK(G45),"",IF(ISNUMBER(F45),ROUND(F45*G45,2),"Укажите цену"))
A46: BAS75A Source PD30W зарядное устройство набор (C на iP)(EU) | D46: 6941991122835 | E46: черный | F46: 207.13 | H46: =IF(ISBLANK(G46),"",IF(ISNUMBER(F46),ROUND(F46*G46,2),"Укажите цену")) | I46: 91 | J46: 12.77 | K46: 15.1*10.1*3.9 | L46: 20 | M46: 37*23.3*12.5 | N46: 120 | O46: 48.2*38.6*40 | P46: 0.074 | Q46: 1. Материал: ABS 2. Выход: USB-C: 30W (PD/QC/FCP/AFC） 3. EU штекер 4. Размер: 88 * 41.5 * 26mm, общий вес: 70g 5. Набор с кабелем 1м C на iP | R46: http://gofile.me/649X4/leG7dRbJ0 | S46: http://gofile.me/649X4/VdAZM0ZgM
D47: 6941991122842 | E47: белый | F47: 207.13 | H47: =IF(ISBLANK(G47),"",IF(ISNUMBER(F47),ROUND(F47*G47,2),"Укажите цену"))
A48: BAS75A Source PD30W зарядное устройство набор (C на C)(EU) | D48: 6941991122859 | E48: черный | F48: 184.3 | H48: =IF(ISBLANK(G48),"",IF(ISNUMBER(F48),ROUND(F48*G48,2),"Укажите цену")) | I48: 89 | J48: 12.6 | K48: 15.1*10.1*3.9 | L48: 20 | M48: 37*23.3*12.5 | N48: 120 | O48: 48.2*38.6*40 | P48: 0.074 | Q48: 1. Материал: ABS 2. Выход: USB-C: 30W (PD/QC/FCP/AFC） 3. EU штекер 4. Размер: 88 * 41.5 * 26mm, общий вес: 70g 5. Набор с кабелем 1м C на C 60W | R48: http://gofile.me/649X4/8N1zBC3Tt | S48: http://gofile.me/649X4/VdAZM0ZgM
D49: 6941991122866 | E49: белый | F49: 184.3 | H49: =IF(ISBLANK(G49),"",IF(ISNUMBER(F49),ROUND(F49*G49,2),"Укажите цену"))
A50: BAS74A Source PD20W+QC3.0 зарядное устройство (EU) | D50: 6941991122750 | E50: черный | F50: 140.26 | H50: =IF(ISBLANK(G50),"",IF(ISNUMBER(F50),ROUND(F50*G50,2),"Укажите цену")) | I50: 60 | J50: 9.14 | K50: 15.1*10.1*3.9 | L50: 20 | M50: 37*23.3*12.5 | N50: 120 | O50: 48.2*38.6*40 | P50: 0.074 | Q50: 1. Материал: ABS 2. Выход: USB-C: 20W (PD/QC/FCP/AFC). USB-A: 18W (QC/FCP/AFC). USB-C+USB-A=5V/3A 3. EU штекер 4. Размер: 88 * 41.5 * 26mm, вес: 42g | R50: http://gofile.me/649X4/vhhB7swvr | S50: http://gofile.me/649X4/L81sFvbCQ
D51: 6941991122767 | E51: белый | F51: 140.26 | H51: =IF(ISBLANK(G51),"",IF(ISNUMBER(F51),ROUND(F51*G51,2),"Укажите цену"))
A52: BAS74A Source PD20W+QC3.0 зарядное устройство набор (C на iP)(EU) | D52: 6941991122781 | E52: белый | F52: 200.61 | H52: =IF(ISBLANK(G52),"",IF(ISNUMBER(F52),ROUND(F52*G52,2),"Укажите цену")) | I52: 86 | J52: 12.3 | K52: 15.1*10.1*3.9 | L52: 20 | M52: 37*23.3*12.5 | N52: 120 | O52: 48.2*38.6*40 | P52: 0.074 | Q52: 1. Материал: ABS 2. Выход: USB-C: 20W (PD/QC/FCP/AFC). USB-A: 18W (QC/FCP/AFC). USB-C+USB-A=5V/3A 3. EU штекер 4. Размер: 88 * 41.5 * 26mm, общий вес: 67g 5. Набор с кабелем 1м C на iP | R52: http://gofile.me/649X4/MiRvuTQTP | S52: http://gofile.me/649X4/L81sFvbCQ
A53: BAS73A Source PD20W зарядное устройство (EU) | D53: 6941991122699 | E53: черный | F53: 110.9 | H53: =IF(ISBLANK(G53),"",IF(ISNUMBER(F53),ROUND(F53*G53,2),"Укажите цену")) | I53: 59 | J53: 8.9 | K53: 15.1*10.1*3.9 | L53: 20 | M53: 37*23.3*12.5 | N53: 120 | O53: 48.2*38.6*40 | P53: 0.074 | Q53: 1. Материал: ABS 2. Выход: USB-C: 20W (PD/QC/FCP/AFC） 3. EU штекер 4. Размер: 88 * 41.5 * 26mm, вес: 39g | R53: http://gofile.me/649X4/Wm0aZNRuj | S53: http://gofile.me/649X4/zEUsA1sG6
D54: 6941991122705 | E54: белый | F54: 110.9 | H54: =IF(ISBLANK(G54),"",IF(ISNUMBER(F54),ROUND(F54*G54,2),"Укажите цену"))
A55: BAS73A Source PD20W зарядное устройство набор (C на iP)(EU) | D55: 6941991122712 | E55: черный | F55: 171.25 | H55: =IF(ISBLANK(G55),"",IF(ISNUMBER(F55),ROUND(F55*G55,2),"Укажите цену")) | I55: 85 | J55: 12.2 | K55: 15.1*10.1*3.9 | L55: 20 | M55: 37*23.3*12.5 | N55: 120 | O55: 48.2*38.6*40 | P55: 0.074 | Q55: 1. Материал: ABS 2. Выход: USB-C: 20W (PD/QC/FCP/AFC） 3. EU штекер 4. Размер: 88 * 41.5 * 26mm, общий вес: 64g 5. Набор с кабелем 1м C на iP | R55: http://gofile.me/649X4/Tq8shr5S5 | S55: http://gofile.me/649X4/zEUsA1sG6
D56: 6941991122729 | E56: белый | F56: 171.25 | H56: =IF(ISBLANK(G56),"",IF(ISNUMBER(F56),ROUND(F56*G56,2),"Укажите цену"))
A57: BAS73A Source PD20W зарядное устройство набор (C на C)(EU) | D57: 6941991122736 | E57: черный | F57: 150.05 | H57: =IF(ISBLANK(G57),"",IF(ISNUMBER(F57),ROUND(F57*G57,2),"Укажите цену")) | I57: 85 | J57: 12.1 | K57: 15.1*10.1*3.9 | L57: 20 | M57: 37*23.3*12.5 | N57: 120 | O57: 48.2*38.6*40 | P57: 0.074 | Q57: 1. Материал: ABS 2. Выход: USB-C: 20W (PD/QC/FCP/AFC） 3. EU штекер 4. Размер: 88 * 41.5 * 26mm, общий вес: 64g 5. Набор с кабелем 1м C на C 60W | R57: http://gofile.me/649X4/Gvs7OO8KO | S57: http://gofile.me/649X4/zEUsA1sG6
D58: 6941991122743 | E58: белый | F58: 150.05 | H58: =IF(ISBLANK(G58),"",IF(ISNUMBER(F58),ROUND(F58*G58,2),"Укажите цену"))
A59: BAS72A Source QC3.0 зарядное устройство (EU) | D59: 6941991122637 | E59: черный | F59: 109.27 | H59: =IF(ISBLANK(G59),"",IF(ISNUMBER(F59),ROUND(F59*G59,2),"Укажите цену")) | I59: 58 | J59: 8.88 | K59: 15.1*10.1*4 | L59: 20 | M59: 37*23.3*12.5 | N59: 120 | O59: 48.2*38.6*40 | P59: 0.074 | Q59: 1. Материал: ABS 2. Выход: USB-A: 18W (QC/FCP/AFC） 3. EU штекер 4. Размер: 88 * 41.5 * 26mm, вес: 40g | R59: http://gofile.me/649X4/vnGFj4CpQ | S59: http://gofile.me/649X4/SKNBMz7kM
D60: 6941991122644 | E60: белый | F60: 109.27 | H60: =IF(ISBLANK(G60),"",IF(ISNUMBER(F60),ROUND(F60*G60,2),"Укажите цену"))
A61: BAS72A Source QC3.0 зарядное устройство набор (Micro)(EU) | D61: 6941991122651 | E61: черный | F61: 132.11 | H61: =IF(ISBLANK(G61),"",IF(ISNUMBER(F61),ROUND(F61*G61,2),"Укажите цену")) | I61: 86 | J61: 11.76 | K61: 15.1*10.1*4 | L61: 20 | M61: 37*23.3*12.5 | N61: 120 | O61: 48.2*38.6*40 | P61: 0.074 | Q61: 1. Материал: ABS 2. Выход: USB-A: 18W (QC/FCP/AFC） 3. EU штекер 4. Размер: 88 * 41.5 * 26mm, общий вес: 65g 5. Набор с кабелем 1м Micro charging cable | R61: http://gofile.me/649X4/Zr6MSu5MB | S61: http://gofile.me/649X4/SKNBMz7kM
D62: 6941991122668 | E62: белый | F62: 132.11 | H62: =IF(ISBLANK(G62),"",IF(ISNUMBER(F62),ROUND(F62*G62,2),"Укажите цену"))
A63: BAS72A Source QC3.0 зарядное устройство набор (Type-C)(EU) | D63: 6941991122675 | E63: черный | F63: 137 | H63: =IF(ISBLANK(G63),"",IF(ISNUMBER(F63),ROUND(F63*G63,2),"Укажите цену")) | I63: 86 | J63: 12.25 | K63: 15.1*10.1*4 | L63: 20 | M63: 37*23.3*12.5 | N63: 120 | O63: 48.2*38.6*40 | P63: 0.074 | Q63: 1. Материал: ABS 2. Выход: USB-A: 18W (QC/FCP/AFC） 3. EU штекер 4. Размер: 88 * 41.5 * 26mm, общий вес: 65g 5. Набор с кабелем 1м Type-C charging cable | R63: http://gofile.me/649X4/eNsYjsPun | S63: http://gofile.me/649X4/SKNBMz7kM
D64: 6941991122682 | E64: белый | F64: 137 | H64: =IF(ISBLANK(G64),"",IF(ISNUMBER(F64),ROUND(F64*G64,2),"Укажите цену"))
A65: BAS71A Source зарядное устройство (EU) | D65: 6941991122552 | E65: черный | F65: 78.29 | H65: =IF(ISBLANK(G65),"",IF(ISNUMBER(F65),ROUND(F65*G65,2),"Укажите цену")) | I65: 50 | J65: 7.87 | K65: 15.1*10.1*4 | L65: 20 | M65: 37*23.3*12.5 | N65: 120 | O65: 48.2*38.6*40 | P65: 0.074 | Q65: 1. Материал: ABS 2. Выход: USB-A: 5V/2.1A 3. EU штекер 4. Размер: 77.5 * 38.5 * 24.5mm, вес: 32g | R65: http://gofile.me/649X4/f1mjAaUrs | S65: http://gofile.me/649X4/gstqc79gJ
D66: 6941991122569 | E66: белый | F66: 78.29 | H66: =IF(ISBLANK(G66),"",IF(ISNUMBER(F66),ROUND(F66*G66,2),"Укажите цену"))
A67: BAS71A Source зарядное устройство набор (iP)(EU) | D67: 6941991122576 | E67: черный | F67: 110.9 | H67: =IF(ISBLANK(G67),"",IF(ISNUMBER(F67),ROUND(F67*G67,2),"Укажите цену")) | I67: 78 | J67: 11.29 | K67: 15.1*10.1*4 | L67: 20 | M67: 37*23.3*12.5 | N67: 120 | O67: 48.2*38.6*40 | P67: 0.074 | Q67: 1. Материал: ABS 2. Выход: USB-A: 5V/2.1A 3. EU штекер 4. Размер: 77.5 * 38.5 * 24.5mm, общий вес: 57g 5. Набор с кабелем 1м Lightning | R67: http://gofile.me/649X4/pr7bjtPgl | S67: http://gofile.me/649X4/gstqc79gJ
D68: 6941991122583 | E68: белый | F68: 110.9 | H68: =IF(ISBLANK(G68),"",IF(ISNUMBER(F68),ROUND(F68*G68,2),"Укажите цену"))
A69: BAS71A Source зарядное устройство набор (Micro)(EU) | D69: 6941991122590 | E69: черный | F69: 99.49 | H69: =IF(ISBLANK(G69),"",IF(ISNUMBER(F69),ROUND(F69*G69,2),"Укажите цену")) | I69: 78 | J69: 11.29 | K69: 15.1*10.1*4 | L69: 20 | M69: 37*23.3*12.5 | N69: 120 | O69: 48.2*38.6*40 | P69: 0.074 | Q69: 1. Материал: ABS 2. Выход: USB-A: 5V/2.1A 3. EU штекер 4. Размер: 77.5 * 38.5 * 24.5mm, общий вес: 57g 5. Набор с кабелем 1м Micro | R69: http://gofile.me/649X4/20jSs0q21 | S69: http://gofile.me/649X4/gstqc79gJ
D70: 6941991122606 | E70: белый | F70: 99.49 | H70: =IF(ISBLANK(G70),"",IF(ISNUMBER(F70),ROUND(F70*G70,2),"Укажите цену"))
A71: BAS71A Source зарядное устройство набор (Type-C)(EU) | D71: 6941991122613 | E71: черный | F71: 106.01 | H71: =IF(ISBLANK(G71),"",IF(ISNUMBER(F71),ROUND(F71*G71,2),"Укажите цену")) | I71: 77 | J71: 11.21 | K71: 15.1*10.1*4 | L71: 20 | M71: 37*23.3*12.5 | N71: 120 | O71: 48.2*38.6*40 | P71: 0.074 | Q71: 1. Материал: ABS 2. Выход: USB-A: 5V/2.1A 3. EU штекер 4. Размер: 77.5 * 38.5 * 24.5mm, общий вес: 57g 5. Набор с кабелем 1м Type-C | R71: http://gofile.me/649X4/3vDeS2lQ6 | S71: http://gofile.me/649X4/gstqc79gJ
D72: 6941991122620 | E72: белый | F72: 106.01 | H72: =IF(ISBLANK(G72),"",IF(ISNUMBER(F72),ROUND(F72*G72,2),"Укажите цену"))
A73: BAS45A Potential PD30W+QC3.0 зарядное устройство (EU) | D73: 6941991113871 | E73: белый | F73: 274 | H73: =IF(ISBLANK(G73),"",IF(ISNUMBER(F73),ROUND(F73*G73,2),"Укажите цену")) | I73: 61 | J73: 20.6 | K73: 18.6*8.1*3 | L73: 76 | M73: 56.3*23.3*16 | N73: 304 | O73: 57.8*37.7*49 | P73: 0.107 | Q73: 1. Материал: ABS 2. Выход: Type-C: 30W (PD/QC/FCP/AFC); USB-A：18W（QC/FCP/AFC）； Type-C+USB-A：5V/3A 3. EU штекер. 4. Размер: 76.4*44*29mm; Вес: 49g | R73: http://gofile.me/649X4/CXRbbFX4v | S73: -
A74: BAS44A Potential PD20W+QC3.0 зарядное устройство (EU) | D74: 6941991113840 | E74: белый | F74: 212.02 | H74: =IF(ISBLANK(G74),"",IF(ISNUMBER(F74),ROUND(F74*G74,2),"Укажите цену")) | I74: 55 | J74: 18.6 | K74: 18.6*8.1*3 | L74: 76 | M74: 56.3*23.3*16 | N74: 304 | O74: 57.8*37.7*49 | P74: 0.107 | Q74: 1. Материал: ABS 2. Выход: Type-C: 20W (PD/QC/FCP/AFC); USB-A：18W（QC/FCP/AFC）； Type-C+USB-A：5V/3A 3. EU штекер. 4. Размер: 76.4*44*29mm; Вес: 40g | R74: http://gofile.me/649X4/NqAcCkhlp | S74: -
A75: BAS43A Potential зарядное устройство с одним портом PD20W (EU) | D75: 6941991113819 | E75: белый | F75: 148.42 | H75: =IF(ISBLANK(G75),"",IF(ISNUMBER(F75),ROUND(F75*G75,2),"Укажите цену")) | I75: 53 | J75: 18.3 | K75: 18.6*8.1*3 | L75: 76 | M75: 56.3*23.3*16 | N75: 304 | O75: 57.8*37.7*49 | P75: 0.107 | Q75: 1. Материал: ABS 2. Выход: Type-C: 20W (PD/QC/FCP/AFC) 3. EU штекер. 4. Размер: 76.4*44*29mm; Вес: 39g | R75: http://gofile.me/649X4/bGaQys0Xy | S75: -
A76: BAS42A Potential зарядное устройство с одним портом QC3.0 (EU) | D76: 6941991113789 | E76: белый | F76: 143.52 | H76: =IF(ISBLANK(G76),"",IF(ISNUMBER(F76),ROUND(F76*G76,2),"Укажите цену")) | I76: 52 | J76: 18.1 | K76: 18.6*8.1*3 | L76: 76 | M76: 56.3*23.3*16 | N76: 304 | O76: 57.8*37.7*49 | P76: 0.107 | Q76: 1. Материал: ABS 2. Выход: USB-A: 18W (QC/FCP/AFC) 3. EU штекер. 4. Размер: 74.5*41*29mm; Вес: 37g | R76: http://gofile.me/649X4/Zv26AsRrb | S76: http://gofile.me/649X4/abznmFobj
A77: BAS42A Potential зарядное устройство с одним портом QC3.0 набор (Micro)(EU) | D77: 6941991113796 | E77: белый | F77: 164.73 | H77: =IF(ISBLANK(G77),"",IF(ISNUMBER(F77),ROUND(F77*G77,2),"Укажите цену")) | I77: 75 | J77: 18.3 | K77: 18.5*8.1*3.2 | L77: 54 | M77: 56.3*23.3*16 | N77: 216 | O77: 57.8*37.7*49 | P77: 0.107 | Q77: 1. Материал: ABS 2. Выход: USB-A: 18W (QC/FCP/AFC) 3. EU штекер. 4. Размер: 74.5*41*29mm; Общий вес: 57g 5. Набор с кабелем 1м Micro | R77: http://gofile.me/649X4/oN1hw29rI | S77: -
A78: BAS42A Potential зарядное устройство с одним портом QC3.0 набор (Type-C)(EU) | D78: 6941991113802 | E78: белый | F78: 171.25 | H78: =IF(ISBLANK(G78),"",IF(ISNUMBER(F78),ROUND(F78*G78,2),"Укажите цену")) | I78: 75 | J78: 18.3 | K78: 18.5*8.1*3.2 | L78: 54 | M78: 56.3*23.3*16 | N78: 216 | O78: 57.8*37.7*49 | P78: 0.107 | Q78: 1. Материал: ABS 2. Выход: USB-A: 18W (QC/FCP/AFC) 3. EU штекер. 4. Размер: 74.5*41*29mm; Общий вес: 57g 5. Набор с кабелем 1м Type-C | R78: http://gofile.me/649X4/CCpnOYglw | S78: -
A79: BAS41A Potential зарядное устройство с двумя портами (EU) | D79: 6941991113741 | E79: белый | F79: 110.9 | H79: =IF(ISBLANK(G79),"",IF(ISNUMBER(F79),ROUND(F79*G79,2),"Укажите цену")) | I79: 47 | J79: 16.7 | K79: 18.6*8.1*3 | L79: 76 | M79: 56.3*23.3*16 | N79: 304 | O79: 57.8*37.7*49 | P79: 0.107 | Q79: 1. Материал: ABS 2. Выход: USB-A1/A2: 5V/2A; Общий выход: 5V/2A 3. EU штекер. 4. Размер: 74.5*41*29mm; Вес: 33g | R79: http://gofile.me/649X4/Fn4UVaCow | S79: -
A81: EU штекер
A82: BA114A Energy single port PD35W charger(EU) | D82: 6941991129698 | E82: белый | F82: 212.02 | H82: =IF(ISBLANK(G82),"",IF(ISNUMBER(F82),ROUND(F82*G82,2),"Укажите цену")) | I82: 79 | J82: 11.73 | K82: 15.2*10*4 | L82: 20 | M82: 37*23.3*12.5 | N82: 120 | O82: 48.2*38.6*40 | P82: 0.0744208 | Q82: 1. Материал: ABS 2. Выход: USB-C: 35W (PD/QC/FCC/AFC) 3. EU штекер 4. Размер: 82.5 * 50 * 30mm.Вес: 57g | R82: http://gofile.me/649X4/G3hOyGhpP | S82: -
A83: BA114A Energy single port PD35W charger set(C to C)(EU) | D83: 6941991129704 | E83: белый | F83: 252.8 | H83: =IF(ISBLANK(G83),"",IF(ISNUMBER(F83),ROUND(F83*G83,2),"Укажите цену")) | I83: 107 | J83: 14.76 | K83: 15.2*10*4 | L83: 20 | M83: 37*23.3*12.5 | N83: 120 | O83: 48.2*38.6*40 | P83: 0.074 | Q83: 1. Материал: ABS 2. Выход: USB-C: 35W (PD/QC/FCC/AFC) 3. EU штекер 4. Размер: 82.5 * 50 * 30mm.Общий вес: 82g 5. Набор с кабелем 1м C на C 60W | R83: http://gofile.me/649X4/YY7rXsGCq | S83: -
A84: BA113A Energy PD30W+QC3.0 charger(EU) | D84: 6941991129674 | E84: белый | F84: 208.76 | H84: =IF(ISBLANK(G84),"",IF(ISNUMBER(F84),ROUND(F84*G84,2),"Укажите цену")) | I84: 70 | J84: 10.53 | K84: 15.2*10*4 | L84: 20 | M84: 37*23.3*12.5 | N84: 120 | O84: 48.2*38.6*40 | P84: 0.074 | Q84: 1. Материал: ABS 2. Выход: USB-C: 30W (PD/QC/FCC/AFC). USB-A：18W（QC/FCP/AFC）. USB-C+USB-A：5V/3A 3. EU штекер 4. Размер: 82.5 * 50 * 30mm.Вес: 52g | R84: http://gofile.me/649X4/gN1FVp6ug | S84: -
A85: BA113A Energy PD30W+QC3.0 charger set(C to C)(EU) | D85: 6941991129681 | E85: белый | F85: 247.9 | H85: =IF(ISBLANK(G85),"",IF(ISNUMBER(F85),ROUND(F85*G85,2),"Укажите цену")) | I85: 97 | J85: 13.64 | K85: 15.2*10*4 | L85: 20 | M85: 37*23.3*12.5 | N85: 120 | O85: 48.2*38.6*40 | P85: 0.074 | Q85: 1. Материал: ABS 2. Выход: USB-C: 30W (PD/QC/FCC/AFC). USB-A：18W（QC/FCP/AFC）. USB-C+USB-A：5V/3A 3. EU штекер 4. Размер: 82.5 * 50 * 30mm.Общий вес: 77g 5. Набор с кабелем 1м C на C 60W | R85: http://gofile.me/649X4/sBcBwxNQO | S85: -
A86: BA112A Star PD20W зарядное устройство (EU) | D86: 6941991127618 | E86: белый | F86: 104.38 | H86: =IF(ISBLANK(G86),"",IF(ISNUMBER(F86),ROUND(F86*G86,2),"Укажите цену")) | I86: 48 | J86: 16.52 | K86: 10.5*7.1*2.5 | L86: 50 | M86: 37*23.3*12.5 | N86: 300 | O86: 48.2*38.6*40 | P86: 0.074 | Q86: 1. Материал: ABS 2. Выход: USB-C: 20W (PD) 3. EU штекер 4. Размер: 80 * 39 * 23mm; Вес: 38g | R86: http://gofile.me/649X4/JLGJONFgO | S86: -
A87: BA112A Star PD20W зарядное устройство набор (C на C)(EU) | D87: 6941991127625 | E87: белый | F87: 143.52 | H87: =IF(ISBLANK(G87),"",IF(ISNUMBER(F87),ROUND(F87*G87,2),"Укажите цену")) | I87: 75 | J87: 24.36 | K87: 10.5*7.1*2.5 | L87: 50 | M87: 37*23.3*12.5 | N87: 300 | O87: 48.2*38.6*40 | P87: 0.074 | Q87: 1. Материал: ABS 2. Выход: USB-C: 20W (PD) 3. EU штекер 4. Размер: 80 * 39 * 23mm; Total Вес: 63g 5. Набор с кабелем 1m C на C 60W | R87: http://gofile.me/649X4/4IVxEOzbs | S87: -
A88: BA111A Star QC3.0 зарядное устройство (EU) | D88: 6941991127588 | E88: белый | F88: 94.59 | H88: =IF(ISBLANK(G88),"",IF(ISNUMBER(F88),ROUND(F88*G88,2),"Укажите цену")) | I88: 42 | J88: 14.63 | K88: 10.4*7*2.5 | L88: 50 | M88: 37*23.3*12.5 | N88: 300 | O88: 48.2*38.6*40 | P88: 0.074 | Q88: 1. Материал: ABS 2. Выход: USB-A: 15W (QC) 3. EU штекер 4. Размер: 80 * 39 * 23mm; Вес: 33g | R88: http://gofile.me/649X4/97NoRlJF1 | S88: -
A89: BA111A Star QC3.0 зарядное устройство набор (Micro)(EU) | D89: 6941991127595 | E89: белый | F89: 119.06 | H89: =IF(ISBLANK(G89),"",IF(ISNUMBER(F89),ROUND(F89*G89,2),"Укажите цену")) | I89: 70 | J89: 23.07 | K89: 10.4*7*2.5 | L89: 50 | M89: 37*23.3*12.5 | N89: 300 | O89: 48.2*38.6*40 | P89: 0.074 | Q89: 1. Материал: ABS 2. Выход: USB-A: 15W (QC) 3. EU штекер 4. Размер: 80 * 39 * 23mm; Total Вес: 58g 5. Набор с кабелем 1m Micro | R89: http://gofile.me/649X4/owTe5cMWf | S89: -
A90: BA111A Star QC3.0 зарядное устройство набор (Type-C)(EU) | D90: 6941991127601 | E90: white | F90: 122.32 | H90: =IF(ISBLANK(G90),"",IF(ISNUMBER(F90),ROUND(F90*G90,2),"Укажите цену")) | I90: 70 | J90: 22.95 | K90: 10.4*7*2.5 | L90: 50 | M90: 37*23.3*12.5 | N90: 300 | O90: 48.2*38.6*40 | P90: 0.074 | Q90: 1. Материал: ABS 2. Выход: USB-A: 15W (QC) 3. EU штекер 4. Размер: 80 * 39 * 23mm; Total Вес: 58g 5. Набор с кабелем 1m Type-C | R90: http://gofile.me/649X4/p7rM5qPN2 | S90: -
A91: BA110A Lemi зарядное устройство (EU) | D91: 6941991126949 | E91: белый | F91: 60.34 | H91: =IF(ISBLANK(G91),"",IF(ISNUMBER(F91),ROUND(F91*G91,2),"Укажите цену")) | I91: 41 | J91: 14.3 | K91: 10.4*7.1*2.5 | L91: 50 | M91: 37*23.3*12.5 | N91: 300 | O91: 48.2*38.6*40 | P91: 0.074 | Q91: 1. Материал: ABS 2. Выход: USB-A: 5V/1.5A 3. EU штекер 4. Размер: 80 * 39 * 23mm; Вес: 32g | R91: http://gofile.me/649X4/eUf3l0mrK | S91: -
A92: BA110A Lemi зарядное устройство набор (Micro)(EU) | D92: 6941991126956 | E92: белый | F92: 83.18 | H92: =IF(ISBLANK(G92),"",IF(ISNUMBER(F92),ROUND(F92*G92,2),"Укажите цену")) | I92: 69 | J92: 22.61 | K92: 10.4*7.1*2.5 | L92: 50 | M92: 37*23.3*12.5 | N92: 300 | O92: 48.2*38.6*40 | P92: 0.074 | Q92: 1. Материал: ABS 2. Выход: USB-A: 5V/1.5A 3. EU штекер 4. Размер: 80 * 39 * 23mm; Общий вес: 57g 5. Набор с кабелем 1м Micro | R92: http://gofile.me/649X4/VCijRkC9G | S92: -
A93: BA110A Lemi зарядное устройство набор (Type-C)(EU) | D93: 6941991126963 | E93: белый | F93: 88.07 | H93: =IF(ISBLANK(G93),"",IF(ISNUMBER(F93),ROUND(F93*G93,2),"Укажите цену")) | I93: 69 | J93: 22.68 | K93: 10.4*7.1*2.5 | L93: 50 | M93: 37*23.3*12.5 | N93: 300 | O93: 48.2*38.6*40 | P93: 0.074 | Q93: 1. Материал: ABS 2. Выход: USB-A: 5V/1.5A 3. EU штекер 4. Размер: 80 * 39 * 23mm; Общий вес: 57g 5. Набор с кабелем 1m Type-C | R93: http://gofile.me/649X4/HxDQ36Je2 | S93: -
... A129: BA72A Spring зарядное устройство с одним портом QC3.0 (EU) | D129: 6974443388541 | E129: черный | F129: 138.63 | H129: =IF(ISBLANK(G129),"",IF(ISNUMBER(F129),ROUND(F129*G129,2),"Укажите цену")) | I129: 52 | J129: 17.59 | K129: 18*7*2.8 | L129: 75 | M129: 56.3*23.3*16 | N129: 300 | O129: 57.8*33.7*49 | P129: 0.095 | Q129: 1. Материал: огнеупорный ABS+PC 2. Выход: USB-A: 18W (QC/AFC/FCP) 3. EU штекер. 4. Размер: 79 * 41 * 26мм, Вес: 40г | R129: http://gofile.me/649X4/9zjJSOkp6 | S129: -
D130: 6974443388558 | E130: белый | F130: 138.63 | H130: =IF(ISBLANK(G130),"",IF(ISNUMBER(F130),ROUND(F130*G130,2),"Укажите цену"))
A131: BA72A Spring зарядное устройство с одним портом QC3.0 набор (Type-C)(EU) | D131: 6974443388589 | E131: черный | F131: 171.25 | H131: =IF(ISBLANK(G131),"",IF(ISNUMBER(F131),ROUND(F131*G131,2),"Укажите цену")) | I131: 76 | J131: 20.1 | K131: 18*8.5*3 | L131: 60 | M131: 56.3*23.3*16 | N131: 240 | O131: 57.8*33.7*49 | P131: 0.095 | Q131: 1. Материал: огнеупорный ABS+PC 2. Выход: USB-A: 18W (QC/AFC/FCP) 3. EU штекер. 4. Размер: 79 * 41 * 26мм, Общий Вес: 64г 5. Набор с кабелем 1м. | R131: http://gofile.me/649X4/CvE3nSlzq | S131: -
D132: 6974443388596 | E132: белый | F132: 171.25 | H132: =IF(ISBLANK(G132),"",IF(ISNUMBER(F132),ROUND(F132*G132,2),"Укажите цену"))
A133: BA53A Powerway зарядное устройство с двумя портами набор (Type-C) (EU) | D133: 6931474739209 | E133: белый | F133: 176.14 | H133: =IF(ISBLANK(G133),"",IF(ISNUMBER(F133),ROUND(F133*G133,2),"Укажите цену")) | I133: 73 | J133: 15.7 | K133: 18.1*8.5*2.5 | L133: 48 | M133: 56.3*23.3*16 | N133: 192 | O133: 57.8*33.7*49 | P133: 0.095 | Q133: 1. Материал: огнестойкий материал ABS + PC. 2. Размер:80*38*23 мм, вес: 44г. 3. Выход: общий выход: 5V/2.1A, максимум для одного порта 5V/2.1A. 4. EU штекер. 5. Набор с кабелем BX14 1м. | R133: http://hoco.i234.me:8000/sharing/y4BNcAS04 | S133: -
A134: BA46A Premium PD+QC3.0 зарядный адаптер (EU) | D134: 6931474727336 | E134: черный | F134: 228.33 | H134: =IF(ISBLANK(G134),"",IF(ISNUMBER(F134),ROUND(F134*G134,2),"Укажите цену")) | I134: 82 | J134: 12.5 | K134: 16.2*9.1*3.5 | L134: 32 | M134: 56.3*23.3*16 | N134: 128 | O134: 57.8*33.7*49 | P134: 0.095 | Q134: 1. Вход: AC100-240V, 50 / 60Hz, 0.6A. 2. Выход: USB-A: 3.6V-6.5V / 3A, 6.6-9V / 2A, 9.1V-12V / 1.5A, 18W. USB-C: 5V / 3A (PD), 9V / 2A (PD), 12V / 1.5A (PD), 18W. 3. Вилка стандарта EU, огнестойкий материал PC. 4. Поддержка быстрой зарядки PD3.0, QC3.0 / QC2.0, быстрой зарядки для Huawei FCP, быстрой зарядки для Samsung AFC и других. 5. Смарт баланс для одновременного выхода 5V / 3A на два порта. 6. Размер: 91 * 52 * 38мм, вес: 39г. | R134: http://hoco.i234.me:8000/sharing/5BqnecLVo | S134: -
D135: 6931474727343 | E135: белый | F135: 228.33 | H135: =IF(ISBLANK(G135),"",IF(ISNUMBER(F135),ROUND(F135*G135,2),"Укажите цену"))
A136: BA38A Plus Speedy PD20W зарядное устройство (EU) | D136: 6931474746870 | E136: белый | F136: 154.94 | H136: =IF(ISBLANK(G136),"",IF(ISNUMBER(F136),ROUND(F136*G136,2),"Укажите цену")) | I136: 67 | J136: 13.6 | K136: 16.3*9*3 | L136: 44 | M136: 56.3*23.3*16 | N136: 176 | O136: 57.8*33.7*49 | P136: 0.095 | Q136: 1. Материал: огнестойкий PC. 2. Размер: 79 * 42 * 37 мм. Вес: 39г. 3. Выход: Type-C 9V/2.22A, 12V/1.67A (PD 20W). 4. Поддержка PD3.0, QC3.0/QC2.0, Huawei fast charge FCP/SCP, Samsung fast charge AFC и других протоколов быстрой зарядки. 5. EU штекер. | R136: http://hoco.i234.me:8000/sharing/G4xcUPUgy | S136: -
A137: BA21A Long journey один выход QC3.0 зарядный адаптер (EU) | D137: 6931474702067 | E137: белый | F137: 138.63 | H137: =IF(ISBLANK(G137),"",IF(ISNUMBER(F137),ROUND(F137*G137,2),"Укажите цену")) | I137: 56 | J137: 21.13 | K137: 18.1*7.1*2.7 | L137: 83 | M137: 56.3*23.3*16 | N137: 332 | O137: 57.8*50*49 | P137: 0.095 | Q137: 1. Вход: AC100-240V 50 / 60Hz 0.5A. 2. Выход: 3.6V-6.5V/3A 6.6V-9V/2A 9.1V-12V/1.5A 18W. 3. EU стандартный штекер. 4. Материал: огнестойкий PC. 5. Многоуровневая защита, интеллектуальная идентификация IC. 6. Размер: 67*41*26мм, общий вес: 40г. 7. Поддержка быстрой зарядки QC3.0 / QC2.0, Huawei FCP, Samsung AFC быстрой зарядки и других протоколов быстрой зарядки. | R137: http://hoco.i234.me:8000/sharing/qgigPJxge | S137: http://gofile.me/649X4/ASEq325nA
A138: BA21A Long journey один выход QC3.0 зарядный адаптер набор (Micro-USB)(EU) | D138: 6931474702470 | E138: белый | F138: 171.25 | H138: =IF(ISBLANK(G138),"",IF(ISNUMBER(F138),ROUND(F138*G138,2),"Укажите цену")) | I138: 82 | J138: 17.1 | K138: 19*8.1*2.7 | L138: 48 | M138: 56.3*23.3*16 | N138: 192 | O138: 57.8*37.7*49 | P138: 0.10677394 | Q138: 1. Вход: AC100-240V 50 / 60Hz 0.5A. 2. Выход: 3.6V-6.5V/3A 6.6V-9V/2A 9.1V-12V/1.5A 18W. 3. EU стандартный штекер. 4. Материал: огнестойкий PC. 5. Многоуровневая защита, интеллектуальная идентификация IC. 6. Набор с кабелем BX17 1м. 7. Размер: 67*41*26мм, общий вес: 66г. 8. Поддержка быстрой зарядки QC3.0 / QC2.0, Huawei FCP, Samsung AFC быстрой зарядки и других протоколов быстрой зарядки. | R138: http://hoco.i234.me:8000/sharing/rrwZ43CUh | S138: http://gofile.me/649X4/pSzGlBzy5
A139: BA21A Long journey один выход QC3.0 зарядный адаптер набор (Type-C)(EU) | D139: 6931474702487 | E139: белый | F139: 187.56 | H139: =IF(ISBLANK(G139),"",IF(ISNUMBER(F139),ROUND(F139*G139,2),"Укажите цену")) | I139: 82 | J139: 17.1 | K139: 19*8.1*2.7 | L139: 48 | M139: 56.3*23.3*16 | N139: 192 | O139: 57.8*37.7*49 | P139: 0.10677394 | Q139: 1. Вход: AC100-240V 50 / 60Hz 0.5A. 2. Выход: 3.6V-6.5V/3A 6.6V-9V/2A 9.1V-12V/1.5A 18W. 3. EU стандартный штекер. 4. Материал: огнестойкий PC. 5. Многоуровневая защита, интеллектуальная идентификация IC. 6. Набор с кабелем BX17 1м. 7. Размер: 67*41*26мм, общий вес: 66г. 8. Поддержка быстрой зарядки QC3.0 / QC2.0, Huawei FCP, Samsung AFC быстрой зарядки и других протоколов быстрой зарядки. | R139: http://hoco.i234.me:8000/sharing/B9mWLCGpf | S139: http://gofile.me/649X4/pSzGlBzy5
A140: BA21A Pro Long journey зарядное устройство с одним портом PD20W (EU) | D140: 6941991111402 | E140: белый | F140: 138.63 | H140: =IF(ISBLANK(G140),"",IF(ISNUMBER(F140),ROUND(F140*G140,2),"Укажите цену")) | I140: 60 | J140: 20.2 | K140: 18.6*8.2*3.1 | L140: 76 | M140: 56.3*23.3*16 | N140: 304 | O140: 57.8*37.7*49 | P140: 0.10677394 | Q140: 1. Материал: огнеупорный PC+ABS 2. Выход: Type-C: 20W (PD/QC/FCP/AFC) 3. EU штекер 4. Размеры: 77*45*32mm, Вес: 46g | R140: http://gofile.me/649X4/CgGRylgYn | S140: -
A141: BA21A Pro Long journey зарядное устройство с одним портом набор (C на iP)(EU) | D141: 6941991111419 | E141: белый | F141: 212.02 | H141: =IF(ISBLANK(G141),"",IF(ISNUMBER(F141),ROUND(F141*G141,2),"Укажите цену")) | I141: 82 | J141: 17.8 | K141: 18.6*8.1*2.9 | L141: 48 | M141: 56.3*23.3*16 | N141: 192 | O141: 57.8*37.7*49 | P141: 0.10677394 | Q141: 1. Материал: огнеупорный PC+ABS 2. Выход: Type-C: 20W (PD/QC/FCP/AFC) 3. EU штекер 4. Размеры: 77*45*32mm; общий вес: 62g 5. Набор с кабелем 1м C на Lightning | R141: http://gofile.me/649X4/plrAyfhvB | S141: -
A142: BA21A Pro Long journey зарядное устройство с одним портом набор (C на C)(EU) | D142: 6941991111426 | E142: белый | F142: 179.4 | H142: =IF(ISBLANK(G142),"",IF(ISNUMBER(F142),ROUND(F142*G142,2),"Укажите цену")) | I142: 82 | J142: 17.8 | K142: 18.6*8.1*2.9 | L142: 48 | M142: 56.3*23.3*16 | N142: 192 | O142: 57.8*37.7*49 | P142: 0.10677394 | Q142: 1. Материал: огнеупорный PC+ABS 2. Выход: Type-C: 20W (PD/QC/FCP/AFC) 3. EU штекер 4. Размеры: 77*45*32mm; общий вес: 62g 5. Набор с кабелем 1м C на C | R142: http://gofile.me/649X4/BNBZ5volZ | S142: -
...

Sheet Розетки и сетевые адаптеры
A2: Розетки и сетевые адаптеры
A3: Наименование | B3: Фото | C3: Упаковка | D3: EAN код | E3: Цвет | I3: Вес G.W.(г) | J3: Вес большой коробки (кг) | K3: Рзмер индивидуальной упаковки (см) | L3: Кол-во в средней коробке (шт) | M3: Размер средней коробки (см) | N3: Кол-во в большой коробке (шт) | O3: Размер большой коробки (см) | P3: VOLUME (cbm) | Q3: Описание | R3: Сыллка на фото | S3: Ссылка на видео

Sheet Беспроводные ЗУ и подставки
A2: Беспроводные ЗУ и подставки
A3: Наименование | B3: Фото товара | C3: Упаковка | D3: Артикул / штрихкод | E3: Цвет | F3: цена | G3: Количество к заказу | H3: Сумма заказа, ₽ | I3: Вес G.W.(г) | J3: Вес большой коробки (кг) | K3: Рзмер индивидуальной упаковки (см) | L3: Кол-во в средней коробке (шт) | M3: Размер средней коробки (см) | N3: Кол-во в большой коробке (шт) | O3: Размер большой коробки (см) | P3: VOLUME (cbm) | Q3: Описание | R3: Сыллка на фото | S3: Ссылка на видео
A4: держатель с беспроводной зарядкой (Серия BQ )
A5: BQ43 Adelanto 25W магнитное беспроводное ЗУ | D5: 6941991128646 | E5: белый | F5: 521.9 | H5: =IF(ISBLANK(G5),"",IF(ISNUMBER(F5),ROUND(F5*G5,2),"Укажите цену")) | I5: 68 | J5: 21.2 | K5: 15.6*8.5*2.2 | L5: 70 | M5: 56.3*23.3*16 | N5: 280 | O5: 57.8*33.7*49 | P5: 0.095 | Q5: 1. Вход Type-C: PPS 16-21 В / 2 А. 2. Выход: 5 Вт / 7.5 Вт / 15 Вт / 25 Вт (поддержка протокола Qi2). 3. Необходимо собственное зарядное устройство PD (с поддержкой PPS). 4. Материал: пластиковый корпус ABS + панель PC. 5. Диаметр x толщина: 57 x 7 мм; вес: 40 г; длина кабеля: 1.2 м. | R5: http://gofile.me/649X4/QMqJQEF4y | S5: -
A6: BQ42 беспроводное зарядное устройство для iWatch | D6: 6941991129476 | E6: белый | F6: 203.87 | H6: =IF(ISBLANK(G6),"",IF(ISNUMBER(F6),ROUND(F6*G6,2),"Укажите цену")) | I6: 40 | J6: 12.9 | K6: 12*9.9*2.5 | L6: 67 | M6: 56.3*23.3*16 | N6: 268 | O6: 57.8*33.7*49 | P6: 0.095 | Q6: 1. Type-C вход: 5V/1A 2. Выход: 2.5W (Совместим со всей серией iWatch). 3. Материал: ABS корпус 4. Размер: 3.2 * 3.2 * 1cm. Вес: 11g | R6: http://gofile.me/649X4/u9PtRU0OI | S6: -
A7: BQ40 Crown настольное беспроводное зарядное устройство | D7: 6941991123740 | E7: черный | F7: 244.64 | H7: =IF(ISBLANK(G7),"",IF(ISNUMBER(F7),ROUND(F7*G7,2),"Укажите цену")) | I7: 100 | J7: 16.44 | K7: 16.2*12.2*2.5 | L7: 36 | M7: 56.3*23.3*16 | N7: 144 | O7: 57.8*33.7*49 | P7: 0.095 | Q7: 1. USB-C input: 5V-2A, 9V-2A 2. Выход: 5W/7.5W/10W/15W (15W только для некоторый телефонов LG ) 3. Зарядное устройство PD/QC требуется и не входит в комплект 4. Материал: ABS+PC 5. Размер: 102 (диаметр) * 14mm, вес: 42g | R7: http://gofile.me/649X4/orsCHzTde | S7: -
A8: BQ3 Pro 15W беспроводное зарядное устройство | D8: 6974443380583 | E8: черный | F8: 399.58 | H8: =IF(ISBLANK(G8),"",IF(ISNUMBER(F8),ROUND(F8*G8,2),"Укажите цену")) | I8: 117 | J8: 13.18 | K8: 20.3*11*2.5 | L8: 16 | M8: 37*23.3*12.5 | N8: 96 | O8: 48.2*38.6*40 | P8: 0.074 | Q8: 1. Вход Type-C: V/2A, 9V/2A, 12V/1.5A. 2. Беспроводной выход: 5W/7.5W/10W/15W, iP поддерживает 7,5 Вт. 3. Необходимо использовать собственное зарядное устройство QC / PD. 4. Материал: алюминиевый сплав. 5. Размер: 100 * 8 мм (диаметр * высота), длина кабеля 1 м. 6. Вес: 60 г. 7. Мерцающий индикатор по краю. | R8: http://hoco.i234.me:8000/sharing/OSm7Ysn5G | S8: -
A10: настольная подставка (Серия BH)
A11: BH150 Victory настольная подставка | D11: 6941991131028 | E11: черный | F11: 89.7 | H11: =IF(ISBLANK(G11),"",IF(ISNUMBER(F11),ROUND(F11*G11,2),"Укажите цену")) | I11: обновление | J11: обновление | K11: обновление | L11: отсутствует | M11: нет данных | N11: 127 | O11: 57.8*37.8*49 | P11: 0.095 | Q11: 1. Материал: ABS. 2. Отделка поверхности: текстура напылением. 3. Размеры: 80*28*243 мм (в сложенном состоянии). 4. Вес: 83 г. 5. Подходит для ноутбуков до 16.9 дюймов. 6. Место использования: офис, стол. | R11: http://gofile.me/649X4/m0obZBnXk | S11: -
A12: BH138 Fit металлический складной настольный держатель | D12: 6941991124501 | E12: черный | F12: 101.12 | H12: =IF(ISBLANK(G12),"",IF(ISNUMBER(F12),ROUND(F12*G12,2),"Укажите цену")) | I12: 142 | J12: 24.2 | K12: 18.8*14*3.5 | L12: 26 | M12: 37*23.3*12.5 | N12: 156 | O12: 48.2*38.6*40 | P12: 0.074 | Q12: MOQ: заказать целую коробку 1. Материал: Углеродистая сталь+силикон 2. Поверхность: пульверизация 3. Размер: 95 * 85 * 36mm (в сложенном виде); Вес: 133g 4. Для телефонов 4.5-7.0 дюймов 5. Применение: офис, конференция, прямая трансляция, просмотр кино | R12: http://gofile.me/649X4/hfqUBZDQJ | S12: -
A13: BH128 Admirado вращающийся настольный держатель | D13: 6941991120589 | E13: черный | F13: 187.56 | H13: =IF(ISBLANK(G13),"",IF(ISNUMBER(F13),ROUND(F13*G13,2),"Укажите цену")) | I13: 231 | J13: 22.45 | K13: 15.6*11*6.4 | L13: отсутствует | M13: нет данных | N13: 93 | O13: 57.8*33.7*49 | P13: 0.095 | Q13: 1. Материал: ABS 2. Поверхность: текстурирование 3. Размер: 123 * 105 * 56mm (в сложенном виде) 4. Вес: 182g 5. Для телефонов 4.5-7.0 дюймов 6. Тип крепленияs: любые столы и плоские поверхности | R13: http://gofile.me/649X4/33GiW7iJX | S13: -
A14: BH24 Bright shell подставка для планшетов | D14: 6931474719522 | E14: белый | F14: 301.72 | H14: =IF(ISBLANK(G14),"",IF(ISNUMBER(F14),ROUND(F14*G14,2),"Укажите цену")) | I14: 436 | J14: 13.55 | K14: 26.3*10.9*8.2 | L14: отсутствует | M14: нет данных | N14: 30 | O14: 54.2*42.8*35.5 | P14: 0.082 | Q14: 1. Материал изготовления: ABS + силикон + алюминиево-магниевый сплав. 2. Обработка поверхности: литье под давлением – окисление. 3. Размер: 70 см. Вес: 304 г. 4. Ширина зажима: 122-200 мм, для телефонов и планшетов с диагональю 4-10.6 дюймов. 5. Применение: спальня, гостиная, кухня, ресторан и т. д. 6. Разъемы для наушников и зарядки доступны на обеих сторонах зажима. | R14: http://hoco.i234.me:8000/sharing/Rnp3hZvnX | S14: -
A15: BH23 Bright shell подставка для телефонов | D15: 6931474719515 | E15: белый | F15: 236.49 | H15: =IF(ISBLANK(G15),"",IF(ISNUMBER(F15),ROUND(F15*G15,2),"Укажите цену")) | I15: 371 | J15: 11.7 | K15: 26.3*10.9*8.3 | L15: отсутствует | M15: нет данных | N15: 30 | O15: 54.2*42.8*35.5 | P15: 0.082 | Q15: 1. Материал изготовления: ABS + силикон + алюминиево-магниевый сплав. 2. Обработка поверхности: текстурирование. 3. Размер: 70 см. Вес: 224 г. 4. Ширина зажима: 52-90 мм, подходит для мобильных телефонов с диагональю 4.5-6.5 дюймов. 5. Применение: спальня, гостиная, кухня, ресторан и т. д. | R15: http://hoco.i234.me:8000/sharing/q3TxUumJK | S15: -
A17: подставка для прямой трансляции (BH/BY series)
A18: BY15 Throne держатель для стримов | D18: 6941991127632 | E18: черный | F18: 334.34 | H18: =IF(ISBLANK(G18),"",IF(ISNUMBER(F18),ROUND(F18*G18,2),"Укажите цену")) | I18: 287 | J18: 18.3 | K18: 26.4*9*6.6 | L18: отсутствует | M18: нет данных | N18: 60 | O18: 47*41*50 | P18: 0.096 | Q18: 1. Материал: ABS+нержавеющая сталь 2. Поверхность: текстурирование 3. Размер: 56 * 34 * 221 мм (высота в разложенном виде 1,28 м); вес: 215 г 4. Поддержка мобильных телефонов с диагональю экрана 4,5-7,0 дюймов (ширина зажима: 60-90 мм) 5. Дистанционное управление: подключение Bluetooth 5.2 для фотосъемки; Емкость аккумулятора: 120 мАч 6. Сценарии применения: прямая трансляция на открытом воздухе и в помещении, фотосъемка, селфи и т.д | R18: http://gofile.me/649X4/ftDGzvRlf | S18: -
A19: BY14 Graceful мини держатель для стрима | D19: 6941991122958 | E19: черный | F19: 159.83 | H19: =IF(ISBLANK(G19),"",IF(ISNUMBER(F19),ROUND(F19*G19,2),"Укажите цену")) | I19: 132 | J19: 22.8 | K19: 18.2*5.5*3.6 | L19: 26 | M19: 37*23.3*12.5 | N19: 156 | O19: 48.2*38.6*40 | P19: 0.074 | Q19: 1. Материал: ABS+нержавеющая сталь 2. Поверхность: текстурирование 3. Размер: 32.547.5 * 160mm (в сложенном виде 0.62m); Вес: 108g 4. Поддержка телефонов 4.5-7.0 дюймов ширина зажима: 60-90mm) 5. Дистанционное управление: Bluetooth 5.2 для фото; Емкость батареи: 120mAh 6. Применение: стримы в помещении и на улице, фото, селфи, и т.д. | R19: http://gofile.me/649X4/oUtQtmZUA | S19: -
A20: BY13 Nube держатель для стримов | D20: 6941991119415 | E20: черный | F20: 269.11 | H20: =IF(ISBLANK(G20),"",IF(ISNUMBER(F20),ROUND(F20*G20,2),"Укажите цену")) | I20: 150 | J20: 21.5 | K20: 21.2*5.2*3.5 | L20: 22 | M20: 37*23.3*12.5 | N20: 132 | O20: 48.2*38.6*40 | P20: 0.074 | Q20: 1. Материал: ABS+нержавеющая сталь 2. Поверхность: текстурирование+окрашивание 3. Размер: 33 * 48 * 183mm (высота в разложенном виде 0.7m); Вес: 125g 4. Для телефонов 4.5-7.0 дюймов (ширина зажима 63-90mm) 5. Пульт ДУ: Bluetooth 5.2; Ёмкость батареи: 120mAh 6. Применение: прямая трансляция на открытом воздухе и в помещении, фотосъемка, селфи и т.д | R20: http://gofile.me/649X4/AougNRbf0 | S20: -
A21: BY11 Happy держатель для стрима | D21: 6941991104329 | E21: черный | F21: 309.88 | H21: =IF(ISBLANK(G21),"",IF(ISNUMBER(F21),ROUND(F21*G21,2),"Укажите цену")) | I21: 175 | J21: 23.05 | K21: 22.4*8.1*4 | L21: отсутствует | M21: нет данных | N21: 124 | O21: 57.8*33.7*49 | P21: 0.095 | Q21: 1, Материал: нержавеющая сталь + ABS 2, Поверхность: текстурирование. 3, Размер: 46*32*185мм; вес: 135g 4. Максимальная высота 0.7м 5. Поддержка телефонов 4.5-7.0 дюймов (ширина: 62-85мм) 6, Bluetooth 4.0 соединение для фото. 7.Емкость аккумулятора: 70 мАч 8. Применение: стримы, видео в помещении и на улице, фото, селфи и т.д. | R21: http://gofile.me/649X4/2Y2fvrLo0 | S21: -
F22: Итого к оплате, ₽ | H22: =IF(COUNTIFS(H5:H21,"Укажите цену")>0,"Укажите цены",SUM(H5:H21)) -> 0

Sheet Автомобильные держатели
A2: Автомобильные держатели
A3: Наименование | B3: Фото товара | C3: Упаковка | D3: Артикул / штрихкод | E3: Цвет | F3: цена | G3: Количество к заказу | H3: Сумма заказа, ₽ | I3: Вес G.W.(г) | J3: Вес большой коробки (кг) | K3: Рзмер индивидуальной упаковки (см) | L3: Кол-во в средней коробке (шт) | M3: Размер средней коробки (см) | N3: Кол-во в большой коробке (шт) | O3: Размер большой коробки (см) | P3: VOLUME (cbm) | Q3: Описание | R3: Сыллка на фото | S3: Ссылка на видео
A4: Автодержатели с беспроводной зарядкой
A5: BH224 Flash автомобильное магнитное беспроводное зарядное устройство (воздуховод) | D5: 6941991126918 | E5: чёрный | F5: 448.51 | H5: =IF(ISBLANK(G5),"",IF(ISNUMBER(F5),ROUND(F5*G5,2),"Укажите цену")) | I5: 119 | J5: 15.8 | K5: 18.2*9.1*3.3 | L5: отсутствует | M5: нет данных | N5: 124 | O5: 48.2*38.6*40 | P5: 0.074 | Q5: 1. Материал: ABS+PC 2. Поверхность: текстурирование 3. Размер: 61 * 61 * 84.5mm; Вес: 60g 4. Выход: 5W/7.5W/10W/15W (MagSafe 7.5W) 5. Для телефонов 4.5-7.0 дюймов (iPhone 12-17 series) 6. Тип крепления: воздуховод | R5: http://gofile.me/649X4/gFmuj5zlu | S5: -
A6: BH223 Follower автомобильный держатель с беспроводной зарядкой (панель приборов) | D6: 6941991121319 | E6: чёрный | F6: 521.9 | H6: =IF(ISBLANK(G6),"",IF(ISNUMBER(F6),ROUND(F6*G6,2),"Укажите цену")) | I6: 286 | J6: 17 | K6: 15.5*11.8*8.9 | L6: отсутствует | M6: нет данных | N6: 56 | O6: 57.8*33.7*49 | P6: 0.095 | Q6: 1. Материал: ABS+силикон 2. Поверхность: текстурирование 3. Размер: 157 * 68 * 124mm; Вес: 196g 4. Выход: 5W/7.5W/10W/15W (15W только для LG телефонов) 5. Совместимость 4.5-7.0 дюйма (ширина зажима: 58-90mm) 6. Тип крепления: панель приборов | R6: http://gofile.me/649X4/u91IqEspl | S6: -
A7: BH222 Leading автомобильный держатель с беспроводной зарядкой (панель приборов) | D7: 6941991119019 | E7: чёрный металлик | F7: 505.59 | H7: =IF(ISBLANK(G7),"",IF(ISNUMBER(F7),ROUND(F7*G7,2),"Укажите цену")) | I7: 282 | J7: 15.1 | K7: 17.7*11.8*8.8 | L7: отсутствует | M7: нет данных | N7: 50 | O7: 48.2*38.6*40 | P7: 0.074 | Q7: 1. Материал: ABS 2. Поверхность: текстурирование + окрашивание 3. Размер: 162*95*106mm; Вес: 187g 4. Выход: 5W/7.5W/10W/15W (15W только для некторых LG телефонов) 5. Для телефонов 4.5-7.0 дюйма (ширина зажима: 58-83mm) 6. Тип крепления: панель приборов. | R7: http://gofile.me/649X4/ngI8h521L | S7: -
A8: BH221 Path автомобильный держатель с беспроводной зарядкой (воздуховод) | D8: 6941991119002 | E8: чёрный металлик | F8: 448.51 | H8: =IF(ISBLANK(G8),"",IF(ISNUMBER(F8),ROUND(F8*G8,2),"Укажите цену")) | I8: 174 | J8: 13.2 | K8: 14.7*9.4*7.4 | L8: отсутствует | M8: нет данных | N8: 70 | O8: 48.2*38.6*40 | P8: 0.074 | Q8: 1. Материал: ABS 2. Поверхность: текстурирование + окрашивание 3. Размер: 114*95*106mm; Вес: 103g 4. Выход: 5W/7.5W/10W/15W (15W только для некторых LG телефонов) 5. Для телефонов 4.5-7.0 дюйма (ширина зажима: 58-83mm) 6. Тип крепления: панель приборов. | R8: http://gofile.me/649X4/4jl5XAE00 | S8: -
A10: Автомобильный держатель
A11: BH148 Vizion автомобильный держатель для панели приборов | D11: 6941991130250 | E11: black | F11: 146.78 | H11: =IF(ISBLANK(G11),"",IF(ISNUMBER(F11),ROUND(F11*G11,2),"Укажите цену")) | I11: 110 | J11: 14.1 | K11: 12.4*10.2*6.5 | L11: отсутствует | M11: нет данных | N11: 119 | O11: 57.8*33.7*49 | P11: 0.095 | Q11: 1. Материал: ABS + силикон. 2. Отделка поверхности: текстура напылением + полировка. 3. Размеры: 98*98*61 мм. Вес: 82 г. 4. Подходит для телефонов с диагональю 4,5–7 дюймов (толщина: 7–15 мм). 5. Место использования: приборная панель автомобиля. | R11: http://gofile.me/649X4/ldRRTA5qu | S11: -
A12: BH147 Glide магнитный держатель (универсальный) | D12: 6941991129667 | E12: чёрный серый | F12: 171.25 | H12: =IF(ISBLANK(G12),"",IF(ISNUMBER(F12),ROUND(F12*G12,2),"Укажите цену")) | I12: 72 | J12: 20.91 | K12: 12.8*8.8*2 | L12: 43 | M12: 37*23.3*12.5 | N12: 258 | O12: 48.2*38.6*40 | P12: 0.074 | Q12: 1. Материал: ABS + силикон. 2. Отделка поверхности: текстура напылением. 3. Размеры: 98*59*11 мм (в сложенном виде). Вес: 42 г. 4. Подходит для телефонов с диагональю 4,5–7,0 дюймов (в основном для серии iPhone 12–17). 5. Места использования: задняя панель автомобильных дисплеев, кухня, холодильник, стены и т.д. 6. Складывается для хранения, не занимает лишнего места. | R12: http://gofile.me/649X4/AvkZKWx5J | S12: -
A13: BH146 Lake автомобильный держатель (приборная панель) | D13: 6941991129490 | E13: чёрный металлик | F13: 179.4 | H13: =IF(ISBLANK(G13),"",IF(ISNUMBER(F13),ROUND(F13*G13,2),"Укажите цену")) | I13: 219 | J13: 17.48 | K13: 15.5*10.7*7.9 | L13: отсутствует | M13: нет данных | N13: 75 | O13: 57.8*33.7*49 | P13: 0.095 | Q13: 1. Материал: ABS + силикон 2. Технология обработки поверхности: текстурирование 3. Размер: 156 × 68 × 111 мм; Вес: 170 г 4. Подходит для мобильных телефонов от 4,5 до 7 дюймов (диапазон ширины зажима: 60–90 мм) 5. Сценарии использования: центральная консоль автомобиля | R13: http://gofile.me/649X4/qySCU0KkH | S13: -
A14: BH145 Lake автомобильный держатель (воздуховод) | D14: 6941991129483 | E14: чёрный | F14: 138.63 | H14: =IF(ISBLANK(G14),"",IF(ISNUMBER(F14),ROUND(F14*G14,2),"Укажите цену")) | I14: 107 | J14: 12.24 | K14: 13.9*8.1*5.9 | L14: 16 | M14: 37*23.3*12.5 | N14: 96 | O14: 48.2*38.6*40 | P14: 0.074 | Q14: 1. Материал: ABS + силикон. 2. Обработка поверхности: текстура под воздействием солнечного света. 3. Размер: 110 x 68 x 111 мм; вес: 81 г. 4. Подходит для телефонов 4.5–7 дюймов (ширина зажима: 60–90 мм). 5. Применение: автомобильные вентиляционные отверстия. | R14: http://gofile.me/649X4/VBJwDcFFN | S14: -
A15: BH144 Custodio магнитный держатель на присоске (универсальный) | D15: 6941991127656 | E15: чёрный металлик | F15: 318.03 | H15: =IF(ISBLANK(G15),"",IF(ISNUMBER(F15),ROUND(F15*G15,2),"Укажите цену")) | I15: 114 | J15: 18.5 | K15: 12.9*8.8*4.5 | L15: 36 | M15: 56.3*23.3*16 | N15: 144 | O15: 57.8*33.7*49 | P15: 0.095 | Q15: 1. Материал: ABS+цинковый сплав 2. Поверхность: текстурирование+покраска 3. Размер: 62 * 62 * 41mm (в сложенном виде); вес: 90g 4. Для телефонов 4.5-7.0 дюймов (для iPhone 12-17 series) 5. Применение: гладкие поверхности, такие как лобовые стекла автомобилей / зеркала заднего вида/автомобильные дисплеи/плитка/ беговые дорожки и т.д | R15: http://gofile.me/649X4/ae5z7qVex | S15: -
A16: BH143 Keeper автомобильный магнитный держатель (воздуховод) | D16: 6941991127649 | E16: чёрный | F16: 220.18 | H16: =IF(ISBLANK(G16),"",IF(ISNUMBER(F16),ROUND(F16*G16,2),"Укажите цену")) | I16: 96 | J16: 11.2 | K16: 16.2*10.1*5.7 | L16: отсутствует | M16: нет данных | N16: 106 | O16: 57.8*33.7*49 | P16: 0.095 | Q16: 1. Материал: ABS+PC 2. Поверхность: текстурирование 3. Размер: 58 * 58 * 85mm; Вес: 55g 4. Для телефонов 4.5-7.0 дюймов (iPhone 12-17 series) 5. Тип крепления: воздуховод | R16: http://gofile.me/649X4/l5XCjpohl | S16: -
A17: BH142 Support автомобильный держатель (панель приборов) | D17: 6941991126383 | E17: чёрный | F17: 179.4 | H17: =IF(ISBLANK(G17),"",IF(ISNUMBER(F17),ROUND(F17*G17,2),"Укажите цену")) | I17: 101 | J17: 11.8 | K17: 16.2*10.2*5.7 | L17: No inner carton packing | M17: No box size | N17: 106 | O17: 57.8*33.7*49 | P17: 0.095 | Q17: 1. Материал: ABS 2. Поверхность: текстурирование 3. Размер: 71 * 65 * 103mm; Вес: 63g 4. Подходит для мобильных телефонов с диагональю экрана 4,5-7,0 дюймов (в основном для iPhone 12-17 серий) 5. Сценарий применения: Центральная консоль автомобиля | R17: http://gofile.me/649X4/zQpEI92GA | S17: -
A18: BH141 Camino держатель для велосипеда | D18: 6941991125584 | E18: чёрный | F18: 187.56 | H18: =IF(ISBLANK(G18),"",IF(ISNUMBER(F18),ROUND(F18*G18,2),"Укажите цену")) | I18: 169 | J18: 16.95 | K18: 15*11*6.2 | L18: отсутствует | M18: нет данных | N18: 94 | O18: 57.8*33.7*49 | P18: 0.095 | Q18: 1. Материал: ABS+силикон 2. Поверхность: текстурирование 3. Размер: 124 * 105 * 127mm; Вес: 125g 4. Для телефонов 6-7.0 дюймов (ширина зажима: 68-90mm) 5. Диаметр руля: 18-25мм 6. Для мотоциклов, велосипедов, детских колясок | R18: http://gofile.me/649X4/XD2Zt0Zbm | S18: -
A19: BH140 Gloria магнитный держатель (eybdthcfkmysq) | D19: 6941991125577 | E19: чёрный металлик | F19: 236.49 | H19: =IF(ISBLANK(G19),"",IF(ISNUMBER(F19),ROUND(F19*G19,2),"Укажите цену")) | I19: 102 | J19: 16.65 | K19: 12.9*8.8*4.5 | L19: 36 | M19: 56.3*23.3*16 | N19: 144 | O19: 57.8*33.7*49 | P19: 0.095 | Q19: 1. Материал: ABS+нейлон 2. Поверхность: текстурирование, окрашивание 3. Размер: 62 * 62 * 42mm; Вес: 78g 4. Для телефонов 4.5-7.0 дюймов (iPhone 12-17 series) 5. Применение: гладкие поверхности, такие как лобовые стекла автомобилей / зеркала заднего вида/плитка/ беговые дорожки и т.д | R19: http://gofile.me/649X4/EwDNMmkJ9 | S19: -
A20: BH139 Rider магнитный держатель на присоске (универсальный) | D20: 6941991124815 | E20: черный | F20: 318.03 | H20: =IF(ISBLANK(G20),"",IF(ISNUMBER(F20),ROUND(F20*G20,2),"Укажите цену")) | I20: 141 | J20: 16.7 | K20: 16.2*9*6 | L20: отсутствует | M20: нет данных | N20: 110 | O20: 57.8*33.7*49 | P20: 0.095 | Q20: 1. Материал: ABS+цинковый сплав 2. Поверхность: текстурирование 3. Размер: 62 * 62 * 56mm; Вес: 102g 4. Для телефонов 4.5-7.0 дюймов (для iPhone 12-16 series) 5. Место крепления: гладкие поверхности, такие как лобовые стекла автомобилей/ зеркала заднего вида/автомобильные дисплеи/плитка/беговые дорожки и т.д | R20: http://gofile.me/649X4/UOBV2IPXU | S20: -
A21: BH137 Knight универсальный держатель для велосипеда | D21: 6941991122934 | E21: черный | F21: 122.32 | H21: =IF(ISBLANK(G21),"",IF(ISNUMBER(F21),ROUND(F21*G21,2),"Укажите цену")) | I21: 137 | J21: 11.4 | K21: 22.7*8*6.4 | L21: 17 | M21: 56.3*23.3*16 | N21: 68 | O21: 57.8*33.7*49 | P21: 0.095 | Q21: MOQ: заказать целую коробку 1. Материал: ABS+силикон 2. Поверхность: текстурирование 3. Размер: 135 * 105 * 115mm; Вес: 125g 4. Для телефонов 6-7.0 дюймов (ширина зажима: 68-90mm); диаметр руля: 18-32mm 5. Место крепления: руль велосипеда, мотоцикла и т.д. | R21: http://gofile.me/649X4/8hc73N9tI | S21: -
A22: BH134 Rio push-type автомобильный держатель (панель приборов) | D22: 6941991120671 | E22: черный | F22: 215.28 | H22: =IF(ISBLANK(G22),"",IF(ISNUMBER(F22),ROUND(F22*G22,2),"Укажите цену")) | I22: 242 | J22: 13.4 | K22: 15.4*12.6*7.5 | L22: отсутствует | M22: нет данных | N22: 52 | O22: 48.2*38.6*40 | P22: 0.074 | Q22: 1. Материал: ABS+силикон 2. Поверхность: текстурирование + окрашивание 3. Размер: 156 * 70 * 119mm; вес: 179g 4. Для телефонов 4.5-7.0 дюймов (ширина зажима: 60-90mm) 5. Тип крепления: панель приборов | R22: http://gofile.me/649X4/EGe0wNcmt | S22: -
A23: BH133 Rio автомобильный держатель (воздуховод) | D23: 6941991120664 | E23: черный | F23: 172.88 | H23: =IF(ISBLANK(G23),"",IF(ISNUMBER(F23),ROUND(F23*G23,2),"Укажите цену")) | I23: 132 | J23: 17 | K23: 15.1*8.1*6.6 | L23: отсутствует | M23: нет данных | N23: 122 | O23: 57.8*33.7*49 | P23: 0.095 | Q23: 1. Материал: ABS+силикон 2. Поверхность: текстурирование + окрашивание 3. Размер: 108 * 70 * 119mm; вес: 95g 4. Для телефонов 4.5-7.0 дюймов (ширина зажима: 60-90mm) 5. Тип крепления: воздуховод | R23: http://gofile.me/649X4/CA37yOW3W | S23: -
A24: BH131 Follower автомобильный держатель (воздуховод) | D24: 6941991121296 | E24: черный | F24: 159.83 | H24: =IF(ISBLANK(G24),"",IF(ISNUMBER(F24),ROUND(F24*G24,2),"Укажите цену")) | I24: 96 | J24: 9.35 | K24: 17.5*14*5.8 | L24: 20 | M24: 56.3*23.3*16 | N24: 80 | O24: 57.8*33.7*49 | P24: 0.095 | Q24: MOQ： маленькая коробка 1. Материал: ABS+силикон 2. Поверхность: текстурирование 3. Размер: 110 * 104 * 105mm; Вес: 85g 4. Для телефонов 4.5-7 дюймов (ширина зажима: 60-90mm) 5. Тип крепления: воздуховод | R24: http://gofile.me/649X4/zL8nyUXrv | S24: -
A25: BH125 Roman магнитный автомобильный держатель (панель приборов) | D25: 6941991119552 | E25: чёрный и красный | F25: 195.71 | H25: =IF(ISBLANK(G25),"",IF(ISNUMBER(F25),ROUND(F25*G25,2),"Укажите цену")) | I25: 197 | J25: 17.6 | K25: 14.9*10.6*7.6 | L25: отсутствует | M25: нет данных | N25: 84 | O25: 57.8*33.7*49 | P25: 0.095 | Q25: 1. Материал: ABS+силикон 2. Поверхность: текстурирование. 3. Размер: 132 * 67 * 75mm; Вес: 140g 4. Для телефонов 4.5-7 дюймов (в основном для iPhone 12-16 series) 5. Тип крепления: панель приборов | R25: http://gofile.me/649X4/mahwhE9gg | S25: -
A26: BH124 Roman магнитный автомобильный держатель (воздуховод) | D26: 6941991119545 | E26: чёрный и красный | F26: 107.64 | H26: =IF(ISBLANK(G26),"",IF(ISNUMBER(F26),ROUND(F26*G26,2),"Укажите цену")) | I26: 75 | J26: 11.4 | K26: 14.7*9.7*3.5 | L26: 21 | M26: 37*23.3*12.5 | N26: 126 | O26: 48.2*38.6*40 | P26: 0.074 | Q26: 1. Материал: ABS+силикон 2. Поверхность: текстурирование. 3. Размер: 66 * 47 * 47mm; Вес: 45g 4. Suitable for 4.5-7 inch mobile phones (mainly iPhone 12-16 series) 5. Applicable scenarios: Automotive air vents | R26: http://gofile.me/649X4/RDE55gTUM | S26: -
A27: BH123 Profit магнитный автомобильный держатель (панель приборов) | D27: 6941991118715 | E27: чёрный металлик | F27: 334.34 | H27: =IF(ISBLANK(G27),"",IF(ISNUMBER(F27),ROUND(F27*G27,2),"Укажите цену")) | I27: 191 | J27: 14.8 | K27: 23.7*9.2*5.5 | L27: отсутствует | M27: нет данных | N27: 72 | O27: 48.2*38.6*40 | P27: 0.074 | Q27: 1. Материал: ABS+TPU 2. Поверхность: текстурирование + окрашивание 3. Размер: 225*72*67mm; Вес: 124g 4. Для телефонов 4.5-7.0 дюйма (для iPhone 12-16 series) 5. Тип крепления: панель приборов. | R27: http://gofile.me/649X4/Q6sF6att6 | S27: -
A28: BH122 Profit магнитный автомобильный держатель (воздуховод) | D28: 6941991118708 | E28: чёрный металлик | F28: 228.33 | H28: =IF(ISBLANK(G28),"",IF(ISNUMBER(F28),ROUND(F28*G28,2),"Укажите цену")) | I28: 87 | J28: 9.88 | K28: 18*9*3.6 | L28: 15 | M28: 37*23.3*12.5 | N28: 90 | O28: 48.2*38.6*40 | P28: 0.074 | Q28: 1. Материал: ABS 2. Поверхность: текстурирование и окрашивание 3. Размер: 93 * 60 * 60mm; вес: 52g 4. Для устройств 4.5-7.0дюймов (mainly iPhone 12-16 series) 5. Место крепления: воздуховод. | R28: http://gofile.me/649X4/MMn7x3E0t | S28: -
A29: BH121 Eternal магнитный автомобильный держатель | D29: 6941991115271 | E29: чёрный серый | F29: 110.9 | H29: =IF(ISBLANK(G29),"",IF(ISNUMBER(F29),ROUND(F29*G29,2),"Укажите цену")) | I29: 53 | J29: 10.9 | K29: 15.2*8.7*2.8 | L29: 28 | M29: 37*23.3*12.5 | N29: 168 | O29: 48.2*38.6*40 | P29: 0.074 | Q29: 1. Материал: ABS+силикон 2. Поверхность: окрашивание 3. Размер: 69*22*7mm. Вес: 21g 4. Для телефонов 4.5-7 дюймов. 5. Тип крепления: панель приборов в авто или любые плоские поверхности. | R29: http://gofile.me/649X4/XeD1lNhml | S29: -
A30: BH119 Refined автомобильный держатель (панель приборов) | D30: 6941991114458 | E30: черный металлик | F30: 238.12 | H30: =IF(ISBLANK(G30),"",IF(ISNUMBER(F30),ROUND(F30*G30,2),"Укажите цену")) | I30: 133 | J30: 10.9 | K30: 15.2*9.5*7.4 | L30: отсутствует | M30: нет данных | N30: 75 | O30: 48.2*38.6*40 | P30: 0.074 | Q30: 1. Материал: ABS+алюминиевый сплав+силикон 2. Поверхность: текстурирование + оксидирование. 3. Размер: 108*94*97mm; Вес: 83g 4. Для телефонов 4.5-7 дюймов (ширина зажима: 68-88mm) 5. Тип крепления: панель приборов. | R30: http://gofile.me/649X4/yrhDpXmUn | S30: -
A31: BH118 Refined автомобильный держатель (air outlet) | D31: 6941991114441 | E31: черный металлик | F31: 228.33 | H31: =IF(ISBLANK(G31),"",IF(ISNUMBER(F31),ROUND(F31*G31,2),"Укажите цену")) | I31: 125 | J31: 10.4 | K31: 15.2*9.5*7.4 | L31: отсутствует | M31: нет данных | N31: 75 | O31: 48.2*38.6*40 | P31: 0.074 | Q31: 1. Материал: ABS+алюминиевый сплав+силикон 2. Поверхность: текстурирование + оксидирование. 3. Размер: 111*95*95mm; Вес: 77g 4. Для телефонов 4.5-7 дюймов (ширина зажима: 68-88mm) 5. Тип крепления: воздуховод. | R31: http://gofile.me/649X4/cqw0dJIPs | S31: -
A32: BH105 Crown универсальный держатель для мотоцикла | D32: 6941991108600 | E32: черный | F32: 236.49 | H32: =IF(ISBLANK(G32),"",IF(ISNUMBER(F32),ROUND(F32*G32,2),"Укажите цену")) | I32: 195 | J32: 16.2 | K32: 19.7*10.6*8.2 | L32: отсутствует | M32: нет данных | N32: 75 | O32: 63.9*44.8*46.3 | P32: 0.133 | Q32: 1. Материал: ABS+силикон 2. Поверхность: текстурирование 3. Размер: 115*93*153mm; Вес: 128g 4. Для телефонов 4.7-7.0 дюймов (ширина зажима: 60-80mm, длина: 135-185mm, диаметр места крепления: 22-32mm) 5. Место крепления: мотоцикл, велосипед, коляска. | R32: http://gofile.me/649X4/NmvvSjJFn | S32: -
A33: BH103 Cloud магнитный автомобильный держатель(панель приборов) | D33: 6941991108037 | E33: черный | F33: 97.86 | H33: =IF(ISBLANK(G33),"",IF(ISNUMBER(F33),ROUND(F33*G33,2),"Укажите цену")) | I33: 64 | J33: 14.5 | K33: 12.9*8.8*3.6 | L33: 48 | M33: 56.3*23.3*16 | N33: 192 | O33: 57.8*33.7*49 | P33: 0.095 | Q33: 1. Материал: ABS+PC+силикон. 2. Поверхность: текстурирование 3. Размер: 62*43*54мм. Вес: 33г. 4. Подходит для телефонов 4.5-7.0 дюймов. 5. Тип крепления: панель приборов. | R33: http://gofile.me/649X4/dQwXRGYyi | S33: -
A34: BH102 Cloud магнитный автомобильный держатель(воздуховод) | D34: 6941991108020 | E34: черный | F34: 106.01 | H34: =IF(ISBLANK(G34),"",IF(ISNUMBER(F34),ROUND(F34*G34,2),"Укажите цену")) | I34: 69 | J34: 15.35 | K34: 12.9*8.8*3.6 | L34: 48 | M34: 56.3*23.3*16 | N34: 192 | O34: 57.8*33.7*49 | P34: 0.095 | Q34: 1. Материал: ABS+PC+силикон. 2. Поверхность: текстурирование 3. Размер: 43*43*66мм. Вес: 38г. 4. Подходит для телефонов 4.5-7.0 дюймов. 5. Тип крепления: воздуховод. | R34: http://gofile.me/649X4/fPIVoENwx | S34: -
A35: BH97 NT Ice магнитный автомобильный держатель (приборная панель) | D35: 6941991105418 | E35: черный/серый | F35: 260.95 | H35: =IF(ISBLANK(G35),"",IF(ISNUMBER(F35),ROUND(F35*G35,2),"Укажите цену")) | I35: 222 | J35: 19.7 | K35: 14.5*10.7*7.7 | L35: отсутствует | M35: нет данных | N35: 84 | O35: 57.8*33.7*49 | P35: 0.095 | Q35: 1, Материал: ABS+ силикон 2, Поверхность: текстурирование + покраска 3, Размер: 138*68*83mm 4. Вес: 150g 5, Для телефонов 4.5-7 дюймов. (нагрузка до: 500g) 6. Крепление: панель приборов автомобиля. | R35: http://gofile.me/649X4/fmKszFJAp | S35: -
A36: BH96 NT Ice магнитный автомобильный держатель (воздуховод) | D36: 6941991105401 | E36: черный/серый | F36: 228.33 | H36: =IF(ISBLANK(G36),"",IF(ISNUMBER(F36),ROUND(F36*G36,2),"Укажите цену")) | I36: 108 | J36: 18.55 | K36: 14.7*9.6*3.5 | L36: 38 | M36: 56.3*23.3*16 | N36: 152 | O36: 57.8*33.7*49 | P36: 0.095 | Q36: 1, Материал: ABS+ силикон 2, Поверхность: текстурирование + покраска 3. Размер: 52*52*90mm 4, Вес: 70g 5, Для телефонов 4.5-7 дюймов. (нагрузка до: 500g) 6. Крепление: воздуховод автомобиля. | R36: http://gofile.me/649X4/CG4sN0LX5 | S36: -
A37: BH93 Grand автомобильный держатель (панель приборов) | D37: 6941991103698 | E37: черный | F37: 187.56 | H37: =IF(ISBLANK(G37),"",IF(ISNUMBER(F37),ROUND(F37*G37,2),"Укажите цену")) | I37: 229 | J37: 12.9 | K37: 17.5*11.6*8.5 | L37: отсутствует | M37: нет данных | N37: 52 | O37: 57.8*33.7*49 | P37: 0.095 | Q37: 1, Материал: ABS+ силикон 2, Поверхность: текстурирование 3. Размер: 164*105*108мм 4, Вес: 155г 5, Для телефонов 4.5-7 дюймов (ширина зажима: 60-85мм) 6,Тип крепления: панель приборов | R37: http://gofile.me/649X4/EFyFZtxwK | S37: -
A38: BH92 Grand автомобильный держатель (воздуховод) | D38: 6941991103681 | E38: черный | F38: 127.21 | H38: =IF(ISBLANK(G38),"",IF(ISNUMBER(F38),ROUND(F38*G38,2),"Укажите цену")) | I38: 124 | J38: 12.1 | K38: 18*10.6*5.5 | L38: отсутствует | M38: нет данных | N38: 90 | O38: 57.8*33.7*49 | P38: 0.095 | Q38: 1, Материал: ABS+ силикон 2, Поверхность: текстурирование 3. Размер: 94*105*108мм 4, Вес: 73г 5, Для телефонов 4.5-7 дюймов (ширина зажима: 60-85мм) 6,Тип крепления: воздуховод | R38: http://gofile.me/649X4/3u3IG5RiO | S38: http://gofile.me/649X4/JQR2qqyVi
A39: BH85 Experience автомобильный держатель (приборная панель) | D39: 6941991100246 | E39: черный | F39: 220.18 | H39: =IF(ISBLANK(G39),"",IF(ISNUMBER(F39),ROUND(F39*G39,2),"Укажите цену")) | I39: 200 | J39: 16.9 | K39: 14.6*10.7*7.5 | L39: отсутствует | M39: нет данных | N39: 80 | O39: 57.8*33.7*49 | P39: 0.095 | Q39: 1. Материал: ABS+силикон. 2. Поверхность: текстурирование. 3, Размер: 108*153*101мм. 4. Вес: 145г. 5, Для телефонов 4.7-7дюймов (ширина зажима: 53-90мм). 6. Тип крепления: приборная панель авто. | R39: http://gofile.me/649X4/C5nudbMWY | S39: -
A40: BH74 Rock гравитационный автомобильный держатель для воздуховода | D40: 6974443386844 | E40: черный | F40: 130.48 | H40: =IF(ISBLANK(G40),"",IF(ISNUMBER(F40),ROUND(F40*G40,2),"Укажите цену")) | I40: 85 | J40: 9.5 | K40: 17.5*10.5*5 | L40: отсутствует | M40: нет данных | N40: 99 | O40: 57.8*33.7*49 | P40: 0.095 | Q40: 1. Материал: ABS+силикон. 2. Поверхность: текстурирование + окрашивание. 3. Размер: 92*88*88мм; вес: 44г. 4. Для телефонов 4.7-7.0 дюймов (зажим: 66-85мм). 5. Крепление: воздуховод автомобиля. | R40: http://hoco.i234.me:8000/sharing/J3VvLHWas | S40: -
A41: BH73 Charm автомобильный держатель для панели приборов | D41: 6974443386318 | E41: черный | F41: 277.26 | H41: =IF(ISBLANK(G41),"",IF(ISNUMBER(F41),ROUND(F41*G41,2),"Укажите цену")) | I41: 245 | J41: 16.95 | K41: 21.1*12.1*7.5 | L41: отсутствует | M41: нет данных | N41: 63 | O41: 63.9*44.8*46.3 | P41: 0.133 | Q41: 1. Материал: PC+ABS+силикон. 2. Поверхность: текстурирование. 3. Размер: 100*66*260мм; Вес: 185г. 4. Для телефонов 4.5-7.0 дюймов (ширина зажима: 55-95мм). 5. Крепление: панель приборов, ветровое стекло. | R41: http://hoco.i234.me:8000/sharing/PNvyhVHxp | S41: -
A42: BH69 автомобильный держатель для воздуховода | D42: 6974443384413 | E42: черный | F42: 212.02 | H42: =IF(ISBLANK(G42),"",IF(ISNUMBER(F42),ROUND(F42*G42,2),"Укажите цену")) | I42: 145 | J42: 11.85 | K42: 17.5*11*6.1 | L42: отсутствует | M42: нет данных | N42: 75 | O42: 57.8*33.7*49 | P42: 0.095 | Q42: 1. Материал: ABS+силикон. 2. Поверхность: текстурирование. 3. Размер: 106*107*106мм; вес: 97г. 4, Для телефонов 4.5-7дюймов, зажим: 64-95мм. 5. Крепление: воздуховод. | R42: http://hoco.i234.me:8000/sharing/QsLqJ82Wy | S42: -
A43: BH60 Dainty автомобильный держатель для панели приборов | D43: 6974443382754 | E43: черный | F43: 220.18 | H43: =IF(ISBLANK(G43),"",IF(ISNUMBER(F43),ROUND(F43*G43,2),"Укажите цену")) | I43: 241 | J43: 17.35 | K43: 17.3*11*8 | L43: отсутствует | M43: нет данных | N43: 68 | O43: 57.8*33.7*49 | P43: 0.095 | Q43: 1. Материал: ABS + силикон. 2. Технология обработки поверхности: текстурирование. 3. Размер: 162 * 106 * 115 мм. 4. Вес: 190 г. 5. Подходит для мобильных телефонов 4,5-7 дюймов (диапазон зажима: 64-95 мм). 6. Применимые сценарии: центральная консоль автомобиля, лобовое стекло. | R43: http://hoco.i234.me:8000/sharing/m0SFRzV1X | S43: http://gofile.me/649X4/44hmMA8MM
A44: BH54 Racer автомобильный держатель для ветрового стекла | D44: 6931474752895 | E44: черный серый | F44: 326.19 | H44: =IF(ISBLANK(G44),"",IF(ISNUMBER(F44),ROUND(F44*G44,2),"Укажите цену")) | I44: 234 | J44: 16.8 | K44: 17.4*10*8.2 | L44: отсутствует | M44: нет данных | N44: 64 | O44: 57.8*37.7*49 | P44: 0.095 | Q44: 1. Материал: PC+ABS+ силикон + PVC. 2. Технология обработки поверхности: текстурирование + гальваника. 3. Размер: 100 * 73 * 345 м. 4. Вес: 170 г. 5. Подходит для мобильных телефонов 4,5-6,7 дюймов, зажим: 55-90 мм. 6. Применение: специально для лобового стекла автомобиля. 7. Удлиненная штанга для стабильной адсорбции. | R44: http://hoco.i234.me:8000/sharing/muC1nGHt1 | S44: -
A45: BH53 Windy автомобильный держатель для панели приборов | D45: 6931474751867 | E45: черный / серый | F45: 244.64 | H45: =IF(ISBLANK(G45),"",IF(ISNUMBER(F45),ROUND(F45*G45,2),"Укажите цену")) | I45: 238 | J45: 12.26 | K45: 21*11*7.5 | L45: отсутствует | M45: нет данных | N45: 48 | O45: 57.8*33.7*45 | P45: 0.095 | Q45: 1. Материал: ABS + кожа. 2. Технология обработки поверхности: текстурирование + гальваника. 3. Размер: 100 * 73 * 170 мм. 4. Вес: 170 г. 5. Зажим: 55-90 мм, подходит для мобильных телефонов 4,5-6,7 дюймов. 6. Крепление: приборная панель автомобиля, лобовое стекло и т. д. | R45: http://hoco.i234.me:8000/sharing/TQnVFaZP5 | S45: http://gofile.me/649X4/2mFXTbkb7
A46: BH40 Kyle магнитный автомобильный держатель для воздуховода | D46: 6931474740243 | E46: черный | F46: 163.09 | H46: =IF(ISBLANK(G46),"",IF(ISNUMBER(F46),ROUND(F46*G46,2),"Укажите цену")) | I46: 88 | J46: 13.02 | K46: 16.2*9*4.3 | L46: отсутствует | M46: нет данных | N46: 140 | O46: 57.8*33.7*49 | P46: 0.095 | Q46: 1. Материал: алюминиевый сплав + ABS + силикон. 2. Технология поверхности: оксидирование + текстурирование. 3. Размер: 59 * 40 * 57 мм. 4. Вес: 41 г. 5. Магнит: N38 * 5, нагрузка: 500 г. 6. Применимо: мобильный телефон 4,7-6,5-дюймов. 7. Крепление: воздуховод. | R46: http://hoco.i234.me:8000/sharing/kWtM2DYqq | S46: http://gofile.me/649X4/79mLe5wb7
A47: BH39 Amazing bay автомобильный держатель телефона для приборной панели | D47: 6931474742506 | E47: черный | F47: 228.33 | H47: =IF(ISBLANK(G47),"",IF(ISNUMBER(F47),ROUND(F47*G47,2),"Укажите цену")) | I47: 206 | J47: 15.91 | K47: 15.5*10.8*8 | L47: отсутствует | M47: нет данных | N47: 73 | O47: 57.8*33.7*49 | P47: 0.095 | Q47: 1. Материал: ABS+PC. 2. Поверхность: текстурирование. 3. Размер: 155 * 88 * 108мм. 4. Вес: 155г. 5. Совместимость: мобильные телефоны 4,5-6,5-дюймов, зажим: 55-85мм. 6. Применение: центральная консоль, лобовое стекло. | R47: http://hoco.i234.me:8000/sharing/REAlpVDHb | S47: -
A48: BH38 Magic bay автомобильный держатель телефона для приборной панели | D48: 6931474742490 | E48: черный | F48: 228.33 | H48: =IF(ISBLANK(G48),"",IF(ISNUMBER(F48),ROUND(F48*G48,2),"Укажите цену")) | I48: 226 | J48: 13.6 | K48: 20*11*7.1 | L48: отсутствует | M48: нет данных | N48: 56 | O48: 57.8*33.7*49 | P48: 0.095 | Q48: 1. Материал: ABS+PC. 2. Поверхность: текстурирование. 3. Размер: 158*85*108мм. 4. Вес: 161г. 5. Совместимость: мобильные телефоны 4,5-7-дюймов, зажим: 60-90мм. 6. Применение: центральная консоль, лобовое стекло. | R48: http://hoco.i234.me:8000/sharing/BZ9JemPuk | S48: -
... A53: BH7 Plane магнитный автомобильный держатель | D53: 6931474701985 | E53: черный | F53: 106.01 | H53: =IF(ISBLANK(G53),"",IF(ISNUMBER(F53),ROUND(F53*G53,2),"Укажите цену")) | I53: 52 | J53: 15.82 | K53: 16.2*9.1*2 | L53: отсутствует | M53: нет данных | N53: 300 | O53: 57.7*37.5*44 | P53: 0.095 | Q53: 1. Материал изготовления: алюминиевый сплав. 2. Обработка: алюминиевый сплав + оксидирование + силиконовая площадка. 3. Размеры: 33.5мм*8мм. Вес: 20.6 г. 4. Магнитный держатель. 5. Применение: для приборной панели. | R53: http://hoco.i234.me:8000/sharing/ZTwSmaQUc | S53: -
F54: Итого к оплате, ₽ | H54: =IF(COUNTIFS(H5:H53,"Укажите цену")>0,"Укажите цены",SUM(H5:H53)) -> 0

Sheet Автозарядки и аксессуары
A2: Автозарядки и аксессуары
A3: Наименование | B3: Фото товара | C3: Упаковка | D3: Артикул / штрихкод | E3: Цвет | F3: цена | G3: Количество к заказу | H3: Сумма заказа, ₽ | I3: Вес G.W.(г) | J3: Вес большой коробки (кг) | K3: Рзмер индивидуальной упаковки (см) | L3: Кол-во в средней коробке (шт) | M3: Размер средней коробки (см) | N3: Кол-во в большой коробке (шт) | O3: Размер большой коробки (см) | P3: VOLUME (cbm) | Q3: Описание | R3: Сыллка на фото | S3: Ссылка на видео
A4: Автомобильные аксессуары
A5: FC5 car parking sign | D5: 6941991129612 | E5: черный | F5: 73.39 | H5: =IF(ISBLANK(G5),"",IF(ISNUMBER(F5),ROUND(F5*G5,2),"Укажите цену")) | I5: 56 | J5: 16.8 | K5: 15.6*9.1*2 | L5: 65 | M5: 56.3*23.3*16 | N5: 260 | O5: 57.8*33.7*49 | P5: 0.095 | Q5: 1. Материал: ABS+PC. 2. Обработка поверхности: текстурированное напыление. 3. Размер: 128 x 35 x 17.5 мм; вес: 32 г. 4. Применение: приборная панель автомобиля. 5. Совместим со всеми моделями автомобилей. 6. 4-значная комбинация. | R5: http://gofile.me/649X4/xRF7MyVv5 | S5: -
A6: FC3 Ronny парковочная табличка | D6: 6941991118760 | E6: чёрный металлик | F6: 101.12 | H6: =IF(ISBLANK(G6),"",IF(ISNUMBER(F6),ROUND(F6*G6,2),"Укажите цену")) | I6: 48 | J6: 10.6 | K6: 16.3*9.2*3 | L6: 44 | M6: 56.3*23.3*16 | N6: 176 | O6: 57.8*33.7*49 | P6: 0.095 | Q6: 1. Материал: ABS+алюминиевый сплав 2. Поверхность: текстурирование + оксидирование 3. Размер: 130*20*16mm; Вес: 19g 4. Применение: любые транспортные средства 5. Применение: информационная панель для авто. | R6: http://gofile.me/649X4/AsnbTUVXw | S6: -
A8: Автомобильное зарядное устройство
A9: BZ35 Leader 30W(2C2A) автомобильное зарядное устройство | D9: 6941991127762 | E9: черный | F9: 228.33 | H9: =IF(ISBLANK(G9),"",IF(ISNUMBER(F9),ROUND(F9*G9,2),"Укажите цену")) | I9: 58 | J9: 11.74 | K9: 16.4*9.1*3 | L9: 42 | M9: 56.3*23.3*16 | N9: 168 | O9: 57.8*33.7*49 | P9: 0.095 | Q9: 1. Материал: огнеупорный РС 2. Размер: 80 * 42 * 26.5mm; Вес: 31g 3. Выход: USB-C1/C2:5V/3A; USB-A1/A2：5V/2.4A； (USB-C1+USB-A1)+(USB-C2+USB-A2)：15W+15W | R9: http://gofile.me/649X4/e3tnGmVqR | S9: -
A10: BZ35 Leader 30W(2C2A) автомобильное зарядное устройство набор (iP) | D10: 6941991127779 | E10: черный | F10: 274 | H10: =IF(ISBLANK(G10),"",IF(ISNUMBER(F10),ROUND(F10*G10,2),"Укажите цену")) | I10: 80 | J10: 15.68 | K10: 16.4*9.1*3 | L10: 42 | M10: 56.3*23.3*16 | N10: 168 | O10: 57.8*33.7*49 | P10: 0.095 | Q10: 1. Материал: огнеупорный РС 2. Размер: 80 * 42 * 26.5mm; общий вес: 51g 3. Выход: USB-C1/C2:5V/3A; USB-A1/A2：5V/2.4A； (USB-C1+USB-A1)+(USB-C2+USB-A2)：15W+15W 4. Набор с кабелем 1m Lightning | R10: http://gofile.me/649X4/hZ0N2CKpm | S10: -
A11: BZ34 CloudQC3.0 автомобильное зарядное устройство | D11: 6941991122255 | E11: черный | F11: 101.12 | H11: =IF(ISBLANK(G11),"",IF(ISNUMBER(F11),ROUND(F11*G11,2),"Укажите цену")) | I11: 32 | J11: 14 | K11: 10.2*7.2*3.2 | L11: 94 | M11: 56.3*23.3*16 | N11: 376 | O11: 57.8*33.7*49 | P11: 0.095 | Q11: 1. Материал: ABS 2. Размер: 61.5 * 28 * 26mm, Вес: 16g 3. Выход: USB-A: 18W (QC/FCP/AFC） | R11: http://gofile.me/649X4/eASdBxGQt | S11: -
D12: 6941991122262 | E12: белый | F12: 101.12 | H12: =IF(ISBLANK(G12),"",IF(ISNUMBER(F12),ROUND(F12*G12,2),"Укажите цену"))
A13: BZ34 CloudQC3.0 автомобильное зарядное устройство набор (Micro) | D13: 6941991122279 | E13: черный | F13: 122.32 | H13: =IF(ISBLANK(G13),"",IF(ISNUMBER(F13),ROUND(F13*G13,2),"Укажите цену")) | I13: 60 | J13: 24.9 | K13: 10.2*7.2*3.2 | L13: 94 | M13: 56.3*23.3*16 | N13: 376 | O13: 57.8*33.7*49 | P13: 0.095 | Q13: 1. Материал: ABS 2. Размер: 61.5 * 28 * 26mm, Общий вес: 41g 3. Выход: USB-A: 18W (QC/FCP/AFC） 4. Набор с кабелем 1м Micro. | R13: http://gofile.me/649X4/lHfvLX99C | S13: -
D14: 6941991122286 | E14: белый | F14: 122.32 | H14: =IF(ISBLANK(G14),"",IF(ISNUMBER(F14),ROUND(F14*G14,2),"Укажите цену"))
A15: BZ34 CloudQC3.0 автомобильное зарядное устройство набор (Type-C) | D15: 6941991122293 | E15: черный | F15: 127.21 | H15: =IF(ISBLANK(G15),"",IF(ISNUMBER(F15),ROUND(F15*G15,2),"Укажите цену")) | I15: 60 | J15: 24.8 | K15: 10.2*7.2*3.2 | L15: 94 | M15: 56.3*23.3*16 | N15: 376 | O15: 57.8*33.7*49 | P15: 0.095 | Q15: 1. Материал: ABS 2. Размер: 61.5 * 28 * 26mm, Общий вес: 41g 3. Выход: USB-A: 18W (QC/FCP/AFC） 4. Набор с кабелем 1м Type-C. | R15: http://gofile.me/649X4/mg19RSvjB | S15: -
D16: 6941991122309 | E16: белый | F16: 127.21 | H16: =IF(ISBLANK(G16),"",IF(ISNUMBER(F16),ROUND(F16*G16,2),"Укажите цену"))
A17: BZ34A Cloud PD20W автомобильное зарядное устройство | D17: 6941991122316 | E17: черный | F17: 104.38 | H17: =IF(ISBLANK(G17),"",IF(ISNUMBER(F17),ROUND(F17*G17,2),"Укажите цену")) | I17: 32 | J17: 14 | K17: 10.2*7.2*3.2 | L17: 94 | M17: 56.3*23.3*16 | N17: 376 | O17: 57.8*33.7*49 | P17: 0.095 | Q17: 1. Материал: ABS 2. Размер: 61.5 * 28 * 26mm, Вес: 16g 3. Выход: USB-C: 20W (PD/QC/FCP/AFC） | R17: http://gofile.me/649X4/PPSTUMFjL | S17: -
D18: 6941991122323 | E18: белый | F18: 104.38 | H18: =IF(ISBLANK(G18),"",IF(ISNUMBER(F18),ROUND(F18*G18,2),"Укажите цену"))
A19: BZ34A Cloud PD20W автомобильное зарядное устройство набор (C на iP) | D19: 6941991122330 | E19: черный | F19: 163.09 | H19: =IF(ISBLANK(G19),"",IF(ISNUMBER(F19),ROUND(F19*G19,2),"Укажите цену")) | I19: 57 | J19: 23.8 | K19: 10.2*7.2*3.2 | L19: 94 | M19: 56.3*23.3*16 | N19: 376 | O19: 57.8*33.7*49 | P19: 0.095 | Q19: 1. Материал: ABS 2. Размер: 61.5 * 28 * 26mm, Общий вес: 41g 3. Выход: USB-C: 20W (PD/QC/FCP/AFC） 4. Набор с кабелем 1м C на iP. | R19: http://gofile.me/649X4/KMcClIZZV | S19: -
A20: BZ34A Cloud PD20W автомобильное зарядное устройство набор (C на C) | D20: 6941991122354 | E20: черный | F20: 141.89 | H20: =IF(ISBLANK(G20),"",IF(ISNUMBER(F20),ROUND(F20*G20,2),"Укажите цену")) | I20: 58 | J20: 23.8 | K20: 10.2*7.2*3.2 | L20: 94 | M20: 56.3*23.3*16 | N20: 376 | O20: 57.8*33.7*49 | P20: 0.095 | Q20: 1. Материал: ABS 2. Размер: 61.5 * 28 * 26mm, Общий вес: 41g 3. Выход: USB-C: 20W (PD/QC/FCP/AFC） 4. Набор с кабелем 1м C на C 60W. | R20: http://gofile.me/649X4/VtGQE0Hbm | S20: -
A21: BZ34B Cloud PD38W(1C1A) автомобильное зарядное устройство | D21: 6941991122378 | E21: черный | F21: 127.21 | H21: =IF(ISBLANK(G21),"",IF(ISNUMBER(F21),ROUND(F21*G21,2),"Укажите цену")) | I21: 35 | J21: 15.1 | K21: 10.2*7.2*3.2 | L21: 94 | M21: 56.3*23.3*16 | N21: 376 | O21: 57.8*33.7*49 | P21: 0.095 | Q21: 1. Материал: ABS 2. Размер: 61.5 * 28 * 26mm, Вес: 20g 3. Выход: USB-C: 20W (PD/QC/FCP/AFC). USB-A: 18W (QC/FCP/AFC). USB-C+USB-A=20W+18W | R21: http://gofile.me/649X4/rtuc0W4i2 | S21: -
D22: 6941991122385 | E22: белый | F22: 127.21 | H22: =IF(ISBLANK(G22),"",IF(ISNUMBER(F22),ROUND(F22*G22,2),"Укажите цену"))
A23: BZ34B Cloud PD38W(1C1A) автомобильное зарядное устройство набор (C на iP) | D23: 6941991122392 | E23: черный | F23: 185.93 | H23: =IF(ISBLANK(G23),"",IF(ISNUMBER(F23),ROUND(F23*G23,2),"Укажите цену")) | I23: 61 | J23: 25.2 | K23: 10.2*7.2*3.2 | L23: 94 | M23: 56.3*23.3*16 | N23: 376 | O23: 57.8*33.7*49 | P23: 0.095 | Q23: 1. Материал: ABS 2. Размер: 61.5 * 28 * 26mm, Общий вес: 45g 3. Выход: USB-C: 20W (PD/QC/FCP/AFC). USB-A: 18W (QC/FCP/AFC). USB-C+USB-A=20W+18W 4. Набор с кабелем 1м C на iP. | R23: http://gofile.me/649X4/u67B8745R | S23: -
D24: 6941991122408 | E24: белый | F24: 185.93 | H24: =IF(ISBLANK(G24),"",IF(ISNUMBER(F24),ROUND(F24*G24,2),"Укажите цену"))
A25: BZ34B Cloud PD38W(1C1A) автомобильное зарядное устройство набор (C на C) | D25: 6941991122415 | E25: черный | F25: 164.73 | H25: =IF(ISBLANK(G25),"",IF(ISNUMBER(F25),ROUND(F25*G25,2),"Укажите цену")) | I25: 61 | J25: 25 | K25: 10.2*7.2*3.2 | L25: 94 | M25: 56.3*23.3*16 | N25: 376 | O25: 57.8*33.7*49 | P25: 0.095 | Q25: 1. Материал: ABS 2. Размер: 61.5 * 28 * 26mm, Общий вес: 45g 3. Выход: USB-C: 20W (PD/QC/FCP/AFC). USB-A: 18W (QC/FCP/AFC). USB-C+USB-A=20W+18W 4. Набор с кабелем 1м C на C 60W | R25: http://gofile.me/649X4/l7vmUSaeW | S25: -
D26: 6941991122422 | E26: белый | F26: 164.73 | H26: =IF(ISBLANK(G26),"",IF(ISNUMBER(F26),ROUND(F26*G26,2),"Укажите цену"))
A27: BZ32 Fresh автомобильное зарядное устройство с одним портом PD30W | D27: 6941991118517 | E27: металлик | F27: 159.83 | H27: =IF(ISBLANK(G27),"",IF(ISNUMBER(F27),ROUND(F27*G27,2),"Укажите цену")) | I27: 45 | J27: 9.7 | K27: 16.3*9*3 | L27: 42 | M27: 56.3*23.3*16 | N27: 168 | O27: 57.8*33.7*49 | P27: 0.095 | Q27: 1. Материал: алюминиевый сплав 2. Выход: USB-C: 30W (PD/QC/FCP/AFC) 3. Размер: 61.5*27.5mm; Вес: 29g | R27: http://gofile.me/649X4/46gVH3f5u | S27: -
A28: BZ32A Fresh PD30W+QC3.0 автомобильное зарядное устройство | D28: 6941991118579 | E28: металлик | F28: 215.28 | H28: =IF(ISBLANK(G28),"",IF(ISNUMBER(F28),ROUND(F28*G28,2),"Укажите цену")) | I28: 49 | J28: 10.3 | K28: 16.3*9*3 | L28: 42 | M28: 56.3*23.3*16 | N28: 168 | O28: 57.8*33.7*49 | P28: 0.095 | Q28: 1. Материал: алюминиевый сплав 2. Выход: USB-C: 30W (PD/QC/FCP/AFC); USB-A：18W（QC/FCP/AFC）； USB-C+USB-A=5V/3A 3. Размер: 53*25mm; Вес: 20g | R28: http://gofile.me/649X4/DpLIavbMD | S28: -
A29: BZ32B Fresh 48W автомобильное зарядное устройство с 2 портами PD30W+QC3.0 | D29: 6941991118630 | E29: металлик | F29: 257.69 | H29: =IF(ISBLANK(G29),"",IF(ISNUMBER(F29),ROUND(F29*G29,2),"Укажите цену")) | I29: 56 | J29: 11.6 | K29: 16.3*9*3 | L29: 42 | M29: 56.3*23.3*16 | N29: 168 | O29: 57.8*33.7*49 | P29: 0.095 | Q29: 1. Материал: алюминиевый сплав 2. Выход: USB-C: 30W (PD/QC/FCP/AFC); USB-A：18W（QC/FCP/AFC）； USB-C+USB-A=30W+18W 3. Размер: 61.5*27.5mm; Вес: 29g | R29: http://gofile.me/649X4/zoL66VEDJ | S29: -
A30: BZ28A Trophie PD30W+QC3.0 автомобильное зарядное устройство | D30: 6941991110818 | E30: черный | F30: 208.76 | H30: =IF(ISBLANK(G30),"",IF(ISNUMBER(F30),ROUND(F30*G30,2),"Укажите цену")) | I30: 50 | J30: 9.5 | K30: 16.4*9*3.4 | L30: 37 | M30: 56.3*23.3*16 | N30: 148 | O30: 57.8*33.7*49 | P30: 0.095 | Q30: 1. Вход: DC12-24V 2. Выход: Type-C: 30W (PD/QC/FCP/AFC); USB-A：18W（QC/FCP/AFC）； Type-C+USB-A=5V/3A 3. Материал: огнеупорный PC. 4. Размер: 73*30mm; Вес: 20g | R30: http://gofile.me/649X4/BCzW1xtQH | S30: -
A31: BZ28C Trophie PD60W(2C1A) автомобильное зарядное устройство | D31: 6941991110870 | E31: черный | F31: 298.46 | H31: =IF(ISBLANK(G31),"",IF(ISNUMBER(F31),ROUND(F31*G31,2),"Укажите цену")) | I31: 57 | J31: 10.6 | K31: 16.4*9*3.4 | L31: 37 | M31: 56.3*23.3*16 | N31: 148 | O31: 57.8*33.7*49 | P31: 0.095 | Q31: 1. Вход: DC12-24V 2. Выход: Type-C 1/2: 30W (PD/QC/FCP/AFC); USB-A：18W（QC/FCP/AFC）； C1+A=30W+18W； C2+A=5V/3A； C1+C2=30W+30W； C1+(C2+A)=30W+15W 3. Материал: огнеупорный PC. 4. Размер: 73*37mm; Вес: 25g | R31: http://gofile.me/649X4/CP9KUQ6sy | S31: -
A32: BZ25 Journey PD38W(1C1A) car charger | D32: 6941991106965 | E32: прозрачный черный | F32: 138.63 | H32: =IF(ISBLANK(G32),"",IF(ISNUMBER(F32),ROUND(F32*G32,2),"Укажите цену")) | I32: 54 | J32: 23.26 | K32: 10.3*7.2*3 | L32: 98 | M32: 56.3*23.3*16 | N32: 392 | O32: 57.8*33.7*49 | P32: 0.095 | Q32: 1, Вход: DC12-24V 2, Выход: Type-C: 20W(PD/QC/FCP/AFC); USB-A：18W（QC/FCP/AFC）； Type-C+USB-A=20W+18W 3. Материал: огнеупорный материал РС + алюминиевый сплав. 4, Размер: 63 * 27mm; Вес: 16g | R32: http://gofile.me/649X4/VY578Gzew | S32: -
